Workbook
Name \A: #REF!
Name \A: #REF!
Name \L: #REF!
Name \L: #REF!
Name \P: #REF!
Name \P: #REF!
Name \s: #REF!
Name \s: #REF!
Name \X: #N/A
Name \X: #N/A
Name \X: #N/A
Name \X: #N/A
Name \X: #N/A
Name \X: #N/A
Name \X: #N/A
Name \X: #N/A
Name \X: #N/A
Name \Z: #N/A
Name \Z: #N/A
Name \Z: #N/A
Name \Z: #N/A
Name \Z: #N/A
Name \Z: #N/A
Name \Z: #N/A
Name \Z: #N/A
Name \Z: #N/A
Name _______________AFC1: [1]INV!$A$25:$D$28
Name _______________AFC3: [1]INV!$F$25:$I$28
Name _______________AFC5: [1]INV!$K$25:$N$28
Name _______________BGC1: [1]INV!$A$5:$D$8
Name _______________BGC3: [1]INV!$F$5:$I$8
Name _______________BGC5: [1]INV!$K$5:$N$8
Name _______________CAC1: [1]INV!$A$19:$D$22
Name _______________CAC3: [1]INV!$F$19:$I$22
Name _______________CAC5: [1]INV!$K$19:$N$22
Name _______________oa55: #REF!
Name _______________oa55: #REF!
Name _______________SBC1: [1]INV!$A$12:$D$15
Name _______________SBC3: [1]INV!$F$12:$I$15
Name _______________SBC5: [1]INV!$K$12:$N$15
Name ______________AFC1: [1]INV!$A$25:$D$28
Name ______________AFC3: [1]INV!$F$25:$I$28
Name ______________AFC5: [1]INV!$K$25:$N$28
Name ______________BGC1: [1]INV!$A$5:$D$8
Name ______________BGC3: [1]INV!$F$5:$I$8
Name ______________BGC5: [1]INV!$K$5:$N$8
Name ______________CAC1: [1]INV!$A$19:$D$22
Name ______________CAC3: [1]INV!$F$19:$I$22
Name ______________CAC5: [1]INV!$K$19:$N$22
Name ______________oa55: #REF!
Name ______________oa55: #REF!
Name ______________SBC1: [1]INV!$A$12:$D$15
Name ______________SBC3: [1]INV!$F$12:$I$15
Name ______________SBC5: [1]INV!$K$12:$N$15
Name _____________AFC1: [1]INV!$A$25:$D$28
Name _____________AFC3: [1]INV!$F$25:$I$28
Name _____________AFC5: [1]INV!$K$25:$N$28
Name _____________BGC1: [1]INV!$A$5:$D$8
Name _____________BGC3: [1]INV!$F$5:$I$8
Name _____________BGC5: [1]INV!$K$5:$N$8

Sheet 201.7
K1: CÓDIGO | L1: MINFRA-MN-IN-10-FR-1
C2: INSTITUTO NACIONAL DE VIAS
C3: PROCESO GESTIÓN DE LA INFRAESTRUCTURA VIAL | K3: VERSIÓN | L3: 1
C4: MANUAL DE INTERVENTORÍA OBRA PÚBLICA
C5: ANÁLISIS DE PRECIOS UNITARIOS | K5: PÁGINA | M5: DE
K8: FECHA
L9: (Día) | M9: (Mes) | N9: (Año)
B10: ITEMS DE LA PROPUESTA ECONÓMICA | F10: □ | I10: ITEMS NO PREVISTOS | K10: □
B11: UNIDAD EJECUTORA: | J11: DIRECCIÓN TERRITORIAL:
B14: CONTRATO No. | D14: DE
B15: OBJETO DEL CONTRATO:
C16: =+'PRESUPUESTO OBRA'!A5 -> ATENCION OBRAS DE EMERGENCIA POR EL SISTEMA DE MONTO AGOTABLE EN LAS VÍAS A CARGO DE LA DIRECCION TERRITORIAL CUNDINAMARCA DEL INVIAS, DEPARTAMENTO DE CUNDINAMARCA
B18: CARRETERA: | J18: SECTOR:
B20: CONTRATISTA:
B22: INTERVENTOR: | K22: CTO No.: | M22: DE
B24: FECHA CIERRE PROCESO DE SELECCIÓN CONTRATO DE OBRA:
F25: (Día) | I25: (Mes) | J25: (Año)
B27: DATOS ESPECÍFICOS
B29: ITEM | C29: DESCRIPCIÓN | K29: GRUPO DE AJUSTE | L29: UNIDAD | N29: CANTIDAD
B30: ITEM | C30: DESCRIPCIÓN | L30: UNIDAD | N30: CANTIDAD
A31: Unidad | B31: 201.7 | C31: DEMOLICIÓN DE ESTRUCTURAS | L31: m3
B33: I. EQUIPO
B35: DESCRIPCIÓN | I35: TIPO | K35: TARIFA/HORA | L35: RENDIMIENTO | N35: Vr. UNITARIO
A36: C0010790 | B36: =+'[64]201.7'!$A10 -> Compresor 120 HP, con martillo. | K36: =+'[64]201.7'!$E10 -> 46372.04 | M36: =+'[64]201.7'!$F10 -> 2 | N36: =K36/M36 -> 23186.02
A37: C0010270 | B37: =+'[64]201.7'!$A11 -> Equipo de oxicorte, Capacidad de corte: hasta 6" (152mm) | K37: =+'[64]201.7'!$E11 -> 17528.092 | M37: =+'[64]201.7'!$F11 -> 2 | N37: =K37/M37 -> 8764.0459
A38: C0010330 | B38: =+'[64]201.7'!$A12 -> Cargador 920 o equivalente | K38: =+'[64]201.7'!$E12 -> 116974 | M38: =+'[64]201.7'!$F12 -> 6 | N38: =K38/M38 -> 19495.667
B42: HERRAMIENTA MENOR (%) | L42: 0.1 | N42: =N76*L42 -> 1421.6421
B43: SUBTOTAL $ | N43: =SUM(N36:N42) -> 52867.375
B45: II. MATERIALES
B47: DESCRIPCIÓN | J47: UNIDAD | K47: CANTIDAD | L47: PRECIO UNIT. | N47: Vr. UNITARIO
B54: SUBTOTAL $
B56: III. TRANSPORTES
B58: MATERIAL | H58: UNIDAD | I58: CANTIDAD (1) | J58: DISTANCIA (2) | K58: (1) * (2) | L58: TARIFA | N58: Vr. UNITARIO
A59: T0010032 | B59: Transporte de material de demolición | H59: m3k | I59: 1.2 | J59: 10 | K59: =I59*J59 -> 12 | L59: 1100 | N59: =K59*L59 -> 13200
B65: SUBTOTAL $ | N65: =N59+N60+N61+N62+N63 -> 13200
B67: IV. MANO DE OBRA
B69: TRABAJADOR | I69: JORNAL | J69: PRESTACIONES (%) | K69: JORNAL TOTAL | L69: RENDIMIENTO | N69: Vr. UNITARIO
A70: A0030020 | B70: Obrero (3) | I70: 73771.7 | J70: 185 | K70: =+I70*J70/100 -> 136477.64 | M70: 16 | N70: =K70/M70 -> 8529.8528
A71: A0040010 | B71: Oficial | I71: 49181.133 | J71: 185 | K71: =+I71*J71/100 -> 90985.097 | M71: 16 | N71: =K71/M71 -> 5686.5685
B76: SUBTOTAL $ | N76: =SUM(N70:N75) -> 14216.421
B78: TOTAL COSTO DIRECTO $ | N78: =N43+N54+N65+N76 -> 80283.796
B80: V. COSTOS INDIRECTOS
B82: Descripción | K82: Porcentaje | L82: Valor Total
B83: ADMINISTRACION | K83: 0.2 | L83: =N78*K83 -> 16056.759
B84: IMPREVISTOS | K84: 0.05 | L84: =N78*K84 -> 4014.1898
B85: UTILIDAD | K85: 0.05 | L85: =N78*K85 -> 4014.1898
B86: SUBTOTAL $ | N86: =L83+L84+L85 -> 24085.139
A88: PFinal01 | B88: Precio Unitario Total Aproximado al Peso $ | N88: =ROUND(N78+N86,0) -> 104369
E93: Firma
E94: Nombre:
E95: Representante Legal del Contratista o su Apoderado
E96: Matricula No. :
B98: OBSERVACIONES INTERVENTORÍA:
B104: APROBACIÓN POR INTERVENTORÍA
B105: Nota 1: Cuando se trate de Análisis de precios unitarios correspondientes a ítems de la propuesta económica aprobada, el Interventor aprueba el desglose de los componentes manteniendo el mismo precio unitario de cada ítem, cumpliendo con las especificaciones de construcción vigentes para el proyecto.
B107: Nota 2: Cuando se trate de Análisis de precios unitarios de ítems no previstos, el Interventor aprueba el desglose y precio unitario de cada ítem no previsto, exigiendo la aplicación de los costos correspondientes a insumos y tarifas de la propuesta económica inicial cuando estén contemplados, cumpliendo con las especificaciones de construcción vigente para el proyecto.
E113: Firma
E114: Nombre:
E115: Representante Legal del Interventor o su Apoderado
E116: Matricula No. :
B118: Original: Archivo de Gestión del Contrato (Subdirección Administrativa).
B119: Copias: Unidad Ejecutora, Contratista, Interventor y Dirección Territorial.

Sheet 201.15
K1: CÓDIGO | L1: MINFRA-MN-IN-10-FR-1
C2: INSTITUTO NACIONAL DE VIAS
C3: PROCESO GESTIÓN DE LA INFRAESTRUCTURA VIAL | K3: VERSIÓN | L3: 1
C4: MANUAL DE INTERVENTORÍA OBRA PÚBLICA
C5: ANÁLISIS DE PRECIOS UNITARIOS | K5: PÁGINA | M5: DE
K8: FECHA
L9: (Día) | M9: (Mes) | N9: (Año)
B10: ITEMS DE LA PROPUESTA ECONÓMICA | F10: □ | I10: ITEMS NO PREVISTOS | K10: □
B11: UNIDAD EJECUTORA: | J11: DIRECCIÓN TERRITORIAL:
B14: CONTRATO No. | D14: DE
B15: OBJETO DEL CONTRATO:
C16: =+'PRESUPUESTO OBRA'!A5 -> ATENCION OBRAS DE EMERGENCIA POR EL SISTEMA DE MONTO AGOTABLE EN LAS VÍAS A CARGO DE LA DIRECCION TERRITORIAL CUNDINAMARCA DEL INVIAS, DEPARTAMENTO DE CUNDINAMARCA
B18: CARRETERA: | J18: SECTOR:
B20: CONTRATISTA:
B22: INTERVENTOR: | K22: CTO No.: | M22: DE
B24: FECHA CIERRE PROCESO DE SELECCIÓN CONTRATO DE OBRA:
F25: (Día) | I25: (Mes) | J25: (Año)
B27: DATOS ESPECÍFICOS
B29: ITEM | C29: DESCRIPCIÓN | K29: GRUPO DE AJUSTE | L29: UNIDAD | N29: CANTIDAD
B30: ITEM | C30: DESCRIPCIÓN | L30: UNIDAD | N30: CANTIDAD
A31: Unidad | B31: 201.15 | C31: REMOCIÓN DE ALCANTARILLAS | L31: m
B33: I. EQUIPO
B35: DESCRIPCIÓN | I35: TIPO | K35: TARIFA/HORA | L35: RENDIMIENTO | N35: Vr. UNITARIO
A36: C0010765 | B36: =VLOOKUP(A36,[65]EQUIPOS!A6:D154,3,FALSE) -> Retroexcavadora, Potencia en el Volante 78 HP 2200 RPM | K36: =VLOOKUP(A36,[65]EQUIPOS!A6:D161,4,FALSE) -> 105092.63 | M36: 4 | N36: =K36/M36 -> 26273.158
B42: HERRAMIENTA MENOR (%) | L42: 0.02 | N42: =N76*L42 -> 56.865685
B43: SUBTOTAL $ | N43: =SUM(N36:N42) -> 26330.023
B45: II. MATERIALES
B47: DESCRIPCIÓN | J47: UNIDAD | K47: CANTIDAD | L47: PRECIO UNIT. | N47: Vr. UNITARIO
B54: SUBTOTAL $ | N54: =SUM(N48:N53) -> 0
B56: III. TRANSPORTES
B58: MATERIAL | H58: UNIDAD | I58: CANTIDAD (1) | J58: DISTANCIA (2) | K58: (1) * (2) | L58: TARIFA | N58: Vr. UNITARIO
A59: T0010032 | B59: =VLOOKUP(A59,[65]TRANSPORTE!A5:D117,3,FALSE) -> Transporte de material de demolición | H59: =VLOOKUP(A59,[65]TRANSPORTE!A6:D120,2,FALSE) -> m3k | I59: 3.03 | J59: 10 | K59: =I59*J59 -> 30.3 | L59: =VLOOKUP(A59,[65]TRANSPORTE!A5:D94,4,FALSE) -> 881.02273 | N59: =K59*L59 -> 26694.989
B65: SUBTOTAL $ | N65: =N59+N60+N61+N62+N63 -> 26694.989
B67: IV. MANO DE OBRA
B69: TRABAJADOR | I69: JORNAL | J69: PRESTACIONES (%) | K69: JORNAL TOTAL | L69: RENDIMIENTO | N69: Vr. UNITARIO
A70: A0030020 | B70: =VLOOKUP(A70,'[65]MANO DE OBRA'!A8:D68,3,FALSE) -> Obrero (2) | I70: =K70/J70*100 -> 49181.133 | J70: 185 | K70: =VLOOKUP(A70,'[65]MANO DE OBRA'!A8:D99,4,FALSE) -> 90985.097 | M70: 32 | N70: =K70/M70 -> 2843.2843
B76: SUBTOTAL $ | N76: =SUM(N70:N75) -> 2843.2843
B78: TOTAL COSTO DIRECTO $ | N78: =N43+N54+N65+N76 -> 55868.296
B80: V. COSTOS INDIRECTOS
B82: Descripción | K82: Porcentaje | L82: Valor Total
B83: ADMINISTRACION | K83: 0.2 | L83: =N78*K83 -> 11173.659
B84: IMPREVISTOS | K84: 0.05 | L84: =N78*K84 -> 2793.4148
B85: UTILIDAD | K85: 0.05 | L85: =N78*K85 -> 2793.4148
B86: SUBTOTAL $ | N86: =L83+L84+L85 -> 16760.489
A88: PFinal01 | B88: Precio Unitario Total Aproximado al Peso $ | N88: =ROUND(N78+N86,0) -> 72629
E93: Firma
E94: Nombre:
E95: Representante Legal del Contratista o su Apoderado
E96: Matricula No. :
B98: OBSERVACIONES INTERVENTORÍA:
B104: APROBACIÓN POR INTERVENTORÍA
B105: Nota 1: Cuando se trate de Análisis de precios unitarios correspondientes a ítems de la propuesta económica aprobada, el Interventor aprueba el desglose de los componentes manteniendo el mismo precio unitario de cada ítem, cumpliendo con las especificaciones de construcción vigentes para el proyecto.
B107: Nota 2: Cuando se trate de Análisis de precios unitarios de ítems no previstos, el Interventor aprueba el desglose y precio unitario de cada ítem no previsto, exigiendo la aplicación de los costos correspondientes a insumos y tarifas de la propuesta económica inicial cuando estén contemplados, cumpliendo con las especificaciones de construcción vigente para el proyecto.
E113: Firma
E114: Nombre:
E115: Representante Legal del Interventor o su Apoderado
E116: Matricula No. :
B118: Original: Archivo de Gestión del Contrato (Subdirección Administrativa).
B119: Copias: Unidad Ejecutora, Contratista, Interventor y Dirección Territorial.

Sheet 211.1
K1: CÓDIGO | L1: MINFRA-MN-IN-10-FR-1
C2: INSTITUTO NACIONAL DE VIAS
C3: PROCESO GESTIÓN DE LA INFRAESTRUCTURA VIAL | K3: VERSIÓN | L3: 1
C4: MANUAL DE INTERVENTORÍA OBRA PÚBLICA
C5: ANÁLISIS DE PRECIOS UNITARIOS | K5: PÁGINA | M5: DE
K8: FECHA
L9: (Día) | M9: (Mes) | N9: (Año)
B10: ITEMS DE LA PROPUESTA ECONÓMICA | F10: □ | I10: ITEMS NO PREVISTOS | K10: □
B11: UNIDAD EJECUTORA: | J11: DIRECCIÓN TERRITORIAL:
B14: CONTRATO No. | D14: DE
B15: OBJETO DEL CONTRATO:
C16: =+'PRESUPUESTO OBRA'!A5 -> ATENCION OBRAS DE EMERGENCIA POR EL SISTEMA DE MONTO AGOTABLE EN LAS VÍAS A CARGO DE LA DIRECCION TERRITORIAL CUNDINAMARCA DEL INVIAS, DEPARTAMENTO DE CUNDINAMARCA
B18: CARRETERA: | J18: SECTOR:
B20: CONTRATISTA:
B22: INTERVENTOR: | K22: CTO No.: | M22: DE
B24: FECHA CIERRE PROCESO DE SELECCIÓN CONTRATO DE OBRA:
F25: (Día) | I25: (Mes) | J25: (Año)
B27: DATOS ESPECÍFICOS
B29: ITEM | C29: DESCRIPCIÓN | K29: GRUPO DE AJUSTE | L29: UNIDAD | N29: CANTIDAD
B30: ITEM | C30: DESCRIPCIÓN | L30: UNIDAD | N30: CANTIDAD
A31: Unidad | B31: 211.1 | C31: REMOCIÓN DE DERRUMBES | L31: m3
B33: I. EQUIPO
B35: DESCRIPCIÓN | I35: TIPO | K35: TARIFA/HORA | L35: RENDIMIENTO | N35: Vr. UNITARIO
A36: C0010130 | B36: =VLOOKUP(A36,[65]EQUIPOS!A6:D154,3,FALSE) -> Cargador : Potencia en el volante 110 hp, Clasificación de RPM del motor 2300. | K36: =VLOOKUP(A36,[65]EQUIPOS!A6:D163,4,FALSE) -> 122005.87 | M36: 50 | N36: =K36/M36 -> 2440.1173
A37: C0010052 | B37: =VLOOKUP(A37,[65]EQUIPOS!A7:D154,3,FALSE) -> Buldozer, Potencia al volante de 140 HP, motor de 2200 RPM, longitud de hoja 4,80m. | K37: =VLOOKUP(A37,[65]EQUIPOS!A7:D164,4,FALSE) -> 141426.11 | M37: 50 | N37: =K37/M37 -> 2828.5222
B42: HERRAMIENTA MENOR (%) | L42: 0.01 | N42: =N76*L42 -> 4.5492548
B43: SUBTOTAL $ | N43: =SUM(N36:N42) -> 5273.1888
B45: II. MATERIALES
B47: DESCRIPCIÓN | J47: UNIDAD | K47: CANTIDAD | L47: PRECIO UNIT. | N47: Vr. UNITARIO
A48: B0013820 | B48: =VLOOKUP(A48,[65]MATERIALES!A4:D373,3,FALSE) -> Disposición de material de derrumbe | J48: =VLOOKUP(A48,[65]MATERIALES!A4:D373,2,FALSE) -> m3 | K48: 1 | M48: =VLOOKUP(A48,[65]MATERIALES!A4:D395,4,FALSE) -> 1972.6874 | N48: =K48*M48 -> 1972.6874
B54: SUBTOTAL $ | N54: =SUM(N48:N53) -> 1972.6874
B56: III. TRANSPORTES
B58: MATERIAL | H58: UNIDAD | I58: CANTIDAD (1) | J58: DISTANCIA (2) | K58: (1) * (2) | L58: TARIFA | N58: Vr. UNITARIO
B65: SUBTOTAL $
B67: IV. MANO DE OBRA
B69: TRABAJADOR | I69: JORNAL | J69: PRESTACIONES (%) | K69: JORNAL TOTAL | L69: RENDIMIENTO | N69: Vr. UNITARIO
A70: A0030020 | B70: =VLOOKUP(A70,'[65]MANO DE OBRA'!A8:D68,3,FALSE) -> Obrero (2) | I70: =K70/J70*100 -> 49181.133 | J70: 185 | K70: =VLOOKUP(A70,'[65]MANO DE OBRA'!A8:D99,4,FALSE) -> 90985.097 | M70: 200 | N70: =K70/M70 -> 454.92548
B76: SUBTOTAL $ | N76: =SUM(N70:N75) -> 454.92548
B78: TOTAL COSTO DIRECTO $ | N78: =N43+N54+N65+N76 -> 7700.8017
B80: V. COSTOS INDIRECTOS
B82: Descripción | K82: Porcentaje | L82: Valor Total
B83: ADMINISTRACION | K83: 0.2 | L83: =N78*K83 -> 1540.1603
B84: IMPREVISTOS | K84: 0.05 | L84: =N78*K84 -> 385.04009
B85: UTILIDAD | K85: 0.05 | L85: =N78*K85 -> 385.04009
B86: SUBTOTAL $ | N86: =L83+L84+L85 -> 2310.2405
A88: PFinal01 | B88: Precio Unitario Total Aproximado al Peso $ | N88: =ROUND(N78+N86,0) -> 10011
E93: Firma
E94: Nombre:
E95: Representante Legal del Contratista o su Apoderado
E96: Matricula No. :
B98: OBSERVACIONES INTERVENTORÍA:
B104: APROBACIÓN POR INTERVENTORÍA
B105: Nota 1: Cuando se trate de Análisis de precios unitarios correspondientes a ítems de la propuesta económica aprobada, el Interventor aprueba el desglose de los componentes manteniendo el mismo precio unitario de cada ítem, cumpliendo con las especificaciones de construcción vigentes para el proyecto.
B107: Nota 2: Cuando se trate de Análisis de precios unitarios de ítems no previstos, el Interventor aprueba el desglose y precio unitario de cada ítem no previsto, exigiendo la aplicación de los costos correspondientes a insumos y tarifas de la propuesta económica inicial cuando estén contemplados, cumpliendo con las especificaciones de construcción vigente para el proyecto.
E113: Firma
E114: Nombre:
E115: Representante Legal del Interventor o su Apoderado
E116: Matricula No. :
B118: Original: Archivo de Gestión del Contrato (Subdirección Administrativa).
B119: Copias: Unidad Ejecutora, Contratista, Interventor y Dirección Territorial.

Sheet 310.1
K1: CÓDIGO | L1: MINFRA-MN-IN-10-FR-1
C2: INSTITUTO NACIONAL DE VIAS
C3: PROCESO GESTIÓN DE LA INFRAESTRUCTURA VIAL | K3: VERSIÓN | L3: 1
C4: MANUAL DE INTERVENTORÍA OBRA PÚBLICA
C5: ANÁLISIS DE PRECIOS UNITARIOS | K5: PÁGINA | M5: DE
K8: FECHA
L9: (Día) | M9: (Mes) | N9: (Año)
B10: ITEMS DE LA PROPUESTA ECONÓMICA | F10: □ | I10: ITEMS NO PREVISTOS | K10: □
B11: UNIDAD EJECUTORA: | J11: DIRECCIÓN TERRITORIAL:
B14: CONTRATO No. | D14: DE
B15: OBJETO DEL CONTRATO:
C16: =+'PRESUPUESTO OBRA'!A5 -> ATENCION OBRAS DE EMERGENCIA POR EL SISTEMA DE MONTO AGOTABLE EN LAS VÍAS A CARGO DE LA DIRECCION TERRITORIAL CUNDINAMARCA DEL INVIAS, DEPARTAMENTO DE CUNDINAMARCA
B18: CARRETERA: | J18: SECTOR:
B20: CONTRATISTA:
B22: INTERVENTOR: | K22: CTO No.: | M22: DE
B24: FECHA CIERRE PROCESO DE SELECCIÓN CONTRATO DE OBRA:
F25: (Día) | I25: (Mes) | J25: (Año)
B27: DATOS ESPECÍFICOS
B29: ITEM | C29: DESCRIPCIÓN | K29: GRUPO DE AJUSTE | L29: UNIDAD | N29: CANTIDAD
B30: ITEM | C30: DESCRIPCIÓN | L30: UNIDAD | N30: CANTIDAD
A31: Unidad | B31: 310.1 | C31: CONFORMACIÓN DE LA CALZADA EXISTENTE | L31: m2
B33: I. EQUIPO
B35: DESCRIPCIÓN | I35: TIPO | K35: TARIFA/HORA | L35: RENDIMIENTO | N35: Vr. UNITARIO
A36: C0010150 | B36: =VLOOKUP(A36,[65]EQUIPOS!A6:D154,3,FALSE) -> Carrotanque de agua(1000 Galones) | K36: =VLOOKUP(A36,[65]EQUIPOS!A6:D163,4,FALSE) -> 62653.433 | M36: 600 | N36: =K36/M36 -> 104.42239
A37: C0010610 | B37: =VLOOKUP(A37,[65]EQUIPOS!A7:D154,3,FALSE) -> Motoniveladora potencia 215 HP, ancho de cuchilla 4,27 m, peso 18 ton. | K37: =VLOOKUP(A37,[65]EQUIPOS!A7:D164,4,FALSE) -> 172833.33 | M37: 600 | N37: =K37/M37 -> 288.05556
A38: C0010923 | B38: =VLOOKUP(A38,[65]EQUIPOS!A8:D154,3,FALSE) -> Vibrocompatador, potencia 153 HP, peso 10 Ton. | K38: =VLOOKUP(A38,[65]EQUIPOS!A8:D165,4,FALSE) -> 91333.333 | M38: 600 | N38: =K38/M38 -> 152.22222
B41: HERRAMIENTA MENOR (%) | M41: 0.01 | N41: =N75*M41 -> 0.37910457
B43: SUBTOTAL $ | N43: =SUM(N36:N42) -> 545.07927
B45: II. MATERIALES
B47: DESCRIPCIÓN | J47: UNIDAD | K47: CANTIDAD | L47: PRECIO UNIT. | N47: Vr. UNITARIO
A48: B0063200 | B48: =VLOOKUP(A48,[65]MATERIALES!A5:D373,3,FALSE) -> Agua | J48: =VLOOKUP(A48,[65]MATERIALES!A4:D373,2,FALSE) -> lt | K48: 3 | M48: =VLOOKUP(A48,[65]MATERIALES!A5:D396,4,FALSE) -> 50.937843 | N48: =K48*M48 -> 152.81353
B53: SUBTOTAL $ | N53: =SUM(N48:N52) -> 152.81353
B55: III. TRANSPORTES
B57: MATERIAL | H57: UNIDAD | I57: CANTIDAD (1) | J57: DISTANCIA (2) | K57: (1) * (2) | L57: TARIFA | N57: Vr. UNITARIO
B64: SUBTOTAL $
B66: IV. MANO DE OBRA
B68: TRABAJADOR | I68: JORNAL | J68: PRESTACIONES (%) | K68: JORNAL TOTAL | L68: RENDIMIENTO | N68: Vr. UNITARIO
A69: A0040010 | B69: =VLOOKUP(A69,'[65]MANO DE OBRA'!A8:D68,3,FALSE) -> Oficial | I69: =K69/J69*100 -> 49181.133 | J69: 185 | K69: =VLOOKUP(A69,'[65]MANO DE OBRA'!A8:D99,4,FALSE) -> 90985.097 | M69: 4800 | N69: =K69/M69 -> 18.955228
A70: A0030020 | B70: =VLOOKUP(A70,'[65]MANO DE OBRA'!A8:D69,3,FALSE) -> Obrero (2) | I70: =K70/J70*100 -> 49181.133 | J70: 185 | K70: =VLOOKUP(A70,'[65]MANO DE OBRA'!A8:D100,4,FALSE) -> 90985.097 | M70: 4800 | N70: =K70/M70 -> 18.955228
B75: SUBTOTAL $ | N75: =SUM(N69:N74) -> 37.910457
B77: TOTAL COSTO DIRECTO $ | N77: =N43+N53+N64+N75 -> 735.80326
B79: V. COSTOS INDIRECTOS
B81: Descripción | K81: Porcentaje | L81: Valor Total
B82: ADMINISTRACION | K82: 0.2 | L82: =N77*K82 -> 147.16065
B83: IMPREVISTOS | K83: 0.05 | L83: =N77*K83 -> 36.790163
B84: UTILIDAD | K84: 0.05 | L84: =N77*K84 -> 36.790163
B85: SUBTOTAL $ | N85: =L82+L83+L84 -> 220.74098
A87: PFinal01 | B87: Precio Unitario Total Aproximado al Peso $ | N87: =ROUND(N77+N85,0) -> 957
E92: Firma
E93: Nombre:
E94: Representante Legal del Contratista o su Apoderado
E95: Matricula No. :
B97: OBSERVACIONES INTERVENTORÍA:
B103: APROBACIÓN POR INTERVENTORÍA
B104: Nota 1: Cuando se trate de Análisis de precios unitarios correspondientes a ítems de la propuesta económica aprobada, el Interventor aprueba el desglose de los componentes manteniendo el mismo precio unitario de cada ítem, cumpliendo con las especificaciones de construcción vigentes para el proyecto.
B106: Nota 2: Cuando se trate de Análisis de precios unitarios de ítems no previstos, el Interventor aprueba el desglose y precio unitario de cada ítem no previsto, exigiendo la aplicación de los costos correspondientes a insumos y tarifas de la propuesta económica inicial cuando estén contemplados, cumpliendo con las especificaciones de construcción vigente para el proyecto.
E112: Firma
E113: Nombre:
E114: Representante Legal del Interventor o su Apoderado
E115: Matricula No. :
B117: Original: Archivo de Gestión del Contrato (Subdirección Administrativa).
B118: Copias: Unidad Ejecutora, Contratista, Interventor y Dirección Territorial.

Sheet 311.1
K1: CÓDIGO | L1: MINFRA-MN-IN-10-FR-1
C2: INSTITUTO NACIONAL DE VIAS
C3: PROCESO GESTIÓN DE LA INFRAESTRUCTURA VIAL | K3: VERSIÓN | L3: 1
C4: MANUAL DE INTERVENTORÍA OBRA PÚBLICA
C5: ANÁLISIS DE PRECIOS UNITARIOS | K5: PÁGINA | M5: DE
K8: FECHA
L9: (Día) | M9: (Mes) | N9: (Año)
B10: ITEMS DE LA PROPUESTA ECONÓMICA | F10: □ | I10: ITEMS NO PREVISTOS | K10: □
B11: UNIDAD EJECUTORA: | J11: DIRECCIÓN TERRITORIAL:
B14: CONTRATO No. | D14: DE
B15: OBJETO DEL CONTRATO:
C16: =+'PRESUPUESTO OBRA'!A5 -> ATENCION OBRAS DE EMERGENCIA POR EL SISTEMA DE MONTO AGOTABLE EN LAS VÍAS A CARGO DE LA DIRECCION TERRITORIAL CUNDINAMARCA DEL INVIAS, DEPARTAMENTO DE CUNDINAMARCA
B18: CARRETERA: | J18: SECTOR:
B20: CONTRATISTA:
B22: INTERVENTOR: | K22: CTO No.: | M22: DE
B24: FECHA CIERRE PROCESO DE SELECCIÓN CONTRATO DE OBRA:
F25: (Día) | I25: (Mes) | J25: (Año)
B27: DATOS ESPECÍFICOS
B29: ITEM | C29: DESCRIPCIÓN | K29: GRUPO DE AJUSTE | L29: UNIDAD | N29: CANTIDAD
B30: ITEM | C30: DESCRIPCIÓN | L30: UNIDAD | N30: CANTIDAD
A31: Unidad | B31: 311.1 | C31: AFIRMADO | L31: m3
B33: I. EQUIPO
B35: DESCRIPCIÓN | I35: TIPO | K35: TARIFA/HORA | L35: RENDIMIENTO | N35: Vr. UNITARIO
A36: C0010150 | B36: =VLOOKUP(A36,[65]EQUIPOS!A6:D154,3,FALSE) -> Carrotanque de agua(1000 Galones) | K36: =VLOOKUP(A36,[65]EQUIPOS!A6:D163,4,FALSE) -> 62653.433 | M36: 45 | N36: =K36/M36 -> 1392.2985
A37: C0010610 | B37: =VLOOKUP(A37,[65]EQUIPOS!A7:D154,3,FALSE) -> Motoniveladora potencia 215 HP, ancho de cuchilla 4,27 m, peso 18 ton. | K37: =VLOOKUP(A37,[65]EQUIPOS!A7:D164,4,FALSE) -> 172833.33 | M37: 45 | N37: =K37/M37 -> 3840.7407
A38: C0010923 | B38: =VLOOKUP(A38,[65]EQUIPOS!A8:D154,3,FALSE) -> Vibrocompatador, potencia 153 HP, peso 10 Ton. | K38: =VLOOKUP(A38,[65]EQUIPOS!A8:D165,4,FALSE) -> 91333.333 | M38: 45 | N38: =K38/M38 -> 2029.6296
B41: HERRAMIENTA MENOR (%) | M41: 0.02 | N41: =N75*M41 -> 10.109455
B43: SUBTOTAL $ | N43: =SUM(N36:N42) -> 7272.7783
B45: II. MATERIALES
B47: DESCRIPCIÓN | J47: UNIDAD | K47: CANTIDAD | L47: PRECIO UNIT. | N47: Vr. UNITARIO
A48: B0063200 | B48: =VLOOKUP(A48,[65]MATERIALES!A5:D373,3,FALSE) -> Agua | J48: =VLOOKUP(A48,[65]MATERIALES!A4:D373,2,FALSE) -> lt | K48: 25 | M48: =VLOOKUP(A48,[65]MATERIALES!A5:D396,4,FALSE) -> 50.937843 | N48: =K48*M48 -> 1273.4461
A49: B0014281 | B49: =VLOOKUP(A49,[65]MATERIALES!A6:D373,3,FALSE) -> Material de afirmado de la Zona | J49: =VLOOKUP(A49,[65]MATERIALES!A5:D373,2,FALSE) -> m3 | K49: 1.25 | M49: =VLOOKUP(A49,[65]MATERIALES!A6:D397,4,FALSE) -> 23771.8 | N49: =K49*M49 -> 29714.75
B53: SUBTOTAL $ | N53: =SUM(N48:N52) -> 30988.196
B55: III. TRANSPORTES
B57: MATERIAL | H57: UNIDAD | I57: CANTIDAD (1) | J57: DISTANCIA (2) | K57: (1) * (2) | L57: TARIFA | N57: Vr. UNITARIO
A58: T0010089 | B58: =VLOOKUP(A58,[65]TRANSPORTE!A5:D117,3,FALSE) -> Transporte de Material de Afirmado de la Zona | H58: m3km | I58: 1.25 | J58: 50 | K58: =I58*J58 -> 62.5 | L58: =VLOOKUP(A58,[65]TRANSPORTE!A5:D117,4,FALSE) -> 881.02273 | N58: =K58*L58 -> 55063.92
B64: SUBTOTAL $ | N64: =N58+N59+N60+N61+N62 -> 55063.92
B66: IV. MANO DE OBRA
B68: TRABAJADOR | I68: JORNAL | J68: PRESTACIONES (%) | K68: JORNAL TOTAL | L68: RENDIMIENTO | N68: Vr. UNITARIO
A69: A0040010 | B69: =VLOOKUP(A69,'[65]MANO DE OBRA'!A8:D68,3,FALSE) -> Oficial | I69: =K69/J69*100 -> 49181.133 | J69: 185 | K69: =VLOOKUP(A69,'[65]MANO DE OBRA'!A8:D99,4,FALSE) -> 90985.097 | M69: 360 | N69: =K69/M69 -> 252.73638
A70: A0030020 | B70: =VLOOKUP(A70,'[65]MANO DE OBRA'!A8:D69,3,FALSE) -> Obrero (2) | I70: =K70/J70*100 -> 49181.133 | J70: 185 | K70: =VLOOKUP(A70,'[65]MANO DE OBRA'!A8:D100,4,FALSE) -> 90985.097 | M70: 360 | N70: =K70/M70 -> 252.73638
B75: SUBTOTAL $ | N75: =SUM(N69:N74) -> 505.47276
B77: TOTAL COSTO DIRECTO $ | N77: =N43+N53+N64+N75 -> 93830.368
B79: V. COSTOS INDIRECTOS
B81: Descripción | K81: Porcentaje | L81: Valor Total
B82: ADMINISTRACION | K82: 0.2 | L82: =N77*K82 -> 18766.074
B83: IMPREVISTOS | K83: 0.05 | L83: =N77*K83 -> 4691.5184
B84: UTILIDAD | K84: 0.05 | L84: =N77*K84 -> 4691.5184
B85: SUBTOTAL $ | N85: =L82+L83+L84 -> 28149.11
A87: PFinal01 | B87: Precio Unitario Total Aproximado al Peso $ | N87: =ROUND(N77+N85,0) -> 121979
E92: Firma
E93: Nombre:
E94: Representante Legal del Contratista o su Apoderado
E95: Matricula No. :
B97: OBSERVACIONES INTERVENTORÍA:
B103: APROBACIÓN POR INTERVENTORÍA
B104: Nota 1: Cuando se trate de Análisis de precios unitarios correspondientes a ítems de la propuesta económica aprobada, el Interventor aprueba el desglose de los componentes manteniendo el mismo precio unitario de cada ítem, cumpliendo con las especificaciones de construcción vigentes para el proyecto.
B106: Nota 2: Cuando se trate de Análisis de precios unitarios de ítems no previstos, el Interventor aprueba el desglose y precio unitario de cada ítem no previsto, exigiendo la aplicación de los costos correspondientes a insumos y tarifas de la propuesta económica inicial cuando estén contemplados, cumpliendo con las especificaciones de construcción vigente para el proyecto.
E112: Firma
E113: Nombre:
E114: Representante Legal del Interventor o su Apoderado
E115: Matricula No. :
B117: Original: Archivo de Gestión del Contrato (Subdirección Administrativa).
B118: Copias: Unidad Ejecutora, Contratista, Interventor y Dirección Territorial.

Sheet 320.1
K1: CÓDIGO | L1: MINFRA-MN-IN-10-FR-1
C2: INSTITUTO NACIONAL DE VIAS
C3: PROCESO GESTIÓN DE LA INFRAESTRUCTURA VIAL | K3: VERSIÓN | L3: 1
C4: MANUAL DE INTERVENTORÍA OBRA PÚBLICA
C5: ANÁLISIS DE PRECIOS UNITARIOS | K5: PÁGINA | M5: DE
K8: FECHA
L9: (Día) | M9: (Mes) | N9: (Año)
B10: ITEMS DE LA PROPUESTA ECONÓMICA | F10: □ | I10: ITEMS NO PREVISTOS | K10: □
B11: UNIDAD EJECUTORA: | J11: DIRECCIÓN TERRITORIAL:
B14: CONTRATO No. | D14: DE
B15: OBJETO DEL CONTRATO:
C16: =+'PRESUPUESTO OBRA'!A5 -> ATENCION OBRAS DE EMERGENCIA POR EL SISTEMA DE MONTO AGOTABLE EN LAS VÍAS A CARGO DE LA DIRECCION TERRITORIAL CUNDINAMARCA DEL INVIAS, DEPARTAMENTO DE CUNDINAMARCA
B18: CARRETERA: | J18: SECTOR:
B20: CONTRATISTA:
B22: INTERVENTOR: | K22: CTO No.: | M22: DE
B24: FECHA CIERRE PROCESO DE SELECCIÓN CONTRATO DE OBRA:
F25: (Día) | I25: (Mes) | J25: (Año)
B27: DATOS ESPECÍFICOS
B29: ITEM | C29: DESCRIPCIÓN | K29: GRUPO DE AJUSTE | L29: UNIDAD | N29: CANTIDAD
B30: ITEM | C30: DESCRIPCIÓN | L30: UNIDAD | N30: CANTIDAD
A31: Unidad | B31: 320.1 | C31: SUB-BASE GRANULAR CLASE A | L31: m3
B33: I. EQUIPO
B35: DESCRIPCIÓN | I35: TIPO | K35: TARIFA/HORA | L35: RENDIMIENTO | N35: Vr. UNITARIO
A36: C0010150 | B36: =VLOOKUP(A36,[65]EQUIPOS!A6:D154,3,FALSE) -> Carrotanque de agua(1000 Galones) | K36: =VLOOKUP(A36,[65]EQUIPOS!A6:D163,4,FALSE) -> 62653.433 | M36: 45 | N36: =K36/M36 -> 1392.2985
A37: C0010610 | B37: =VLOOKUP(A37,[65]EQUIPOS!A7:D154,3,FALSE) -> Motoniveladora potencia 215 HP, ancho de cuchilla 4,27 m, peso 18 ton. | K37: =VLOOKUP(A37,[65]EQUIPOS!A7:D164,4,FALSE) -> 172833.33 | M37: 45 | N37: =K37/M37 -> 3840.7407
A38: C0010923 | B38: =VLOOKUP(A38,[65]EQUIPOS!A8:D154,3,FALSE) -> Vibrocompatador, potencia 153 HP, peso 10 Ton. | K38: =VLOOKUP(A38,[65]EQUIPOS!A8:D165,4,FALSE) -> 91333.333 | M38: 45 | N38: =K38/M38 -> 2029.6296
B41: HERRAMIENTA MENOR (%) | M41: 0.01 | N41: =N76*M41 -> 5.0547276
B43: SUBTOTAL $ | N43: =SUM(N36:N42) -> 7267.7236
B45: II. MATERIALES
B47: DESCRIPCIÓN | J47: UNIDAD | K47: CANTIDAD | L47: PRECIO UNIT. | N47: Vr. UNITARIO
A48: B0014340 | B48: =VLOOKUP(A48,[65]MATERIALES!A4:D373,3,FALSE) -> Material de Sub- Base CBR=20% | J48: =VLOOKUP(A48,[65]MATERIALES!A4:D373,2,FALSE) -> m3 | K48: 1.3 | M48: =VLOOKUP(A48,[65]MATERIALES!A4:D395,4,FALSE) -> 48910.701 | N48: =K48*M48 -> 63583.912
A49: B0063200 | B49: =VLOOKUP(A49,[65]MATERIALES!A5:D373,3,FALSE) -> Agua | J49: =VLOOKUP(A49,[65]MATERIALES!A5:D373,2,FALSE) -> lt | K49: 24 | M49: =VLOOKUP(A49,[65]MATERIALES!A5:D396,4,FALSE) -> 50.937843 | N49: =K49*M49 -> 1222.5082
B54: SUBTOTAL $ | N54: =SUM(N48:N53) -> 64806.42
B56: III. TRANSPORTES
B58: MATERIAL | H58: UNIDAD | I58: CANTIDAD (1) | J58: DISTANCIA (2) | K58: (1) * (2) | L58: TARIFA | N58: Vr. UNITARIO
A59: T0010030 | B59: =VLOOKUP(A59,[65]TRANSPORTE!A5:D104,3,FALSE) -> Transporte de material de subbase | H59: m3k | I59: 1.3 | J59: 70 | K59: =I59*J59 -> 91 | L59: =VLOOKUP(A59,[65]TRANSPORTE!A5:D123,4,FALSE) -> 881.02273 | N59: =K59*L59 -> 80173.068
B65: SUBTOTAL $ | N65: =N59+N60+N61+N62+N63 -> 80173.068
B67: IV. MANO DE OBRA
B69: TRABAJADOR | I69: JORNAL | J69: PRESTACIONES (%) | K69: JORNAL TOTAL | L69: RENDIMIENTO | N69: Vr. UNITARIO
A70: A0040010 | B70: =VLOOKUP(A70,'[65]MANO DE OBRA'!A8:D68,3,FALSE) -> Oficial | I70: =K70/J70*100 -> 49181.133 | J70: 185 | K70: =VLOOKUP(A70,'[65]MANO DE OBRA'!A8:D99,4,FALSE) -> 90985.097 | M70: 360 | N70: =K70/M70 -> 252.73638
A71: A0030020 | B71: =VLOOKUP(A71,'[65]MANO DE OBRA'!A8:D69,3,FALSE) -> Obrero (2) | I71: =K71/J71*100 -> 49181.133 | J71: 185 | K71: =VLOOKUP(A71,'[65]MANO DE OBRA'!A8:D100,4,FALSE) -> 90985.097 | M71: 360 | N71: =K71/M71 -> 252.73638
B76: SUBTOTAL $ | N76: =SUM(N70:N75) -> 505.47276
B78: TOTAL COSTO DIRECTO $ | N78: =N43+N54+N65+N76 -> 152752.68
B80: V. COSTOS INDIRECTOS
B82: Descripción | K82: Porcentaje | L82: Valor Total
B83: ADMINISTRACION | K83: 0.2 | L83: =N78*K83 -> 30550.537
B84: IMPREVISTOS | K84: 0.05 | L84: =N78*K84 -> 7637.6342
B85: UTILIDAD | K85: 0.05 | L85: =N78*K85 -> 7637.6342
B86: SUBTOTAL $ | N86: =L83+L84+L85 -> 45825.805
A88: PFinal01 | B88: Precio Unitario Total Aproximado al Peso $ | N88: =ROUND(N78+N86,0) -> 198578
E93: Firma
E94: Nombre:
E95: Representante Legal del Contratista o su Apoderado
E96: Matricula No. :
B98: OBSERVACIONES INTERVENTORÍA:
B104: APROBACIÓN POR INTERVENTORÍA
B105: Nota 1: Cuando se trate de Análisis de precios unitarios correspondientes a ítems de la propuesta económica aprobada, el Interventor aprueba el desglose de los componentes manteniendo el mismo precio unitario de cada ítem, cumpliendo con las especificaciones de construcción vigentes para el proyecto.
B107: Nota 2: Cuando se trate de Análisis de precios unitarios de ítems no previstos, el Interventor aprueba el desglose y precio unitario de cada ítem no previsto, exigiendo la aplicación de los costos correspondientes a insumos y tarifas de la propuesta económica inicial cuando estén contemplados, cumpliendo con las especificaciones de construcción vigente para el proyecto.
E113: Firma
E114: Nombre:
E115: Representante Legal del Interventor o su Apoderado
E116: Matricula No. :
B118: Original: Archivo de Gestión del Contrato (Subdirección Administrativa).
B119: Copias: Unidad Ejecutora, Contratista, Interventor y Dirección Territorial.

Sheet 330.1
K1: CÓDIGO | L1: MINFRA-MN-IN-10-FR-1
C2: INSTITUTO NACIONAL DE VIAS
C3: PROCESO GESTIÓN DE LA INFRAESTRUCTURA VIAL | K3: VERSIÓN | L3: 1
C4: MANUAL DE INTERVENTORÍA OBRA PÚBLICA
C5: ANÁLISIS DE PRECIOS UNITARIOS | K5: PÁGINA | M5: DE
K8: FECHA
L9: (Día) | M9: (Mes) | N9: (Año)
B10: ITEMS DE LA PROPUESTA ECONÓMICA | F10: □ | I10: ITEMS NO PREVISTOS | K10: □
B11: UNIDAD EJECUTORA: | J11: DIRECCIÓN TERRITORIAL:
B14: CONTRATO No. | D14: DE
B15: OBJETO DEL CONTRATO:
C16: =+'PRESUPUESTO OBRA'!A5 -> ATENCION OBRAS DE EMERGENCIA POR EL SISTEMA DE MONTO AGOTABLE EN LAS VÍAS A CARGO DE LA DIRECCION TERRITORIAL CUNDINAMARCA DEL INVIAS, DEPARTAMENTO DE CUNDINAMARCA
B18: CARRETERA: | J18: SECTOR:
B20: CONTRATISTA:
B22: INTERVENTOR: | K22: CTO No.: | M22: DE
B24: FECHA CIERRE PROCESO DE SELECCIÓN CONTRATO DE OBRA:
F25: (Día) | I25: (Mes) | J25: (Año)
B27: DATOS ESPECÍFICOS
B29: ITEM | C29: DESCRIPCIÓN | K29: GRUPO DE AJUSTE | L29: UNIDAD | N29: CANTIDAD
B30: ITEM | C30: DESCRIPCIÓN | L30: UNIDAD | N30: CANTIDAD
A31: Unidad | B31: 330.1 | C31: BASE GRANULAR CLASE A | L31: m3
B33: I. EQUIPO
B35: DESCRIPCIÓN | I35: TIPO | K35: TARIFA/HORA | L35: RENDIMIENTO | N35: Vr. UNITARIO
A36: C0010150 | B36: =VLOOKUP(A36,[65]EQUIPOS!A6:D154,3,FALSE) -> Carrotanque de agua(1000 Galones) | K36: =VLOOKUP(A36,[65]EQUIPOS!A6:D163,4,FALSE) -> 62653.433 | M36: 45 | N36: =K36/M36 -> 1392.2985
A37: C0010610 | B37: =VLOOKUP(A37,[65]EQUIPOS!A7:D154,3,FALSE) -> Motoniveladora potencia 215 HP, ancho de cuchilla 4,27 m, peso 18 ton. | K37: =VLOOKUP(A37,[65]EQUIPOS!A7:D164,4,FALSE) -> 172833.33 | M37: 45 | N37: =K37/M37 -> 3840.7407
A38: C0010923 | B38: =VLOOKUP(A38,[65]EQUIPOS!A8:D154,3,FALSE) -> Vibrocompatador, potencia 153 HP, peso 10 Ton. | K38: =VLOOKUP(A38,[65]EQUIPOS!A8:D165,4,FALSE) -> 91333.333 | M38: 45 | N38: =K38/M38 -> 2029.6296
B41: HERRAMIENTA MENOR (%) | M41: 0.01 | N41: =N76*M41 -> 5.0547276
B43: SUBTOTAL $ | N43: =SUM(N36:N42) -> 7267.7236
B45: II. MATERIALES
B47: DESCRIPCIÓN | J47: UNIDAD | K47: CANTIDAD | L47: PRECIO UNIT. | N47: Vr. UNITARIO
A48: B0014300 | B48: =VLOOKUP(A48,[65]MATERIALES!A4:D373,3,FALSE) -> Material de base (gradación 1) | J48: =VLOOKUP(A48,[65]MATERIALES!A4:D373,2,FALSE) -> m3 | K48: 1.3 | M48: =VLOOKUP(A48,[65]MATERIALES!A4:D395,4,FALSE) -> 64407.168 | N48: =K48*M48 -> 83729.319
A49: B0063200 | B49: =VLOOKUP(A49,[65]MATERIALES!A5:D373,3,FALSE) -> Agua | J49: =VLOOKUP(A49,[65]MATERIALES!A5:D373,2,FALSE) -> lt | K49: 24 | M49: =VLOOKUP(A49,[65]MATERIALES!A5:D396,4,FALSE) -> 50.937843 | N49: =K49*M49 -> 1222.5082
B54: SUBTOTAL $ | N54: =SUM(N48:N53) -> 84951.827
B56: III. TRANSPORTES
B58: MATERIAL | H58: UNIDAD | I58: CANTIDAD (1) | J58: DISTANCIA (2) | K58: (1) * (2) | L58: TARIFA | N58: Vr. UNITARIO
A59: T0010030 | B59: =VLOOKUP(A59,[65]TRANSPORTE!A5:D104,3,FALSE) -> Transporte de material de subbase | H59: m3k | I59: 1.3 | J59: 70 | K59: =I59*J59 -> 91 | L59: =VLOOKUP(A59,[65]TRANSPORTE!A5:D123,4,FALSE) -> 881.02273 | N59: =K59*L59 -> 80173.068
B65: SUBTOTAL $ | N65: =N59+N60+N61+N62+N63 -> 80173.068
B67: IV. MANO DE OBRA
B69: TRABAJADOR | I69: JORNAL | J69: PRESTACIONES (%) | K69: JORNAL TOTAL | L69: RENDIMIENTO | N69: Vr. UNITARIO
A70: A0040010 | B70: =VLOOKUP(A70,'[65]MANO DE OBRA'!A8:D68,3,FALSE) -> Oficial | I70: =K70/J70*100 -> 49181.133 | J70: 185 | K70: =VLOOKUP(A70,'[65]MANO DE OBRA'!A8:D99,4,FALSE) -> 90985.097 | M70: 360 | N70: =K70/M70 -> 252.73638
A71: A0030020 | B71: =VLOOKUP(A71,'[65]MANO DE OBRA'!A8:D69,3,FALSE) -> Obrero (2) | I71: =K71/J71*100 -> 49181.133 | J71: 185 | K71: =VLOOKUP(A71,'[65]MANO DE OBRA'!A8:D100,4,FALSE) -> 90985.097 | M71: 360 | N71: =K71/M71 -> 252.73638
B76: SUBTOTAL $ | N76: =SUM(N70:N75) -> 505.47276
B78: TOTAL COSTO DIRECTO $ | N78: =N43+N54+N65+N76 -> 172898.09
B80: V. COSTOS INDIRECTOS
B82: Descripción | K82: Porcentaje | L82: Valor Total
B83: ADMINISTRACION | K83: 0.2 | L83: =N78*K83 -> 34579.618
B84: IMPREVISTOS | K84: 0.05 | L84: =N78*K84 -> 8644.9046
B85: UTILIDAD | K85: 0.05 | L85: =N78*K85 -> 8644.9046
B86: SUBTOTAL $ | N86: =L83+L84+L85 -> 51869.427
A88: PFinal01 | B88: Precio Unitario Total Aproximado al Peso $ | N88: =ROUND(N78+N86,0) -> 224768
E93: Firma
E94: Nombre:
E95: Representante Legal del Contratista o su Apoderado
E96: Matricula No. :
B98: OBSERVACIONES INTERVENTORÍA:
B104: APROBACIÓN POR INTERVENTORÍA
B105: Nota 1: Cuando se trate de Análisis de precios unitarios correspondientes a ítems de la propuesta económica aprobada, el Interventor aprueba el desglose de los componentes manteniendo el mismo precio unitario de cada ítem, cumpliendo con las especificaciones de construcción vigentes para el proyecto.
B107: Nota 2: Cuando se trate de Análisis de precios unitarios de ítems no previstos, el Interventor aprueba el desglose y precio unitario de cada ítem no previsto, exigiendo la aplicación de los costos correspondientes a insumos y tarifas de la propuesta económica inicial cuando estén contemplados, cumpliendo con las especificaciones de construcción vigente para el proyecto.
E113: Firma
E114: Nombre:
E115: Representante Legal del Interventor o su Apoderado
E116: Matricula No. :
B118: Original: Archivo de Gestión del Contrato (Subdirección Administrativa).
B119: Copias: Unidad Ejecutora, Contratista, Interventor y Dirección Territorial.

Sheet 600.2.1
K1: CÓDIGO | L1: MINFRA-MN-IN-10-FR-1
C2: INSTITUTO NACIONAL DE VIAS
C3: PROCESO GESTIÓN DE LA INFRAESTRUCTURA VIAL | K3: VERSIÓN | L3: 1
C4: MANUAL DE INTERVENTORÍA OBRA PÚBLICA
C5: ANÁLISIS DE PRECIOS UNITARIOS | K5: PÁGINA | M5: DE
K8: FECHA
L9: (Día) | M9: (Mes) | N9: (Año)
B10: ITEMS DE LA PROPUESTA ECONÓMICA | F10: □ | I10: ITEMS NO PREVISTOS | K10: □
B11: UNIDAD EJECUTORA: | J11: DIRECCIÓN TERRITORIAL:
B14: CONTRATO No. | D14: DE
B15: OBJETO DEL CONTRATO:
C16: =+'PRESUPUESTO OBRA'!A5 -> ATENCION OBRAS DE EMERGENCIA POR EL SISTEMA DE MONTO AGOTABLE EN LAS VÍAS A CARGO DE LA DIRECCION TERRITORIAL CUNDINAMARCA DEL INVIAS, DEPARTAMENTO DE CUNDINAMARCA
B18: CARRETERA: | J18: SECTOR:
B20: CONTRATISTA:
B22: INTERVENTOR: | K22: CTO No.: | M22: DE
B24: FECHA CIERRE PROCESO DE SELECCIÓN CONTRATO DE OBRA:
F25: (Día) | I25: (Mes) | J25: (Año)
B27: DATOS ESPECÍFICOS
B29: ITEM | C29: DESCRIPCIÓN | K29: GRUPO DE AJUSTE | L29: UNIDAD | N29: CANTIDAD
B30: ITEM | C30: DESCRIPCIÓN | L30: UNIDAD | N30: CANTIDAD
A31: Unidad | B31: 600.2.1 | C31: Excavaciones Varias en Roca en Seco. | L31: m3
B33: I. EQUIPO
B35: DESCRIPCIÓN | I35: TIPO | K35: TARIFA/HORA | L35: RENDIMIENTO | N35: Vr. UNITARIO
A36: C0010270 | B36: =VLOOKUP(A36,[65]EQUIPOS!A6:D154,3,FALSE) -> Compresor 120 HP, con martillo. | K36: =VLOOKUP(A36,[65]EQUIPOS!A6:D163,4,FALSE) -> 75944.243 | M36: 2.5 | N36: =K36/M36 -> 30377.697
A37: C0010052 | B37: =VLOOKUP(A37,[65]EQUIPOS!A7:D154,3,FALSE) -> Buldozer, Potencia al volante de 140 HP, motor de 2200 RPM, longitud de hoja 4,80m. | K37: =VLOOKUP(A37,[65]EQUIPOS!A7:D164,4,FALSE) -> 141426.11 | M37: 100 | N37: =K37/M37 -> 1414.2611
A38: C0010790 | B38: =VLOOKUP(A38,[65]EQUIPOS!A8:D154,3,FALSE) -> Retroexcavadora sobre oruga, potencia 138 HP, balde de 1,5 m3. | K38: =VLOOKUP(A38,[65]EQUIPOS!A8:D165,4,FALSE) -> 184343.65 | M38: 16 | N38: =K38/M38 -> 11521.478
B40: HERRAMIENTA MENOR (%) | M40: 0.01 | N40: =N76*M40 -> 21.324632
B42: SUBTOTAL $ | N42: =SUM(N36:N41) -> 43334.761
B44: II. MATERIALES
B46: DESCRIPCIÓN | J46: UNIDAD | K46: CANTIDAD | L46: PRECIO UNIT. | N46: Vr. UNITARIO
A47: B0013270 | B47: =VLOOKUP(A47,[65]MATERIALES!A5:D373,3,FALSE) -> Anfo | J47: =VLOOKUP(A47,[65]MATERIALES!A3:D639,2,FALSE) -> kg | K47: 0.3 | M47: =VLOOKUP(A47,[65]MATERIALES!A5:D396,4,FALSE) -> 4345.12 | N47: =K47*M47 -> 1303.536
A48: B0013730 | B48: =VLOOKUP(A48,[65]MATERIALES!A6:D373,3,FALSE) -> Cordón detonante | J48: =VLOOKUP(A48,[65]MATERIALES!A4:D640,2,FALSE) -> m | K48: 3 | M48: =VLOOKUP(A48,[65]MATERIALES!A6:D397,4,FALSE) -> 1362.25 | N48: =K48*M48 -> 4086.75
A49: B0013980 | B49: =VLOOKUP(A49,[65]MATERIALES!A6:D373,3,FALSE) -> Explosivos 75% (INDUGEL) | J49: =VLOOKUP(A49,[65]MATERIALES!A5:D641,2,FALSE) -> lb | K49: 0.25 | M49: =VLOOKUP(A49,[65]MATERIALES!A6:D398,4,FALSE) -> 6975.0233 | N49: =K49*M49 -> 1743.7558
A50: B0014040 | B50: =VLOOKUP(A50,[65]MATERIALES!A6:D373,3,FALSE) -> Fulminantes | J50: =VLOOKUP(A50,[65]MATERIALES!A6:D642,2,FALSE) -> u | K50: 1 | M50: =VLOOKUP(A50,[65]MATERIALES!A6:D399,4,FALSE) -> 767.61667 | N50: =K50*M50 -> 767.61667
A51: B0014420 | B51: =VLOOKUP(A51,[65]MATERIALES!A7:D373,3,FALSE) -> Mecha Lenta | J51: =VLOOKUP(A51,[65]MATERIALES!A6:D643,2,FALSE) -> m | K51: 1 | M51: =VLOOKUP(A51,[65]MATERIALES!A7:D400,4,FALSE) -> 678.56 | N51: =K51*M51 -> 678.56
A52: B015012 | B52: =VLOOKUP(A52,[65]MATERIALES!A8:D373,3,FALSE) -> Escolta y transporte (una tarifa por cada m3 escoltado y transportado) | J52: =VLOOKUP(A52,[65]MATERIALES!A6:D644,2,FALSE) -> kg | K52: 0.458 | M52: =VLOOKUP(A52,[65]MATERIALES!A8:D401,4,FALSE) -> 4890 | N52: =K52*M52 -> 2239.62
A53: B0013790 | B53: =VLOOKUP(A53,[65]MATERIALES!A9:D373,3,FALSE) -> Derechos de explotación y/o disposición de materiales | J53: =VLOOKUP(A53,[65]MATERIALES!A7:D645,2,FALSE) -> m3 | K53: 1.3 | M53: =VLOOKUP(A53,[65]MATERIALES!A9:D402,4,FALSE) -> 2825.0267 | N53: =K53*M53 -> 3672.5347
B54: SUBTOTAL $ | N54: =SUM(N47:N53) -> 14492.373
B56: III. TRANSPORTES
B58: MATERIAL | H58: UNIDAD | I58: CANTIDAD (1) | J58: DISTANCIA (2) | K58: (1) * (2) | L58: TARIFA | N58: Vr. UNITARIO
A59: T0010025 | B59: =VLOOKUP(A59,[65]TRANSPORTE!A5:D117,3,FALSE) -> Transporte de material de excavación | H59: m3km | I59: 1.3 | J59: 10 | K59: =I59*J59 -> 13 | L59: =VLOOKUP(A59,[65]TRANSPORTE!A5:D117,4,FALSE) -> 881.02273 | N59: =K59*L59 -> 11453.295
B65: SUBTOTAL $ | N65: =N59+N60+N61+N62+N63 -> 11453.295
B67: IV. MANO DE OBRA
B69: TRABAJADOR | I69: JORNAL | J69: PRESTACIONES (%) | K69: JORNAL TOTAL | L69: RENDIMIENTO | N69: Vr. UNITARIO
A70: A0030040 | B70: =VLOOKUP(A70,'[65]MANO DE OBRA'!A8:D68,3,FALSE) -> Obrero (4) | I70: =K70/J70*100 -> 98362.267 | J70: 185 | K70: =VLOOKUP(A70,'[65]MANO DE OBRA'!A8:D99,4,FALSE) -> 181970.19 | M70: 128 | N70: =K70/M70 -> 1421.6421
A71: A0040010 | B71: =VLOOKUP(A71,'[65]MANO DE OBRA'!A8:D69,3,FALSE) -> Oficial | I71: =K71/J71*100 -> 49181.133 | J71: 185 | K71: =VLOOKUP(A71,'[65]MANO DE OBRA'!A8:D100,4,FALSE) -> 90985.097 | M71: 128 | N71: =K71/M71 -> 710.82107
B76: SUBTOTAL $ | N76: =SUM(N70:N75) -> 2132.4632
B78: TOTAL COSTO DIRECTO $ | N78: =N42+N54+N65+N76 -> 71412.893
B80: V. COSTOS INDIRECTOS
B82: Descripción | K82: Porcentaje | L82: Valor Total
B83: ADMINISTRACION | K83: 0.2 | L83: =N78*K83 -> 14282.579
B84: IMPREVISTOS | K84: 0.05 | L84: =N78*K84 -> 3570.6447
B85: UTILIDAD | K85: 0.05 | L85: =N78*K85 -> 3570.6447
B86: SUBTOTAL $ | N86: =L83+L84+L85 -> 21423.868
A88: PFinal01 | B88: Precio Unitario Total Aproximado al Peso $ | N88: =ROUND(N78+N86,0) -> 92837
E93: Firma
E94: Nombre:
E95: Representante Legal del Contratista o su Apoderado
E96: Matricula No. :
B98: OBSERVACIONES INTERVENTORÍA:
B104: APROBACIÓN POR INTERVENTORÍA
B105: Nota 1: Cuando se trate de Análisis de precios unitarios correspondientes a ítems de la propuesta económica aprobada, el Interventor aprueba el desglose de los componentes manteniendo el mismo precio unitario de cada ítem, cumpliendo con las especificaciones de construcción vigentes para el proyecto.
B107: Nota 2: Cuando se trate de Análisis de precios unitarios de ítems no previstos, el Interventor aprueba el desglose y precio unitario de cada ítem no previsto, exigiendo la aplicación de los costos correspondientes a insumos y tarifas de la propuesta económica inicial cuando estén contemplados, cumpliendo con las especificaciones de construcción vigente para el proyecto.
E113: Firma
E114: Nombre:
E115: Representante Legal del Interventor o su Apoderado
E116: Matricula No. :
B118: Original: Archivo de Gestión del Contrato (Subdirección Administrativa).
B119: Copias: Unidad Ejecutora, Contratista, Interventor y Dirección Territorial.

Sheet 600.2.2
K1: CÓDIGO | L1: MINFRA-MN-IN-10-FR-1
C2: INSTITUTO NACIONAL DE VIAS
C3: PROCESO GESTIÓN DE LA INFRAESTRUCTURA VIAL | K3: VERSIÓN | L3: 1
C4: MANUAL DE INTERVENTORÍA OBRA PÚBLICA
C5: ANÁLISIS DE PRECIOS UNITARIOS | K5: PÁGINA | M5: DE
K8: FECHA
L9: (Día) | M9: (Mes) | N9: (Año)
B10: ITEMS DE LA PROPUESTA ECONÓMICA | F10: □ | I10: ITEMS NO PREVISTOS | K10: □
B11: UNIDAD EJECUTORA: | J11: DIRECCIÓN TERRITORIAL:
B14: CONTRATO No. | D14: DE
B15: OBJETO DEL CONTRATO:
C16: =+'PRESUPUESTO OBRA'!A5 -> ATENCION OBRAS DE EMERGENCIA POR EL SISTEMA DE MONTO AGOTABLE EN LAS VÍAS A CARGO DE LA DIRECCION TERRITORIAL CUNDINAMARCA DEL INVIAS, DEPARTAMENTO DE CUNDINAMARCA
B18: CARRETERA: | J18: SECTOR:
B20: CONTRATISTA:
B22: INTERVENTOR: | K22: CTO No.: | M22: DE
B24: FECHA CIERRE PROCESO DE SELECCIÓN CONTRATO DE OBRA:
F25: (Día) | I25: (Mes) | J25: (Año)
B27: DATOS ESPECÍFICOS
B29: ITEM | C29: DESCRIPCIÓN | K29: GRUPO DE AJUSTE | L29: UNIDAD | N29: CANTIDAD
B30: ITEM | C30: DESCRIPCIÓN | L30: UNIDAD | N30: CANTIDAD
A31: Unidad | B31: 600.2.2 | C31: Excavaciones Varias en Roca Bajo Agua. | L31: m3
B33: I. EQUIPO
B35: DESCRIPCIÓN | I35: TIPO | K35: TARIFA/HORA | L35: RENDIMIENTO | N35: Vr. UNITARIO
A36: C0010270 | B36: =VLOOKUP(A36,[65]EQUIPOS!A6:D154,3,FALSE) -> Compresor 120 HP, con martillo. | K36: =VLOOKUP(A36,[65]EQUIPOS!A6:D163,4,FALSE) -> 75944.243 | M36: 2.5 | N36: =K36/M36 -> 30377.697
A37: C0010052 | B37: =VLOOKUP(A37,[65]EQUIPOS!A7:D154,3,FALSE) -> Buldozer, Potencia al volante de 140 HP, motor de 2200 RPM, longitud de hoja 4,80m. | K37: =VLOOKUP(A37,[65]EQUIPOS!A7:D164,4,FALSE) -> 141426.11 | M37: 100 | N37: =K37/M37 -> 1414.2611
A38: C0010570 | B38: =VLOOKUP(A38,[65]EQUIPOS!A8:D154,3,FALSE) -> Motobomba 3 PULGADAS (incluye operario) | K38: =VLOOKUP(A38,[65]EQUIPOS!A8:D165,4,FALSE) -> 7382.5 | M38: 8 | N38: =K38/M38 -> 922.8125
A39: C0010790 | B39: =VLOOKUP(A39,[65]EQUIPOS!A9:D154,3,FALSE) -> Retroexcavadora sobre oruga, potencia 138 HP, balde de 1,5 m3. | K39: =VLOOKUP(A39,[65]EQUIPOS!A9:D166,4,FALSE) -> 184343.65 | M39: 8 | N39: =K39/M39 -> 23042.957
B41: HERRAMIENTA MENOR (%) | M41: 0.01 | N41: =N78*M41 -> 181.97019
B43: SUBTOTAL $ | N43: =SUM(N36:N42) -> 55939.698
B45: II. MATERIALES
B47: DESCRIPCIÓN | J47: UNIDAD | K47: CANTIDAD | L47: PRECIO UNIT. | N47: Vr. UNITARIO
A48: B0013270 | B48: =VLOOKUP(A48,[65]MATERIALES!A5:D373,3,FALSE) -> Anfo | J48: =VLOOKUP(A48,[65]MATERIALES!A4:D640,2,FALSE) -> kg | K48: 0.3 | M48: =VLOOKUP(A48,[65]MATERIALES!A5:D396,4,FALSE) -> 4345.12 | N48: =K48*M48 -> 1303.536
A49: B0013730 | B49: =VLOOKUP(A49,[65]MATERIALES!A6:D373,3,FALSE) -> Cordón detonante | J49: =VLOOKUP(A49,[65]MATERIALES!A5:D641,2,FALSE) -> m | K49: 3 | M49: =VLOOKUP(A49,[65]MATERIALES!A6:D397,4,FALSE) -> 1362.25 | N49: =K49*M49 -> 4086.75
A50: B0013980 | B50: =VLOOKUP(A50,[65]MATERIALES!A6:D373,3,FALSE) -> Explosivos 75% (INDUGEL) | J50: =VLOOKUP(A50,[65]MATERIALES!A6:D642,2,FALSE) -> lb | K50: 0.25 | M50: =VLOOKUP(A50,[65]MATERIALES!A6:D398,4,FALSE) -> 6975.0233 | N50: =K50*M50 -> 1743.7558
A51: B0014040 | B51: =VLOOKUP(A51,[65]MATERIALES!A6:D373,3,FALSE) -> Fulminantes | J51: =VLOOKUP(A51,[65]MATERIALES!A6:D643,2,FALSE) -> u | K51: 1 | M51: =VLOOKUP(A51,[65]MATERIALES!A6:D399,4,FALSE) -> 767.61667 | N51: =K51*M51 -> 767.61667
A52: B0014420 | B52: =VLOOKUP(A52,[65]MATERIALES!A7:D373,3,FALSE) -> Mecha Lenta | J52: =VLOOKUP(A52,[65]MATERIALES!A6:D644,2,FALSE) -> m | K52: 1 | M52: =VLOOKUP(A52,[65]MATERIALES!A7:D400,4,FALSE) -> 678.56 | N52: =K52*M52 -> 678.56
A53: B015012 | B53: =VLOOKUP(A53,[65]MATERIALES!A7:D373,3,FALSE) -> Escolta y transporte (una tarifa por cada m3 escoltado y transportado) | J53: =VLOOKUP(A53,[65]MATERIALES!A6:D644,2,FALSE) -> kg | K53: 0.458 | M53: =VLOOKUP(A53,[65]MATERIALES!A7:D400,4,FALSE) -> 4890 | N53: =K53*M53 -> 2239.62
A54: B0013790 | B54: =VLOOKUP(A54,[65]MATERIALES!A8:D373,3,FALSE) -> Derechos de explotación y/o disposición de materiales | J54: =VLOOKUP(A54,[65]MATERIALES!A7:D645,2,FALSE) -> m3 | K54: 1.3 | M54: =VLOOKUP(A54,[65]MATERIALES!A8:D401,4,FALSE) -> 2825.0267 | N54: =K54*M54 -> 3672.5347
B56: SUBTOTAL $ | N56: =SUM(N48:N55) -> 14492.373
B58: III. TRANSPORTES
B60: MATERIAL | H60: UNIDAD | I60: CANTIDAD (1) | J60: DISTANCIA (2) | K60: (1) * (2) | L60: TARIFA | N60: Vr. UNITARIO
A61: T0010025 | B61: =VLOOKUP(A61,[65]TRANSPORTE!A5:D117,3,FALSE) -> Transporte de material de excavación | H61: m3km | I61: 1.3 | J61: 10 | K61: =I61*J61 -> 13 | L61: =VLOOKUP(A61,[65]TRANSPORTE!A5:D117,4,FALSE) -> 881.02273 | N61: =K61*L61 -> 11453.295
B67: SUBTOTAL $ | N67: =N61+N62+N63+N64+N65 -> 11453.295
B69: IV. MANO DE OBRA
B71: TRABAJADOR | I71: JORNAL | J71: PRESTACIONES (%) | K71: JORNAL TOTAL | L71: RENDIMIENTO | N71: Vr. UNITARIO
A72: A0030060 | B72: =VLOOKUP(A72,'[65]MANO DE OBRA'!A8:D68,3,FALSE) -> Obrero (6) | I72: =K72/J72*100 -> 147543.4 | J72: 185 | K72: =VLOOKUP(A72,'[65]MANO DE OBRA'!A8:D99,4,FALSE) -> 272955.29 | M72: 20 | N72: =K72/M72 -> 13647.764
A73: A0040010 | B73: =VLOOKUP(A73,'[65]MANO DE OBRA'!A8:D69,3,FALSE) -> Oficial | I73: =K73/J73*100 -> 49181.133 | J73: 185 | K73: =VLOOKUP(A73,'[65]MANO DE OBRA'!A8:D100,4,FALSE) -> 90985.097 | M73: 20 | N73: =K73/M73 -> 4549.2548
B78: SUBTOTAL $ | N78: =SUM(N72:N77) -> 18197.019
B80: TOTAL COSTO DIRECTO $ | N80: =N43+N56+N67+N78 -> 100082.39
B82: V. COSTOS INDIRECTOS
B84: Descripción | K84: Porcentaje | L84: Valor Total
B85: ADMINISTRACION | K85: 0.2 | L85: =N80*K85 -> 20016.477
B86: IMPREVISTOS | K86: 0.05 | L86: =N80*K86 -> 5004.1193
B87: UTILIDAD | K87: 0.05 | L87: =N80*K87 -> 5004.1193
B88: SUBTOTAL $ | N88: =L85+L86+L87 -> 30024.716
A90: PFinal01 | B90: Precio Unitario Total Aproximado al Peso $ | N90: =ROUND(N80+N88,0) -> 130107
E95: Firma
E96: Nombre:
E97: Representante Legal del Contratista o su Apoderado
E98: Matricula No. :
B100: OBSERVACIONES INTERVENTORÍA:
B106: APROBACIÓN POR INTERVENTORÍA
B107: Nota 1: Cuando se trate de Análisis de precios unitarios correspondientes a ítems de la propuesta económica aprobada, el Interventor aprueba el desglose de los componentes manteniendo el mismo precio unitario de cada ítem, cumpliendo con las especificaciones de construcción vigentes para el proyecto.
B109: Nota 2: Cuando se trate de Análisis de precios unitarios de ítems no previstos, el Interventor aprueba el desglose y precio unitario de cada ítem no previsto, exigiendo la aplicación de los costos correspondientes a insumos y tarifas de la propuesta económica inicial cuando estén contemplados, cumpliendo con las especificaciones de construcción vigente para el proyecto.
E115: Firma
E116: Nombre:
E117: Representante Legal del Interventor o su Apoderado
E118: Matricula No. :
B120: Original: Archivo de Gestión del Contrato (Subdirección Administrativa).
B121: Copias: Unidad Ejecutora, Contratista, Interventor y Dirección Territorial.

Sheet 600.2.3
K1: CÓDIGO | L1: MINFRA-MN-IN-10-FR-1
C2: INSTITUTO NACIONAL DE VIAS
C3: PROCESO GESTIÓN DE LA INFRAESTRUCTURA VIAL | K3: VERSIÓN | L3: 1
C4: MANUAL DE INTERVENTORÍA OBRA PÚBLICA
C5: ANÁLISIS DE PRECIOS UNITARIOS | K5: PÁGINA | M5: DE
K8: FECHA
L9: (Día) | M9: (Mes) | N9: (Año)
B10: ITEMS DE LA PROPUESTA ECONÓMICA | F10: □ | I10: ITEMS NO PREVISTOS | K10: □
B11: UNIDAD EJECUTORA: | J11: DIRECCIÓN TERRITORIAL:
B14: CONTRATO No. | D14: DE
B15: OBJETO DEL CONTRATO:
C16: =+'PRESUPUESTO OBRA'!A5 -> ATENCION OBRAS DE EMERGENCIA POR EL SISTEMA DE MONTO AGOTABLE EN LAS VÍAS A CARGO DE LA DIRECCION TERRITORIAL CUNDINAMARCA DEL INVIAS, DEPARTAMENTO DE CUNDINAMARCA
B18: CARRETERA: | J18: SECTOR:
B20: CONTRATISTA:
B22: INTERVENTOR: | K22: CTO No.: | M22: DE
B24: FECHA CIERRE PROCESO DE SELECCIÓN CONTRATO DE OBRA:
F25: (Día) | I25: (Mes) | J25: (Año)
B27: DATOS ESPECÍFICOS
B29: ITEM | C29: DESCRIPCIÓN | K29: GRUPO DE AJUSTE | L29: UNIDAD | N29: CANTIDAD
B30: ITEM | C30: DESCRIPCIÓN | L30: UNIDAD | N30: CANTIDAD
A31: Unidad | B31: 600.2.3 | C31: Excavaciones Varias en Material Comun en Seco | L31: m3
B33: I. EQUIPO
B35: DESCRIPCIÓN | I35: TIPO | K35: TARIFA/HORA | L35: RENDIMIENTO | N35: Vr. UNITARIO
A36: C0010052 | B36: =VLOOKUP(A36,[65]EQUIPOS!A6:D154,3,FALSE) -> Buldozer, Potencia al volante de 140 HP, motor de 2200 RPM, longitud de hoja 4,80m. | K36: =VLOOKUP(A36,[65]EQUIPOS!A6:D163,4,FALSE) -> 141426.11 | M36: 100 | N36: =K36/M36 -> 1414.2611
A37: C0010790 | B37: =VLOOKUP(A37,[65]EQUIPOS!A7:D154,3,FALSE) -> Retroexcavadora sobre oruga, potencia 138 HP, balde de 1,5 m3. | K37: =VLOOKUP(A37,[65]EQUIPOS!A7:D164,4,FALSE) -> 184343.65 | M37: 35 | N37: =K37/M37 -> 5266.9615
B41: HERRAMIENTA MENOR (%) | M41: 0.01 | N41: =N77*M41 -> 6.4989355
B43: SUBTOTAL $ | N43: =SUM(N36:N42) -> 6687.7216
B45: II. MATERIALES
B47: DESCRIPCIÓN | J47: UNIDAD | K47: CANTIDAD | L47: PRECIO UNIT. | N47: Vr. UNITARIO
A48: B0013790 | B48: =VLOOKUP(A48,[65]MATERIALES!A5:D373,3,FALSE) -> Derechos de explotación y/o disposición de materiales | J48: =VLOOKUP(A48,[65]MATERIALES!A4:D640,2,FALSE) -> m3 | K48: 1.3 | M48: =VLOOKUP(A48,[65]MATERIALES!A5:D396,4,FALSE) -> 2825.0267 | N48: =K48*M48 -> 3672.5347
N54: =K54*M54 -> 0
B55: SUBTOTAL $ | N55: =SUM(N48:N54) -> 3672.5347
B57: III. TRANSPORTES
B59: MATERIAL | H59: UNIDAD | I59: CANTIDAD (1) | J59: DISTANCIA (2) | K59: (1) * (2) | L59: TARIFA | N59: Vr. UNITARIO
A60: T0010025 | B60: =VLOOKUP(A60,[65]TRANSPORTE!A5:D117,3,FALSE) -> Transporte de material de excavación | H60: m3km | I60: 1.3 | J60: 10 | K60: =I60*J60 -> 13 | L60: =VLOOKUP(A60,[65]TRANSPORTE!A5:D117,4,FALSE) -> 881.02273 | N60: =K60*L60 -> 11453.295
B66: SUBTOTAL $ | N66: =N60+N61+N62+N63+N64 -> 11453.295
B68: IV. MANO DE OBRA
B70: TRABAJADOR | I70: JORNAL | J70: PRESTACIONES (%) | K70: JORNAL TOTAL | L70: RENDIMIENTO | N70: Vr. UNITARIO
A71: A0040010 | B71: =VLOOKUP(A71,'[65]MANO DE OBRA'!A8:D68,3,FALSE) -> Oficial | I71: =K71/J71*100 -> 49181.133 | J71: 185 | K71: =VLOOKUP(A71,'[65]MANO DE OBRA'!A8:D99,4,FALSE) -> 90985.097 | M71: 280 | N71: =K71/M71 -> 324.94677
A72: A0030020 | B72: =VLOOKUP(A72,'[65]MANO DE OBRA'!A8:D69,3,FALSE) -> Obrero (2) | I72: =K72/J72*100 -> 49181.133 | J72: 185 | K72: =VLOOKUP(A72,'[65]MANO DE OBRA'!A8:D100,4,FALSE) -> 90985.097 | M72: 280 | N72: =K72/M72 -> 324.94677
B77: SUBTOTAL $ | N77: =SUM(N71:N76) -> 649.89355
B79: TOTAL COSTO DIRECTO $ | N79: =N43+N55+N66+N77 -> 22463.445
B81: V. COSTOS INDIRECTOS
B83: Descripción | K83: Porcentaje | L83: Valor Total
B84: ADMINISTRACION | K84: 0.2 | L84: =N79*K84 -> 4492.689
B85: IMPREVISTOS | K85: 0.05 | L85: =N79*K85 -> 1123.1723
B86: UTILIDAD | K86: 0.05 | L86: =N79*K86 -> 1123.1723
B87: SUBTOTAL $ | N87: =L84+L85+L86 -> 6739.0336
A89: PFinal01 | B89: Precio Unitario Total Aproximado al Peso $ | N89: =ROUND(N79+N87,0) -> 29202
E94: Firma
E95: Nombre:
E96: Representante Legal del Contratista o su Apoderado
E97: Matricula No. :
B99: OBSERVACIONES INTERVENTORÍA:
B105: APROBACIÓN POR INTERVENTORÍA
B106: Nota 1: Cuando se trate de Análisis de precios unitarios correspondientes a ítems de la propuesta económica aprobada, el Interventor aprueba el desglose de los componentes manteniendo el mismo precio unitario de cada ítem, cumpliendo con las especificaciones de construcción vigentes para el proyecto.
B108: Nota 2: Cuando se trate de Análisis de precios unitarios de ítems no previstos, el Interventor aprueba el desglose y precio unitario de cada ítem no previsto, exigiendo la aplicación de los costos correspondientes a insumos y tarifas de la propuesta económica inicial cuando estén contemplados, cumpliendo con las especificaciones de construcción vigente para el proyecto.
E114: Firma
E115: Nombre:
E116: Representante Legal del Interventor o su Apoderado
E117: Matricula No. :
B119: Original: Archivo de Gestión del Contrato (Subdirección Administrativa).
B120: Copias: Unidad Ejecutora, Contratista, Interventor y Dirección Territorial.

Sheet 600.2.4
K1: CÓDIGO | L1: MINFRA-MN-IN-10-FR-1
C2: INSTITUTO NACIONAL DE VIAS
C3: PROCESO GESTIÓN DE LA INFRAESTRUCTURA VIAL | K3: VERSIÓN | L3: 1
C4: MANUAL DE INTERVENTORÍA OBRA PÚBLICA
C5: ANÁLISIS DE PRECIOS UNITARIOS | K5: PÁGINA | M5: DE
K8: FECHA
L9: (Día) | M9: (Mes) | N9: (Año)
B10: ITEMS DE LA PROPUESTA ECONÓMICA | F10: □ | I10: ITEMS NO PREVISTOS | K10: □
B11: UNIDAD EJECUTORA: | J11: DIRECCIÓN TERRITORIAL:
B14: CONTRATO No. | D14: DE
B15: OBJETO DEL CONTRATO:
C16: =+'PRESUPUESTO OBRA'!A5 -> ATENCION OBRAS DE EMERGENCIA POR EL SISTEMA DE MONTO AGOTABLE EN LAS VÍAS A CARGO DE LA DIRECCION TERRITORIAL CUNDINAMARCA DEL INVIAS, DEPARTAMENTO DE CUNDINAMARCA
B18: CARRETERA: | J18: SECTOR:
B20: CONTRATISTA:
B22: INTERVENTOR: | K22: CTO No.: | M22: DE
B24: FECHA CIERRE PROCESO DE SELECCIÓN CONTRATO DE OBRA:
F25: (Día) | I25: (Mes) | J25: (Año)
B27: DATOS ESPECÍFICOS
B29: ITEM | C29: DESCRIPCIÓN | K29: GRUPO DE AJUSTE | L29: UNIDAD | N29: CANTIDAD
A30: Unidad | B30: 600.2.4 | C30: Excavaciones Varias en Material Común Bajo Agua. | L30: m3
B32: I. EQUIPO
B34: DESCRIPCIÓN | I34: TIPO | K34: TARIFA/HORA | L34: RENDIMIENTO | N34: Vr. UNITARIO
A35: C0010580 | B35: =VLOOKUP(A35,[65]EQUIPOS!A6:D154,3,FALSE) -> Motobomba 4 pulgadas | K35: =VLOOKUP(A35,[65]EQUIPOS!A6:D163,4,FALSE) -> 9044.66 | M35: 21 | N35: =K35/M35 -> 430.6981
A36: C0010052 | B36: =VLOOKUP(A36,[65]EQUIPOS!A7:D154,3,FALSE) -> Buldozer, Potencia al volante de 140 HP, motor de 2200 RPM, longitud de hoja 4,80m. | K36: =VLOOKUP(A36,[65]EQUIPOS!A7:D164,4,FALSE) -> 141426.11 | M36: 100 | N36: =K36/M36 -> 1414.2611
A37: C0010790 | B37: =VLOOKUP(A37,[65]EQUIPOS!A8:D154,3,FALSE) -> Retroexcavadora sobre oruga, potencia 138 HP, balde de 1,5 m3. | K37: =VLOOKUP(A37,[65]EQUIPOS!A8:D165,4,FALSE) -> 184343.65 | M37: 21 | N37: =K37/M37 -> 8778.2692
B40: HERRAMIENTA MENOR (%) | M40: 0.01 | N40: =N76*M40 -> 10.831559
B42: SUBTOTAL $ | N42: =SUM(N35:N41) -> 10634.06
B44: II. MATERIALES
B46: DESCRIPCIÓN | J46: UNIDAD | K46: CANTIDAD | L46: PRECIO UNIT. | N46: Vr. UNITARIO
A47: B0013790 | B47: =VLOOKUP(A47,[65]MATERIALES!A5:D373,3,FALSE) -> Derechos de explotación y/o disposición de materiales | J47: =VLOOKUP(A47,[65]MATERIALES!A4:D640,2,FALSE) -> m3 | K47: 1.3 | M47: =VLOOKUP(A47,[65]MATERIALES!A5:D396,4,FALSE) -> 2825.0267 | N47: =K47*M47 -> 3672.5347
B54: SUBTOTAL $ | N54: =SUM(N47:N53) -> 3672.5347
B56: III. TRANSPORTES
B58: MATERIAL | H58: UNIDAD | I58: CANTIDAD (1) | J58: DISTANCIA (2) | K58: (1) * (2) | L58: TARIFA | N58: Vr. UNITARIO
A59: T0010025 | B59: =VLOOKUP(A59,[65]TRANSPORTE!A5:D117,3,FALSE) -> Transporte de material de excavación | H59: m3km | I59: 1.3 | J59: 10 | K59: =I59*J59 -> 13 | L59: =VLOOKUP(A59,[65]TRANSPORTE!A5:D117,4,FALSE) -> 881.02273 | N59: =K59*L59 -> 11453.295
B65: SUBTOTAL $ | N65: =N59+N60+N61+N62+N63 -> 11453.295
B67: IV. MANO DE OBRA
B69: TRABAJADOR | I69: JORNAL | J69: PRESTACIONES (%) | K69: JORNAL TOTAL | L69: RENDIMIENTO | N69: Vr. UNITARIO
A70: A0030020 | B70: =VLOOKUP(A70,'[65]MANO DE OBRA'!A8:D68,3,FALSE) -> Obrero (2) | I70: =K70/J70*100 -> 49181.133 | J70: 185 | K70: =VLOOKUP(A70,'[65]MANO DE OBRA'!A8:D99,4,FALSE) -> 90985.097 | M70: 168 | N70: =K70/M70 -> 541.57796
A71: A0040010 | B71: =VLOOKUP(A71,'[65]MANO DE OBRA'!A8:D69,3,FALSE) -> Oficial | I71: =K71/J71*100 -> 49181.133 | J71: 185 | K71: =VLOOKUP(A71,'[65]MANO DE OBRA'!A8:D100,4,FALSE) -> 90985.097 | M71: 168 | N71: =K71/M71 -> 541.57796
B76: SUBTOTAL $ | N76: =SUM(N70:N75) -> 1083.1559
B78: TOTAL COSTO DIRECTO $ | N78: =N42+N54+N65+N76 -> 26843.046
B80: V. COSTOS INDIRECTOS
B82: Descripción | K82: Porcentaje | L82: Valor Total
B83: ADMINISTRACION | K83: 0.2 | L83: =N78*K83 -> 5368.6092
B84: IMPREVISTOS | K84: 0.05 | L84: =N78*K84 -> 1342.1523
B85: UTILIDAD | K85: 0.05 | L85: =N78*K85 -> 1342.1523
B86: SUBTOTAL $ | N86: =L83+L84+L85 -> 8052.9138
A88: PFinal01 | B88: Precio Unitario Total Aproximado al Peso $ | N88: =ROUND(N78+N86,0) -> 34896
E93: Firma
E94: Nombre:
E95: Representante Legal del Contratista o su Apoderado
E96: Matricula No. :
B98: OBSERVACIONES INTERVENTORÍA:
B104: APROBACIÓN POR INTERVENTORÍA
B105: Nota 1: Cuando se trate de Análisis de precios unitarios correspondientes a ítems de la propuesta económica aprobada, el Interventor aprueba el desglose de los componentes manteniendo el mismo precio unitario de cada ítem, cumpliendo con las especificaciones de construcción vigentes para el proyecto.
B107: Nota 2: Cuando se trate de Análisis de precios unitarios de ítems no previstos, el Interventor aprueba el desglose y precio unitario de cada ítem no previsto, exigiendo la aplicación de los costos correspondientes a insumos y tarifas de la propuesta económica inicial cuando estén contemplados, cumpliendo con las especificaciones de construcción vigente para el proyecto.
E113: Firma
E114: Nombre:
E115: Representante Legal del Interventor o su Apoderado
E116: Matricula No. :
B118: Original: Archivo de Gestión del Contrato (Subdirección Administrativa).
B119: Copias: Unidad Ejecutora, Contratista, Interventor y Dirección Territorial.

Sheet 610.2
K1: CÓDIGO | L1: MINFRA-MN-IN-10-FR-1
C2: INSTITUTO NACIONAL DE VIAS
C3: PROCESO GESTIÓN DE LA INFRAESTRUCTURA VIAL | K3: VERSIÓN | L3: 1
C4: MANUAL DE INTERVENTORÍA OBRA PÚBLICA
C5: ANÁLISIS DE PRECIOS UNITARIOS | K5: PÁGINA | M5: DE
K8: FECHA
L9: (Día) | M9: (Mes) | N9: (Año)
B10: ITEMS DE LA PROPUESTA ECONÓMICA | F10: □ | I10: ITEMS NO PREVISTOS | K10: □
B11: UNIDAD EJECUTORA: | J11: DIRECCIÓN TERRITORIAL:
B14: CONTRATO No. | D14: DE
B15: OBJETO DEL CONTRATO:
C16: =+'PRESUPUESTO OBRA'!A5 -> ATENCION OBRAS DE EMERGENCIA POR EL SISTEMA DE MONTO AGOTABLE EN LAS VÍAS A CARGO DE LA DIRECCION TERRITORIAL CUNDINAMARCA DEL INVIAS, DEPARTAMENTO DE CUNDINAMARCA
B18: CARRETERA: | J18: SECTOR:
B20: CONTRATISTA:
B22: INTERVENTOR: | K22: CTO No.: | M22: DE
B24: FECHA CIERRE PROCESO DE SELECCIÓN CONTRATO DE OBRA:
F25: (Día) | I25: (Mes) | J25: (Año)
B27: DATOS ESPECÍFICOS
B29: ITEM | C29: DESCRIPCIÓN | K29: GRUPO DE AJUSTE | L29: UNIDAD | N29: CANTIDAD
B30: ITEM | C30: DESCRIPCIÓN | L30: UNIDAD | N30: CANTIDAD
A31: Unidad | B31: 610.2 | C31: Rellenos Para Estructuras con Recebo. | L31: m3
B33: I. EQUIPO
B35: DESCRIPCIÓN | I35: TIPO | K35: TARIFA/HORA | L35: RENDIMIENTO | N35: Vr. UNITARIO
A36: C0010200 | B36: =VLOOKUP(A36,[65]EQUIPOS!A6:D154,3,FALSE) -> Compactador manual (SALTARIN) Peso de operación (Kg.) 52, Fuerza de impacto por golpe (KN) 12. | K36: =VLOOKUP(A36,[65]EQUIPOS!A6:D163,4,FALSE) -> 10181.2 | M36: 2.5 | N36: =K36/M36 -> 4072.48
B41: HERRAMIENTA MENOR (%) | M41: 0.05 | N41: =N77*M41 -> 341.19411
B43: SUBTOTAL $ | N43: =SUM(N36:N42) -> 4413.6741
B45: II. MATERIALES
B47: DESCRIPCIÓN | J47: UNIDAD | K47: CANTIDAD | L47: PRECIO UNIT. | N47: Vr. UNITARIO
A48: B0014373 | B48: =VLOOKUP(A48,[65]MATERIALES!A5:D373,3,FALSE) -> Material de Recebo Para Relleno | J48: =VLOOKUP(A48,[65]MATERIALES!A4:D640,2,FALSE) -> m3 | K48: 1.3 | M48: =VLOOKUP(A48,[65]MATERIALES!A5:D396,4,FALSE) -> 22926.089 | N48: =K48*M48 -> 29803.916
A49: B0063200 | B49: =VLOOKUP(A49,[65]MATERIALES!A6:D373,3,FALSE) -> Agua | J49: =VLOOKUP(A49,[65]MATERIALES!A5:D641,2,FALSE) -> lt | K49: 30 | M49: =VLOOKUP(A49,[65]MATERIALES!A6:D397,4,FALSE) -> 50.937843 | N49: =K49*M49 -> 1528.1353
B55: SUBTOTAL $ | N55: =SUM(N48:N54) -> 31332.051
B57: III. TRANSPORTES
B59: MATERIAL | H59: UNIDAD | I59: CANTIDAD (1) | J59: DISTANCIA (2) | K59: (1) * (2) | L59: TARIFA | N59: Vr. UNITARIO
A60: T0010062 | B60: =VLOOKUP(A60,[65]TRANSPORTE!A5:D117,3,FALSE) -> Transporte de material seleccionado para relleno | H60: m3km | I60: 1.3 | J60: 70 | K60: =I60*J60 -> 91 | L60: =VLOOKUP(A60,[65]TRANSPORTE!A5:D117,4,FALSE) -> 881.02273 | N60: =K60*L60 -> 80173.068
B66: SUBTOTAL $ | N66: =N60+N61+N62+N63+N64 -> 80173.068
B68: IV. MANO DE OBRA
B70: TRABAJADOR | I70: JORNAL | J70: PRESTACIONES (%) | K70: JORNAL TOTAL | L70: RENDIMIENTO | N70: Vr. UNITARIO
A71: A0030030 | B71: =VLOOKUP(A71,'[65]MANO DE OBRA'!A8:D68,3,FALSE) -> Obrero (3) | I71: =K71/J71*100 -> 73771.7 | J71: 185 | K71: =VLOOKUP(A71,'[65]MANO DE OBRA'!A8:D99,4,FALSE) -> 136477.64 | M71: 20 | N71: =K71/M71 -> 6823.8822
B77: SUBTOTAL $ | N77: =SUM(N71:N76) -> 6823.8822
B79: TOTAL COSTO DIRECTO $ | N79: =N43+N55+N66+N77 -> 122742.68
B81: V. COSTOS INDIRECTOS
B83: Descripción | K83: Porcentaje | L83: Valor Total
B84: ADMINISTRACION | K84: 0.2 | L84: =N79*K84 -> 24548.535
B85: IMPREVISTOS | K85: 0.05 | L85: =N79*K85 -> 6137.1338
B86: UTILIDAD | K86: 0.05 | L86: =N79*K86 -> 6137.1338
B87: SUBTOTAL $ | N87: =L84+L85+L86 -> 36822.803
A89: PFinal01 | B89: Precio Unitario Total Aproximado al Peso $ | N89: =N79+N87 -> 159565.48
E94: Firma
E95: Nombre:
E96: Representante Legal del Contratista o su Apoderado
E97: Matricula No. :
B99: OBSERVACIONES INTERVENTORÍA:
B105: APROBACIÓN POR INTERVENTORÍA
B106: Nota 1: Cuando se trate de Análisis de precios unitarios correspondientes a ítems de la propuesta económica aprobada, el Interventor aprueba el desglose de los componentes manteniendo el mismo precio unitario de cada ítem, cumpliendo con las especificaciones de construcción vigentes para el proyecto.
B108: Nota 2: Cuando se trate de Análisis de precios unitarios de ítems no previstos, el Interventor aprueba el desglose y precio unitario de cada ítem no previsto, exigiendo la aplicación de los costos correspondientes a insumos y tarifas de la propuesta económica inicial cuando estén contemplados, cumpliendo con las especificaciones de construcción vigente para el proyecto.
E114: Firma
E115: Nombre:
E116: Representante Legal del Interventor o su Apoderado
E117: Matricula No. :
B119: Original: Archivo de Gestión del Contrato (Subdirección Administrativa).
B120: Copias: Unidad Ejecutora, Contratista, Interventor y Dirección Territorial.

Sheet 610.5
K1: CÓDIGO | L1: MINFRA-MN-IN-10-FR-1
C2: INSTITUTO NACIONAL DE VIAS
C3: PROCESO GESTIÓN DE LA INFRAESTRUCTURA VIAL | K3: VERSIÓN | L3: 1
C4: MANUAL DE INTERVENTORÍA OBRA PÚBLICA
C5: ANÁLISIS DE PRECIOS UNITARIOS | K5: PÁGINA | M5: DE
K8: FECHA
L9: (Día) | M9: (Mes) | N9: (Año)
B10: ITEMS DE LA PROPUESTA ECONÓMICA | F10: □ | I10: ITEMS NO PREVISTOS | K10: □
B11: UNIDAD EJECUTORA: | J11: DIRECCIÓN TERRITORIAL:
B14: CONTRATO No. | D14: DE
B15: OBJETO DEL CONTRATO:
C16: =+'PRESUPUESTO OBRA'!A5 -> ATENCION OBRAS DE EMERGENCIA POR EL SISTEMA DE MONTO AGOTABLE EN LAS VÍAS A CARGO DE LA DIRECCION TERRITORIAL CUNDINAMARCA DEL INVIAS, DEPARTAMENTO DE CUNDINAMARCA
B18: CARRETERA: | J18: SECTOR:
B20: CONTRATISTA:
B22: INTERVENTOR: | K22: CTO No.: | M22: DE
B24: FECHA CIERRE PROCESO DE SELECCIÓN CONTRATO DE OBRA:
F25: (Día) | I25: (Mes) | J25: (Año)
B27: DATOS ESPECÍFICOS
B29: ITEM | C29: DESCRIPCIÓN | K29: GRUPO DE AJUSTE | L29: UNIDAD | N29: CANTIDAD
B30: ITEM | C30: DESCRIPCIÓN | L30: UNIDAD | N30: CANTIDAD
A31: Unidad | B31: 610.5 | C31: Rellenos con Material Filtrante | L31: m3
B33: I. EQUIPO
B35: DESCRIPCIÓN | I35: TIPO | K35: TARIFA/HORA | L35: RENDIMIENTO | N35: Vr. UNITARIO
B41: HERRAMIENTA MENOR (%) | M41: 0.05 | N41: =N77*M41 -> 341.19411
B43: SUBTOTAL $ | N43: =SUM(N36:N42) -> 341.19411
B45: II. MATERIALES
B47: DESCRIPCIÓN | J47: UNIDAD | K47: CANTIDAD | L47: PRECIO UNIT. | N47: Vr. UNITARIO
A48: B0014390 | B48: =VLOOKUP(A48,[65]MATERIALES!A5:D373,3,FALSE) -> Material filtrante (6´´) | J48: =VLOOKUP(A48,[65]MATERIALES!A4:D640,2,FALSE) -> m3 | K48: 1.3 | M48: =VLOOKUP(A48,[65]MATERIALES!A5:D396,4,FALSE) -> 50011.663 | N48: =K48*M48 -> 65015.162
B55: SUBTOTAL $ | N55: =SUM(N48:N54) -> 65015.162
B57: III. TRANSPORTES
B59: MATERIAL | H59: UNIDAD | I59: CANTIDAD (1) | J59: DISTANCIA (2) | K59: (1) * (2) | L59: TARIFA | N59: Vr. UNITARIO
A60: T0010062 | B60: =VLOOKUP(A60,[65]TRANSPORTE!A5:D117,3,FALSE) -> Transporte de material seleccionado para relleno | H60: m3km | I60: 1.3 | J60: 70 | K60: =I60*J60 -> 91 | L60: =VLOOKUP(A60,[65]TRANSPORTE!A5:D117,4,FALSE) -> 881.02273 | N60: =K60*L60 -> 80173.068
B66: SUBTOTAL $ | N66: =N60+N61+N62+N63+N64 -> 80173.068
B68: IV. MANO DE OBRA
B70: TRABAJADOR | I70: JORNAL | J70: PRESTACIONES (%) | K70: JORNAL TOTAL | L70: RENDIMIENTO | N70: Vr. UNITARIO
A71: A0030030 | B71: =VLOOKUP(A71,'[65]MANO DE OBRA'!A8:D68,3,FALSE) -> Obrero (3) | I71: =K71/J71*100 -> 73771.7 | J71: 185 | K71: =VLOOKUP(A71,'[65]MANO DE OBRA'!A8:D99,4,FALSE) -> 136477.64 | M71: 20 | N71: =K71/M71 -> 6823.8822
B77: SUBTOTAL $ | N77: =SUM(N71:N76) -> 6823.8822
B79: TOTAL COSTO DIRECTO $ | N79: =N43+N55+N66+N77 -> 152353.31
B81: V. COSTOS INDIRECTOS
B83: Descripción | K83: Porcentaje | L83: Valor Total
B84: ADMINISTRACION | K84: 0.2 | L84: =N79*K84 -> 30470.661
B85: IMPREVISTOS | K85: 0.05 | L85: =N79*K85 -> 7617.6653
B86: UTILIDAD | K86: 0.05 | L86: =N79*K86 -> 7617.6653
B87: SUBTOTAL $ | N87: =L84+L85+L86 -> 45705.992
A89: PFinal01 | B89: Precio Unitario Total Aproximado al Peso $ | N89: =N79+N87 -> 198059.3
E94: Firma
E95: Nombre:
E96: Representante Legal del Contratista o su Apoderado
E97: Matricula No. :
B99: OBSERVACIONES INTERVENTORÍA:
B105: APROBACIÓN POR INTERVENTORÍA
B106: Nota 1: Cuando se trate de Análisis de precios unitarios correspondientes a ítems de la propuesta económica aprobada, el Interventor aprueba el desglose de los componentes manteniendo el mismo precio unitario de cada ítem, cumpliendo con las especificaciones de construcción vigentes para el proyecto.
B108: Nota 2: Cuando se trate de Análisis de precios unitarios de ítems no previstos, el Interventor aprueba el desglose y precio unitario de cada ítem no previsto, exigiendo la aplicación de los costos correspondientes a insumos y tarifas de la propuesta económica inicial cuando estén contemplados, cumpliendo con las especificaciones de construcción vigente para el proyecto.
E114: Firma
E115: Nombre:
E116: Representante Legal del Interventor o su Apoderado
E117: Matricula No. :
B119: Original: Archivo de Gestión del Contrato (Subdirección Administrativa).
B120: Copias: Unidad Ejecutora, Contratista, Interventor y Dirección Territorial.

Sheet 630.4
K1: CÓDIGO | L1: MINFRA-MN-IN-10-FR-1
C2: INSTITUTO NACIONAL DE VIAS
C3: PROCESO GESTIÓN DE LA INFRAESTRUCTURA VIAL | K3: VERSIÓN | L3: 1
C4: MANUAL DE INTERVENTORÍA OBRA PÚBLICA
C5: ANÁLISIS DE PRECIOS UNITARIOS | K5: PÁGINA | M5: DE
K8: FECHA
L9: (Día) | M9: (Mes) | N9: (Año)
B10: ITEMS DE LA PROPUESTA ECONÓMICA | F10: □ | I10: ITEMS NO PREVISTOS | K10: □
B11: UNIDAD EJECUTORA: | J11: DIRECCIÓN TERRITORIAL:
B14: CONTRATO No. | D14: DE
B15: OBJETO DEL CONTRATO:
C16: =+'PRESUPUESTO OBRA'!A5 -> ATENCION OBRAS DE EMERGENCIA POR EL SISTEMA DE MONTO AGOTABLE EN LAS VÍAS A CARGO DE LA DIRECCION TERRITORIAL CUNDINAMARCA DEL INVIAS, DEPARTAMENTO DE CUNDINAMARCA
B18: CARRETERA: | J18: SECTOR:
B20: CONTRATISTA:
B22: INTERVENTOR: | K22: CTO No.: | M22: DE
B24: FECHA CIERRE PROCESO DE SELECCIÓN CONTRATO DE OBRA:
F25: (Día) | I25: (Mes) | J25: (Año)
B27: DATOS ESPECÍFICOS
B29: ITEM | C29: DESCRIPCIÓN | K29: GRUPO DE AJUSTE | L29: UNIDAD | N29: CANTIDAD
B30: ITEM | C30: DESCRIPCIÓN | L30: UNIDAD | N30: CANTIDAD
A31: Unidad | B31: 630.4 | C31: Concreto Resistencia 21MPa (D) | L31: m3
B33: I. EQUIPO
B35: DESCRIPCIÓN | I35: TIPO | K35: TARIFA/HORA | L35: RENDIMIENTO | N35: Vr. UNITARIO
A36: C0010010 | B36: =VLOOKUP(A36,[65]EQUIPOS!A6:D154,3,FALSE) -> Aspersor manual | K36: =VLOOKUP(A36,[65]EQUIPOS!A6:D163,4,FALSE) -> 2553.5393 | M36: 2 | N36: =K36/M36 -> 1276.7696
A37: C0010922 | B37: =VLOOKUP(A37,[65]EQUIPOS!A7:D154,3,FALSE) -> Vibrador de concreto, Motor de 3 hp a 18.000 rpm Mangueras de 4 mt | K37: =VLOOKUP(A37,[65]EQUIPOS!A7:D164,4,FALSE) -> 4930.1736 | M37: 2 | N37: =K37/M37 -> 2465.0868
B41: HERRAMIENTA MENOR (%) | M41: 0.05 | N41: =N77*M41 -> 1137.3137
B43: SUBTOTAL $ | N43: =SUM(N36:N42) -> 4879.1702
B45: II. MATERIALES
B47: DESCRIPCIÓN | J47: UNIDAD | K47: CANTIDAD | L47: PRECIO UNIT. | N47: Vr. UNITARIO
A48: B0123650 | B48: =VLOOKUP(A48,[65]MATERIALES!A5:D373,3,FALSE) -> Concreto Resistencia 21 (Mpa) | J48: =VLOOKUP(A48,[65]MATERIALES!A4:D640,2,FALSE) -> m3 | K48: 1 | M48: =VLOOKUP(A48,[65]MATERIALES!A5:D396,4,FALSE) -> 424641.8 | N48: =K48*M48 -> 424641.8
A49: B0063290 | B49: =VLOOKUP(A49,[65]MATERIALES!A6:D373,3,FALSE) -> Antisol blanco (presentación 20 kg) | J49: =VLOOKUP(A49,[65]MATERIALES!A5:D641,2,FALSE) -> kg | K49: 1 | M49: =VLOOKUP(A49,[65]MATERIALES!A6:D397,4,FALSE) -> 5851.3983 | N49: =K49*M49 -> 5851.3983
A50: B021001 | B50: =VLOOKUP(A50,[65]MATERIALES!A6:D373,3,FALSE) -> Formaleta (gaviones, juntas de bordillos, juntas de cunetas, muros, concretos clase D,E, F y G) | J50: =VLOOKUP(A50,[65]MATERIALES!A6:D642,2,FALSE) -> m2 | K50: 4.6 | M50: =VLOOKUP(A50,[65]MATERIALES!A6:D398,4,FALSE) -> 6095.7368 | N50: =K50*M50 -> 28040.389
B55: SUBTOTAL $ | N55: =SUM(N48:N54) -> 458533.59
B57: III. TRANSPORTES
B59: MATERIAL | H59: UNIDAD | I59: CANTIDAD (1) | J59: DISTANCIA (2) | K59: (1) * (2) | L59: TARIFA | N59: Vr. UNITARIO
A60: T0010009 | B60: =VLOOKUP(A60,[65]TRANSPORTE!A2:D117,3,FALSE) -> Transporte de concreto | H60: m3k | I60: 1 | J60: 70 | K60: =I60*J60 -> 70 | L60: =VLOOKUP(A60,[65]TRANSPORTE!A2:D117,4,FALSE) -> 881.02273 | N60: =K60*L60 -> 61671.591
B66: SUBTOTAL $ | N66: =N60+N61+N62+N63+N64 -> 61671.591
B68: IV. MANO DE OBRA
B70: TRABAJADOR | I70: JORNAL | J70: PRESTACIONES (%) | K70: JORNAL TOTAL | L70: RENDIMIENTO | N70: Vr. UNITARIO
A71: A0030060 | B71: =VLOOKUP(A71,'[65]MANO DE OBRA'!A8:D68,3,FALSE) -> Obrero (6) | I71: =K71/J71*100 -> 147543.4 | J71: 185 | K71: =VLOOKUP(A71,'[65]MANO DE OBRA'!A8:D99,4,FALSE) -> 272955.29 | M71: 16 | N71: =K71/M71 -> 17059.706
A72: A0040010 | B72: =VLOOKUP(A72,'[65]MANO DE OBRA'!A8:D69,3,FALSE) -> Oficial | I72: =K72/J72*100 -> 49181.133 | J72: 185 | K72: =VLOOKUP(A72,'[65]MANO DE OBRA'!A8:D100,4,FALSE) -> 90985.097 | M72: 16 | N72: =K72/M72 -> 5686.5685
B77: SUBTOTAL $ | N77: =SUM(N71:N76) -> 22746.274
B79: TOTAL COSTO DIRECTO $ | N79: =N43+N55+N66+N77 -> 547830.62
B81: V. COSTOS INDIRECTOS
B83: Descripción | K83: Porcentaje | L83: Valor Total
B84: ADMINISTRACION | K84: 0.2 | L84: =N79*K84 -> 109566.12
B85: IMPREVISTOS | K85: 0.05 | L85: =N79*K85 -> 27391.531
B86: UTILIDAD | K86: 0.05 | L86: =N79*K86 -> 27391.531
B87: SUBTOTAL $ | N87: =L84+L85+L86 -> 164349.19
A89: PFinal01 | B89: Precio Unitario Total Aproximado al Peso $ | N89: =ROUND(N79+N87,0) -> 712180
E94: Firma
E95: Nombre:
E96: Representante Legal del Contratista o su Apoderado
E97: Matricula No. :
B99: OBSERVACIONES INTERVENTORÍA:
B105: APROBACIÓN POR INTERVENTORÍA
B106: Nota 1: Cuando se trate de Análisis de precios unitarios correspondientes a ítems de la propuesta económica aprobada, el Interventor aprueba el desglose de los componentes manteniendo el mismo precio unitario de cada ítem, cumpliendo con las especificaciones de construcción vigentes para el proyecto.
B108: Nota 2: Cuando se trate de Análisis de precios unitarios de ítems no previstos, el Interventor aprueba el desglose y precio unitario de cada ítem no previsto, exigiendo la aplicación de los costos correspondientes a insumos y tarifas de la propuesta económica inicial cuando estén contemplados, cumpliendo con las especificaciones de construcción vigente para el proyecto.
E114: Firma
E115: Nombre:
E116: Representante Legal del Interventor o su Apoderado
E117: Matricula No. :
B119: Original: Archivo de Gestión del Contrato (Subdirección Administrativa).
B120: Copias: Unidad Ejecutora, Contratista, Interventor y Dirección Territorial.

Sheet 630.5
K1: CÓDIGO | L1: MINFRA-MN-IN-10-FR-1
C2: INSTITUTO NACIONAL DE VIAS
C3: PROCESO GESTIÓN DE LA INFRAESTRUCTURA VIAL | K3: VERSIÓN | L3: 1
C4: MANUAL DE INTERVENTORÍA OBRA PÚBLICA
C5: ANÁLISIS DE PRECIOS UNITARIOS | K5: PÁGINA | M5: DE
K8: FECHA
L9: (Día) | M9: (Mes) | N9: (Año)
B10: ITEMS DE LA PROPUESTA ECONÓMICA | F10: □ | I10: ITEMS NO PREVISTOS | K10: □
B11: UNIDAD EJECUTORA: | J11: DIRECCIÓN TERRITORIAL:
B14: CONTRATO No. | D14: DE
B15: OBJETO DEL CONTRATO:
C16: =+'PRESUPUESTO OBRA'!A5 -> ATENCION OBRAS DE EMERGENCIA POR EL SISTEMA DE MONTO AGOTABLE EN LAS VÍAS A CARGO DE LA DIRECCION TERRITORIAL CUNDINAMARCA DEL INVIAS, DEPARTAMENTO DE CUNDINAMARCA
B18: CARRETERA: | J18: SECTOR:
B20: CONTRATISTA:
B22: INTERVENTOR: | K22: CTO No.: | M22: DE
B24: FECHA CIERRE PROCESO DE SELECCIÓN CONTRATO DE OBRA:
F25: (Día) | I25: (Mes) | J25: (Año)
B27: DATOS ESPECÍFICOS
B29: ITEM | C29: DESCRIPCIÓN | K29: GRUPO DE AJUSTE | L29: UNIDAD | N29: CANTIDAD
B30: ITEM | C30: DESCRIPCIÓN | L30: UNIDAD | N30: CANTIDAD
A31: Unidad | B31: 630.5 | C31: Concreto Resistencia 17.5MPa (E ) | L31: m3
B33: I. EQUIPO
B35: DESCRIPCIÓN | I35: TIPO | K35: TARIFA/HORA | L35: RENDIMIENTO | N35: Vr. UNITARIO
A36: C0010550 | B36: =VLOOKUP(A36,[65]EQUIPOS!A6:D154,3,FALSE) -> Mezcladora de concreto 1 bulto | K36: =VLOOKUP(A36,[65]EQUIPOS!A6:D163,4,FALSE) -> 6548.9113 | M36: 1 | N36: =K36/M36 -> 6548.9113
A37: C0010922 | B37: =VLOOKUP(A37,[65]EQUIPOS!A7:D154,3,FALSE) -> Vibrador de concreto, Motor de 3 hp a 18.000 rpm Mangueras de 4 mt | K37: =VLOOKUP(A37,[65]EQUIPOS!A7:D164,4,FALSE) -> 4930.1736 | M37: 1 | N37: =K37/M37 -> 4930.1736
B41: HERRAMIENTA MENOR (%) | M41: 0.05 | N41: =N81*M41 -> 2843.2843
B43: SUBTOTAL $ | N43: =SUM(N36:N42) -> 14322.369
B45: II. MATERIALES
B47: DESCRIPCIÓN | J47: UNIDAD | K47: CANTIDAD | L47: PRECIO UNIT. | N47: Vr. UNITARIO
A48: B0053100 | B48: =VLOOKUP(A48,[65]MATERIALES!A5:D373,3,FALSE) -> Agregado para concreto hidráulico | J48: =VLOOKUP(A48,[65]MATERIALES!A4:D640,2,FALSE) -> m3 | K48: 0.95 | M48: =VLOOKUP(A48,[65]MATERIALES!A5:D396,4,FALSE) -> 55110.85 | N48: =K48*M48 -> 52355.308
A49: B0063200 | B49: =VLOOKUP(A49,[65]MATERIALES!A6:D373,3,FALSE) -> Agua | J49: =VLOOKUP(A49,[65]MATERIALES!A5:D641,2,FALSE) -> lt | K49: 170 | M49: =VLOOKUP(A49,[65]MATERIALES!A6:D397,4,FALSE) -> 50.937843 | N49: =K49*M49 -> 8659.4333
A50: B0093350 | B50: =VLOOKUP(A50,[65]MATERIALES!A6:D373,3,FALSE) -> Arena lavada | J50: =VLOOKUP(A50,[65]MATERIALES!A6:D642,2,FALSE) -> m3 | K50: 0.55 | M50: =VLOOKUP(A50,[65]MATERIALES!A6:D398,4,FALSE) -> 39496 | N50: =K50*M50 -> 21722.8
A51: B0100001 | B51: =VLOOKUP(A51,[65]MATERIALES!A6:D373,3,FALSE) -> Cemento gris | J51: =VLOOKUP(A51,[65]MATERIALES!A6:D643,2,FALSE) -> kg | K51: 300 | M51: =VLOOKUP(A51,[65]MATERIALES!A6:D399,4,FALSE) -> 537.66667 | N51: =K51*M51 -> 161300
A52: B021001 | B52: =VLOOKUP(A52,[65]MATERIALES!A7:D373,3,FALSE) -> Formaleta (gaviones, juntas de bordillos, juntas de cunetas, muros, concretos clase D,E, F y G) | J52: =VLOOKUP(A52,[65]MATERIALES!A6:D644,2,FALSE) -> m2 | K52: 3.1 | M52: =VLOOKUP(A52,[65]MATERIALES!A7:D400,4,FALSE) -> 6095.7368 | N52: =K52*M52 -> 18896.784
B59: SUBTOTAL $ | N59: =SUM(N48:N58) -> 262934.33
B61: III. TRANSPORTES
B63: MATERIAL | H63: UNIDAD | I63: CANTIDAD (1) | J63: DISTANCIA (2) | K63: (1) * (2) | L63: TARIFA | N63: Vr. UNITARIO
A64: T0010004 | B64: =VLOOKUP(A64,[65]TRANSPORTE!A2:D117,3,FALSE) -> Transporte de arena | H64: m3k | I64: 0.55 | J64: 70 | K64: =I64*J64 -> 38.5 | L64: =VLOOKUP(A64,[65]TRANSPORTE!A2:D117,4,FALSE) -> 881.02273 | N64: =K64*L64 -> 33919.375
A65: T0010042 | B65: =VLOOKUP(A65,[65]TRANSPORTE!A3:D117,3,FALSE) -> Transporte de material triturado | H65: m3k | I65: 0.95 | J65: 70 | K65: =I65*J65 -> 66.5 | L65: =VLOOKUP(A65,[65]TRANSPORTE!A3:D117,4,FALSE) -> 881.02273 | N65: =K65*L65 -> 58588.011
B70: SUBTOTAL $ | N70: =N64+N65+N66+N67+N68 -> 92507.386
B72: IV. MANO DE OBRA
B74: TRABAJADOR | I74: JORNAL | J74: PRESTACIONES (%) | K74: JORNAL TOTAL | L74: RENDIMIENTO | N74: Vr. UNITARIO
A75: A0030080 | B75: =VLOOKUP(A75,'[65]MANO DE OBRA'!A8:D68,3,FALSE) -> Obrero (8) | I75: =K75/J75*100 -> 196724.53 | J75: 185 | K75: =VLOOKUP(A75,'[65]MANO DE OBRA'!A8:D99,4,FALSE) -> 363940.39 | M75: 8 | N75: =K75/M75 -> 45492.548
A76: A0040010 | B76: =VLOOKUP(A76,'[65]MANO DE OBRA'!A8:D69,3,FALSE) -> Oficial | I76: =K76/J76*100 -> 49181.133 | J76: 185 | K76: =VLOOKUP(A76,'[65]MANO DE OBRA'!A8:D100,4,FALSE) -> 90985.097 | M76: 8 | N76: =K76/M76 -> 11373.137
B81: SUBTOTAL $ | N81: =SUM(N75:N80) -> 56865.685
B83: TOTAL COSTO DIRECTO $ | N83: =N43+N59+N70+N81 -> 426629.77
B85: V. COSTOS INDIRECTOS
B87: Descripción | K87: Porcentaje | L87: Valor Total
B88: ADMINISTRACION | K88: 0.2 | L88: =N83*K88 -> 85325.953
B89: IMPREVISTOS | K89: 0.05 | L89: =N83*K89 -> 21331.488
B90: UTILIDAD | K90: 0.05 | L90: =N83*K90 -> 21331.488
B91: SUBTOTAL $ | N91: =L88+L89+L90 -> 127988.93
A93: PFinal01 | B93: Precio Unitario Total Aproximado al Peso $ | N93: =N83+N91 -> 554618.7
E98: Firma
E99: Nombre:
E100: Representante Legal del Contratista o su Apoderado
E101: Matricula No. :
B103: OBSERVACIONES INTERVENTORÍA:
B109: APROBACIÓN POR INTERVENTORÍA
B110: Nota 1: Cuando se trate de Análisis de precios unitarios correspondientes a ítems de la propuesta económica aprobada, el Interventor aprueba el desglose de los componentes manteniendo el mismo precio unitario de cada ítem, cumpliendo con las especificaciones de construcción vigentes para el proyecto.
B112: Nota 2: Cuando se trate de Análisis de precios unitarios de ítems no previstos, el Interventor aprueba el desglose y precio unitario de cada ítem no previsto, exigiendo la aplicación de los costos correspondientes a insumos y tarifas de la propuesta económica inicial cuando estén contemplados, cumpliendo con las especificaciones de construcción vigente para el proyecto.
E118: Firma
E119: Nombre:
E120: Representante Legal del Interventor o su Apoderado
E121: Matricula No. :
B123: Original: Archivo de Gestión del Contrato (Subdirección Administrativa).
B124: Copias: Unidad Ejecutora, Contratista, Interventor y Dirección Territorial.

Sheet 630.6
K1: CÓDIGO | L1: MINFRA-MN-IN-10-FR-1
C2: INSTITUTO NACIONAL DE VIAS
C3: PROCESO GESTIÓN DE LA INFRAESTRUCTURA VIAL | K3: VERSIÓN | L3: 1
C4: MANUAL DE INTERVENTORÍA OBRA PÚBLICA
C5: ANÁLISIS DE PRECIOS UNITARIOS | K5: PÁGINA | M5: DE
K8: FECHA
L9: (Día) | M9: (Mes) | N9: (Año)
B10: ITEMS DE LA PROPUESTA ECONÓMICA | F10: □ | I10: ITEMS NO PREVISTOS | K10: □
B11: UNIDAD EJECUTORA: | J11: DIRECCIÓN TERRITORIAL:
B14: CONTRATO No. | D14: DE
B15: OBJETO DEL CONTRATO:
C16: =+'PRESUPUESTO OBRA'!A5 -> ATENCION OBRAS DE EMERGENCIA POR EL SISTEMA DE MONTO AGOTABLE EN LAS VÍAS A CARGO DE LA DIRECCION TERRITORIAL CUNDINAMARCA DEL INVIAS, DEPARTAMENTO DE CUNDINAMARCA
B18: CARRETERA: | J18: SECTOR:
B20: CONTRATISTA:
B22: INTERVENTOR: | K22: CTO No.: | M22: DE
B24: FECHA CIERRE PROCESO DE SELECCIÓN CONTRATO DE OBRA:
F25: (Día) | I25: (Mes) | J25: (Año)
B27: DATOS ESPECÍFICOS
B29: ITEM | C29: DESCRIPCIÓN | K29: GRUPO DE AJUSTE | L29: UNIDAD | N29: CANTIDAD
B30: ITEM | C30: DESCRIPCIÓN | L30: UNIDAD | N30: CANTIDAD
A31: Unidad | B31: 630.6 | C31: Concreto Resistencia 14MPa (F) | L31: m3
B33: I. EQUIPO
B35: DESCRIPCIÓN | I35: TIPO | K35: TARIFA/HORA | L35: RENDIMIENTO | N35: Vr. UNITARIO
A36: C0010550 | B36: =VLOOKUP(A36,[65]EQUIPOS!A6:D154,3,FALSE) -> Mezcladora de concreto 1 bulto | K36: =VLOOKUP(A36,[65]EQUIPOS!A6:D163,4,FALSE) -> 6548.9113 | M36: 1 | N36: =K36/M36 -> 6548.9113
B41: HERRAMIENTA MENOR (%) | M41: 0.05 | N41: =N81*M41 -> 2843.2843
B43: SUBTOTAL $ | N43: =SUM(N36:N42) -> 9392.1955
B45: II. MATERIALES
B47: DESCRIPCIÓN | J47: UNIDAD | K47: CANTIDAD | L47: PRECIO UNIT. | N47: Vr. UNITARIO
A48: B0053100 | B48: =VLOOKUP(A48,[65]MATERIALES!A5:D373,3,FALSE) -> Agregado para concreto hidráulico | J48: =VLOOKUP(A48,[65]MATERIALES!A4:D640,2,FALSE) -> m3 | K48: 0.84 | M48: =VLOOKUP(A48,[65]MATERIALES!A5:D396,4,FALSE) -> 55110.85 | N48: =K48*M48 -> 46293.114
A49: B0063200 | B49: =VLOOKUP(A49,[65]MATERIALES!A6:D373,3,FALSE) -> Agua | J49: =VLOOKUP(A49,[65]MATERIALES!A5:D641,2,FALSE) -> lt | K49: 185 | M49: =VLOOKUP(A49,[65]MATERIALES!A6:D397,4,FALSE) -> 50.937843 | N49: =K49*M49 -> 9423.501
A50: B0093350 | B50: =VLOOKUP(A50,[65]MATERIALES!A6:D373,3,FALSE) -> Arena lavada | J50: =VLOOKUP(A50,[65]MATERIALES!A6:D642,2,FALSE) -> m3 | K50: 0.63 | M50: =VLOOKUP(A50,[65]MATERIALES!A6:D398,4,FALSE) -> 39496 | N50: =K50*M50 -> 24882.48
A51: B0100001 | B51: =VLOOKUP(A51,[65]MATERIALES!A6:D373,3,FALSE) -> Cemento gris | J51: =VLOOKUP(A51,[65]MATERIALES!A6:D643,2,FALSE) -> kg | K51: 260 | M51: =VLOOKUP(A51,[65]MATERIALES!A6:D399,4,FALSE) -> 537.66667 | N51: =K51*M51 -> 139793.33
B59: SUBTOTAL $ | N59: =SUM(N48:N58) -> 220392.43
B61: III. TRANSPORTES
B63: MATERIAL | H63: UNIDAD | I63: CANTIDAD (1) | J63: DISTANCIA (2) | K63: (1) * (2) | L63: TARIFA | N63: Vr. UNITARIO
A64: T0010004 | B64: =VLOOKUP(A64,[65]TRANSPORTE!A2:D117,3,FALSE) -> Transporte de arena | H64: m3k | I64: 0.63 | J64: 70 | K64: =I64*J64 -> 44.1 | L64: =VLOOKUP(A64,[65]TRANSPORTE!A2:D117,4,FALSE) -> 881.02273 | N64: =K64*L64 -> 38853.102
A65: T0010042 | B65: =VLOOKUP(A65,[65]TRANSPORTE!A3:D117,3,FALSE) -> Transporte de material triturado | H65: m3k | I65: 0.84 | J65: 70 | K65: =I65*J65 -> 58.8 | L65: =VLOOKUP(A65,[65]TRANSPORTE!A3:D117,4,FALSE) -> 881.02273 | N65: =K65*L65 -> 51804.136
B70: SUBTOTAL $ | N70: =N64+N65+N66+N67+N68 -> 90657.239
B72: IV. MANO DE OBRA
B74: TRABAJADOR | I74: JORNAL | J74: PRESTACIONES (%) | K74: JORNAL TOTAL | L74: RENDIMIENTO | N74: Vr. UNITARIO
A75: A0030080 | B75: =VLOOKUP(A75,'[65]MANO DE OBRA'!A8:D68,3,FALSE) -> Obrero (8) | I75: =K75/J75*100 -> 196724.53 | J75: 185 | K75: =VLOOKUP(A75,'[65]MANO DE OBRA'!A8:D99,4,FALSE) -> 363940.39 | M75: 8 | N75: =K75/M75 -> 45492.548
A76: A0040010 | B76: =VLOOKUP(A76,'[65]MANO DE OBRA'!A8:D69,3,FALSE) -> Oficial | I76: =K76/J76*100 -> 49181.133 | J76: 185 | K76: =VLOOKUP(A76,'[65]MANO DE OBRA'!A8:D100,4,FALSE) -> 90985.097 | M76: 8 | N76: =K76/M76 -> 11373.137
B81: SUBTOTAL $ | N81: =SUM(N75:N80) -> 56865.685
B83: TOTAL COSTO DIRECTO $ | N83: =N43+N59+N70+N81 -> 377307.55
B85: V. COSTOS INDIRECTOS
B87: Descripción | K87: Porcentaje | L87: Valor Total
B88: ADMINISTRACION | K88: 0.2 | L88: =N83*K88 -> 75461.51
B89: IMPREVISTOS | K89: 0.05 | L89: =N83*K89 -> 18865.377
B90: UTILIDAD | K90: 0.05 | L90: =N83*K90 -> 18865.377
B91: SUBTOTAL $ | N91: =L88+L89+L90 -> 113192.26
A93: PFinal01 | B93: Precio Unitario Total Aproximado al Peso $ | N93: =ROUND(N83+N91,0) -> 490500
E98: Firma
E99: Nombre:
E100: Representante Legal del Contratista o su Apoderado
E101: Matricula No. :
B103: OBSERVACIONES INTERVENTORÍA:
B109: APROBACIÓN POR INTERVENTORÍA
B110: Nota 1: Cuando se trate de Análisis de precios unitarios correspondientes a ítems de la propuesta económica aprobada, el Interventor aprueba el desglose de los componentes manteniendo el mismo precio unitario de cada ítem, cumpliendo con las especificaciones de construcción vigentes para el proyecto.
B112: Nota 2: Cuando se trate de Análisis de precios unitarios de ítems no previstos, el Interventor aprueba el desglose y precio unitario de cada ítem no previsto, exigiendo la aplicación de los costos correspondientes a insumos y tarifas de la propuesta económica inicial cuando estén contemplados, cumpliendo con las especificaciones de construcción vigente para el proyecto.
E118: Firma
E119: Nombre:
E120: Representante Legal del Interventor o su Apoderado
E121: Matricula No. :
B123: Original: Archivo de Gestión del Contrato (Subdirección Administrativa).
B124: Copias: Unidad Ejecutora, Contratista, Interventor y Dirección Territorial.

Sheet 630.7
K1: CÓDIGO | L1: MINFRA-MN-IN-10-FR-1
C2: INSTITUTO NACIONAL DE VIAS
C3: PROCESO GESTIÓN DE LA INFRAESTRUCTURA VIAL | K3: VERSIÓN | L3: 1
C4: MANUAL DE INTERVENTORÍA OBRA PÚBLICA
C5: ANÁLISIS DE PRECIOS UNITARIOS | K5: PÁGINA | M5: DE
K8: FECHA
L9: (Día) | M9: (Mes) | N9: (Año)
B10: ITEMS DE LA PROPUESTA ECONÓMICA | F10: □ | I10: ITEMS NO PREVISTOS | K10: □
B11: UNIDAD EJECUTORA: | J11: DIRECCIÓN TERRITORIAL:
B14: CONTRATO No. | D14: DE
B15: OBJETO DEL CONTRATO:
C16: =+'PRESUPUESTO OBRA'!A5 -> ATENCION OBRAS DE EMERGENCIA POR EL SISTEMA DE MONTO AGOTABLE EN LAS VÍAS A CARGO DE LA DIRECCION TERRITORIAL CUNDINAMARCA DEL INVIAS, DEPARTAMENTO DE CUNDINAMARCA
B18: CARRETERA: | J18: SECTOR:
B20: CONTRATISTA:
B22: INTERVENTOR: | K22: CTO No.: | M22: DE
B24: FECHA CIERRE PROCESO DE SELECCIÓN CONTRATO DE OBRA: | D24: =+'PRESUPUESTO OBRA'!A5 -> ATENCION OBRAS DE EMERGENCIA POR EL SISTEMA DE MONTO AGOTABLE EN LAS VÍAS A CARGO DE LA DIRECCION TERRITORIAL CUNDINAMARCA DEL INVIAS, DEPARTAMENTO DE CUNDINAMARCA
F25: (Día) | I25: (Mes) | J25: (Año)
B27: DATOS ESPECÍFICOS
B29: ITEM | C29: DESCRIPCIÓN | K29: GRUPO DE AJUSTE | L29: UNIDAD | N29: CANTIDAD
B30: ITEM | C30: DESCRIPCIÓN | L30: UNIDAD | N30: CANTIDAD
A31: Unidad | B31: 630.7 | C31: Concreto Resistencia 14MPa (G) (Ciclopeo) | L31: m3
B33: I. EQUIPO
B35: DESCRIPCIÓN | I35: TIPO | K35: TARIFA/HORA | L35: RENDIMIENTO | N35: Vr. UNITARIO
A36: C0010550 | B36: =VLOOKUP(A36,[65]EQUIPOS!A6:D154,3,FALSE) -> Mezcladora de concreto 1 bulto | K36: =VLOOKUP(A36,[65]EQUIPOS!A6:D163,4,FALSE) -> 6548.9113 | M36: 1 | N36: =K36/M36 -> 6548.9113
B41: HERRAMIENTA MENOR (%) | M41: 0.05 | N41: =N81*M41 -> 2274.6274
B43: SUBTOTAL $ | N43: =SUM(N36:N42) -> 8823.5387
B45: II. MATERIALES
B47: DESCRIPCIÓN | J47: UNIDAD | K47: CANTIDAD | L47: PRECIO UNIT. | N47: Vr. UNITARIO
A48: B0053100 | B48: =VLOOKUP(A48,[65]MATERIALES!A5:D373,3,FALSE) -> Agregado para concreto hidráulico | J48: =VLOOKUP(A48,[65]MATERIALES!A4:D640,2,FALSE) -> m3 | K48: 0.504 | M48: =VLOOKUP(A48,[65]MATERIALES!A5:D396,4,FALSE) -> 55110.85 | N48: =K48*M48 -> 27775.868
A49: B0063200 | B49: =VLOOKUP(A49,[65]MATERIALES!A6:D373,3,FALSE) -> Agua | J49: =VLOOKUP(A49,[65]MATERIALES!A5:D641,2,FALSE) -> lt | K49: 111 | M49: =VLOOKUP(A49,[65]MATERIALES!A6:D397,4,FALSE) -> 50.937843 | N49: =K49*M49 -> 5654.1006
A50: B0014700 | B50: =VLOOKUP(A50,[65]MATERIALES!A6:D373,3,FALSE) -> Piedra para concreto ciclópeo (rajón o canto rodado) | J50: =VLOOKUP(A50,[65]MATERIALES!A6:D642,2,FALSE) -> m3 | K50: 0.4 | M50: =VLOOKUP(A50,[65]MATERIALES!A6:D398,4,FALSE) -> 33286.667 | N50: =K50*M50 -> 13314.667
A51: B0093350 | B51: =VLOOKUP(A51,[65]MATERIALES!A6:D373,3,FALSE) -> Arena lavada | J51: =VLOOKUP(A51,[65]MATERIALES!A6:D643,2,FALSE) -> m3 | K51: 0.378 | M51: =VLOOKUP(A51,[65]MATERIALES!A6:D399,4,FALSE) -> 39496 | N51: =K51*M51 -> 14929.488
A52: B0100001 | B52: =VLOOKUP(A52,[65]MATERIALES!A7:D373,3,FALSE) -> Cemento gris | J52: =VLOOKUP(A52,[65]MATERIALES!A6:D644,2,FALSE) -> kg | K52: 156 | M52: =VLOOKUP(A52,[65]MATERIALES!A7:D400,4,FALSE) -> 537.66667 | N52: =K52*M52 -> 83876
B59: SUBTOTAL $ | N59: =SUM(N48:N58) -> 145550.12
B61: III. TRANSPORTES
B63: MATERIAL | H63: UNIDAD | I63: CANTIDAD (1) | J63: DISTANCIA (2) | K63: (1) * (2) | L63: TARIFA | N63: Vr. UNITARIO
A64: T0010004 | B64: =VLOOKUP(A64,[65]TRANSPORTE!A2:D117,3,FALSE) -> Transporte de arena | H64: m3k | I64: 0.378 | J64: 70 | K64: =I64*J64 -> 26.46 | L64: =VLOOKUP(A64,[65]TRANSPORTE!A2:D117,4,FALSE) -> 881.02273 | N64: =K64*L64 -> 23311.861
A65: T0010042 | B65: =VLOOKUP(A65,[65]TRANSPORTE!A3:D117,3,FALSE) -> Transporte de material triturado | H65: m3k | I65: 0.504 | J65: 70 | K65: =I65*J65 -> 35.28 | L65: =VLOOKUP(A65,[65]TRANSPORTE!A3:D117,4,FALSE) -> 881.02273 | N65: =K65*L65 -> 31082.482
A66: T0010091 | B66: =VLOOKUP(A66,[65]TRANSPORTE!A3:D117,3,FALSE) -> Transporte de piedra para Ciclópeo | H66: m3k | I66: 0.4 | J66: 70 | K66: =I66*J66 -> 28 | L66: =VLOOKUP(A66,[65]TRANSPORTE!A3:D117,4,FALSE) -> 881.02273 | N66: =K66*L66 -> 24668.636
B70: SUBTOTAL $ | N70: =N64+N65+N66+N67+N68 -> 79062.98
B72: IV. MANO DE OBRA
B74: TRABAJADOR | I74: JORNAL | J74: PRESTACIONES (%) | K74: JORNAL TOTAL | L74: RENDIMIENTO | N74: Vr. UNITARIO
A75: A0030080 | B75: =VLOOKUP(A75,'[65]MANO DE OBRA'!A8:D68,3,FALSE) -> Obrero (8) | I75: =K75/J75*100 -> 196724.53 | J75: 185 | K75: =VLOOKUP(A75,'[65]MANO DE OBRA'!A8:D99,4,FALSE) -> 363940.39 | M75: 10 | N75: =K75/M75 -> 36394.039
A76: A0040010 | B76: =VLOOKUP(A76,'[65]MANO DE OBRA'!A8:D69,3,FALSE) -> Oficial | I76: =K76/J76*100 -> 49181.133 | J76: 185 | K76: =VLOOKUP(A76,'[65]MANO DE OBRA'!A8:D100,4,FALSE) -> 90985.097 | M76: 10 | N76: =K76/M76 -> 9098.5097
B81: SUBTOTAL $ | N81: =SUM(N75:N80) -> 45492.548
B83: TOTAL COSTO DIRECTO $ | N83: =N43+N59+N70+N81 -> 278929.19
B85: V. COSTOS INDIRECTOS
B87: Descripción | K87: Porcentaje | L87: Valor Total
B88: ADMINISTRACION | K88: 0.2 | L88: =N83*K88 -> 55785.838
B89: IMPREVISTOS | K89: 0.05 | L89: =N83*K89 -> 13946.46
B90: UTILIDAD | K90: 0.05 | L90: =N83*K90 -> 13946.46
B91: SUBTOTAL $ | N91: =L88+L89+L90 -> 83678.757
A93: PFinal01 | B93: Precio Unitario Total Aproximado al Peso $ | N93: =N83+N91 -> 362607.95
E98: Firma
E99: Nombre:
E100: Representante Legal del Contratista o su Apoderado
E101: Matricula No. :
B103: OBSERVACIONES INTERVENTORÍA:
B109: APROBACIÓN POR INTERVENTORÍA
B110: Nota 1: Cuando se trate de Análisis de precios unitarios correspondientes a ítems de la propuesta económica aprobada, el Interventor aprueba el desglose de los componentes manteniendo el mismo precio unitario de cada ítem, cumpliendo con las especificaciones de construcción vigentes para el proyecto.
B112: Nota 2: Cuando se trate de Análisis de precios unitarios de ítems no previstos, el Interventor aprueba el desglose y precio unitario de cada ítem no previsto, exigiendo la aplicación de los costos correspondientes a insumos y tarifas de la propuesta económica inicial cuando estén contemplados, cumpliendo con las especificaciones de construcción vigente para el proyecto.
E118: Firma
E119: Nombre:
E120: Representante Legal del Interventor o su Apoderado
E121: Matricula No. :
B123: Original: Archivo de Gestión del Contrato (Subdirección Administrativa).
B124: Copias: Unidad Ejecutora, Contratista, Interventor y Dirección Territorial.

Sheet 640.1
K1: CÓDIGO | L1: MINFRA-MN-IN-10-FR-1
C2: INSTITUTO NACIONAL DE VIAS
C3: PROCESO GESTIÓN DE LA INFRAESTRUCTURA VIAL | K3: VERSIÓN | L3: 1
C4: MANUAL DE INTERVENTORÍA OBRA PÚBLICA
C5: ANÁLISIS DE PRECIOS UNITARIOS | K5: PÁGINA | M5: DE
K8: FECHA
L9: (Día) | M9: (Mes) | N9: (Año)
B10: ITEMS DE LA PROPUESTA ECONÓMICA | F10: □ | I10: ITEMS NO PREVISTOS | K10: □
B11: UNIDAD EJECUTORA: | J11: DIRECCIÓN TERRITORIAL:
B14: CONTRATO No. | D14: DE
B15: OBJETO DEL CONTRATO:
C16: =+'PRESUPUESTO OBRA'!A5 -> ATENCION OBRAS DE EMERGENCIA POR EL SISTEMA DE MONTO AGOTABLE EN LAS VÍAS A CARGO DE LA DIRECCION TERRITORIAL CUNDINAMARCA DEL INVIAS, DEPARTAMENTO DE CUNDINAMARCA
B18: CARRETERA: | J18: SECTOR:
B20: CONTRATISTA:
B22: INTERVENTOR: | K22: CTO No.: | M22: DE
B24: FECHA CIERRE PROCESO DE SELECCIÓN CONTRATO DE OBRA:
F25: (Día) | I25: (Mes) | J25: (Año)
B27: DATOS ESPECÍFICOS
B29: ITEM | C29: DESCRIPCIÓN | K29: GRUPO DE AJUSTE | L29: UNIDAD | N29: CANTIDAD
B30: ITEM | C30: DESCRIPCIÓN | L30: UNIDAD | N30: CANTIDAD
A31: Unidad | B31: 640.1 | C31: Acero de Refuerzo Fy 4200 MPa. | L31: kg
B33: I. EQUIPO
B35: DESCRIPCIÓN | I35: TIPO | K35: TARIFA/HORA | L35: RENDIMIENTO | N35: Vr. UNITARIO
A36: C0010170 | B36: =VLOOKUP(A36,[65]EQUIPOS!A6:D154,3,FALSE) -> Cizalla manual de 90 cm. | K36: =VLOOKUP(A36,[65]EQUIPOS!A6:D163,4,FALSE) -> 656.84357 | M36: 37.5 | N36: =K36/M36 -> 17.515829
B41: HERRAMIENTA MENOR (%) | M41: 0.02 | N41: =N78*M41 -> 13.647764
B43: SUBTOTAL $ | N43: =SUM(N36:N42) -> 31.163593
B45: II. MATERIALES
B47: DESCRIPCIÓN | J47: UNIDAD | K47: CANTIDAD | L47: PRECIO UNIT. | N47: Vr. UNITARIO
A48: B0020003 | B48: =VLOOKUP(A48,[65]MATERIALES!A5:D373,3,FALSE) -> Acero PDR-60 | J48: =VLOOKUP(A48,[65]MATERIALES!A4:D640,2,FALSE) -> kg | K48: 1.05 | M48: =VLOOKUP(A48,[65]MATERIALES!A5:D396,4,FALSE) -> 3339.4933 | N48: =K48*M48 -> 3506.468
A49: B026012 | B49: =VLOOKUP(A49,[65]MATERIALES!A6:D373,3,FALSE) -> Alambre Negro Para Amarre | J49: =VLOOKUP(A49,[65]MATERIALES!A5:D641,2,FALSE) -> kg | K49: 0.03 | M49: =VLOOKUP(A49,[65]MATERIALES!A6:D397,4,FALSE) -> 3904.1481 | N49: =K49*M49 -> 117.12444
B56: SUBTOTAL $ | N56: =SUM(N48:N55) -> 3623.5924
B58: III. TRANSPORTES
B60: MATERIAL | H60: UNIDAD | I60: CANTIDAD (1) | J60: DISTANCIA (2) | K60: (1) * (2) | L60: TARIFA | N60: Vr. UNITARIO
A61: T0010001 | B61: =VLOOKUP(A61,[65]TRANSPORTE!A3:D117,3,FALSE) -> Transporte de acero | H61: kg/km | I61: 1.05 | J61: 20 | K61: =I61*J61 -> 21 | L61: =VLOOKUP(A61,[65]TRANSPORTE!A3:D117,4,FALSE) -> 0.29694158 | N61: =K61*L61 -> 6.2357732
B67: SUBTOTAL $ | N67: =N61+N62+N63+N64+N65 -> 6.2357732
B69: IV. MANO DE OBRA
B71: TRABAJADOR | I71: JORNAL | J71: PRESTACIONES (%) | K71: JORNAL TOTAL | L71: RENDIMIENTO | N71: Vr. UNITARIO
A72: A0030010 | B72: =VLOOKUP(A72,'[65]MANO DE OBRA'!A8:D68,3,FALSE) -> Obrero | I72: =K72/J72*100 -> 24590.567 | J72: 185 | K72: =VLOOKUP(A72,'[65]MANO DE OBRA'!A8:D99,4,FALSE) -> 45492.548 | M72: 200 | N72: =K72/M72 -> 227.46274
A73: A0040010 | B73: =VLOOKUP(A73,'[65]MANO DE OBRA'!A8:D69,3,FALSE) -> Oficial | I73: =K73/J73*100 -> 49181.133 | J73: 185 | K73: =VLOOKUP(A73,'[65]MANO DE OBRA'!A8:D100,4,FALSE) -> 90985.097 | M73: 200 | N73: =K73/M73 -> 454.92548
B78: SUBTOTAL $ | N78: =SUM(N72:N77) -> 682.38822
B80: TOTAL COSTO DIRECTO $ | N80: =N43+N56+N67+N78 -> 4343.38
B82: V. COSTOS INDIRECTOS
B84: Descripción | K84: Porcentaje | L84: Valor Total
B85: ADMINISTRACION | K85: 0.2 | L85: =N80*K85 -> 868.67601
B86: IMPREVISTOS | K86: 0.05 | L86: =N80*K86 -> 217.169
B87: UTILIDAD | K87: 0.05 | L87: =N80*K87 -> 217.169
B88: SUBTOTAL $ | N88: =L85+L86+L87 -> 1303.014
A90: PFinal01 | B90: Precio Unitario Total Aproximado al Peso $ | N90: =ROUND(N80+N88,0) -> 5646
E95: Firma
E96: Nombre:
E97: Representante Legal del Contratista o su Apoderado
E98: Matricula No. :
B100: OBSERVACIONES INTERVENTORÍA:
B106: APROBACIÓN POR INTERVENTORÍA
B107: Nota 1: Cuando se trate de Análisis de precios unitarios correspondientes a ítems de la propuesta económica aprobada, el Interventor aprueba el desglose de los componentes manteniendo el mismo precio unitario de cada ítem, cumpliendo con las especificaciones de construcción vigentes para el proyecto.
B109: Nota 2: Cuando se trate de Análisis de precios unitarios de ítems no previstos, el Interventor aprueba el desglose y precio unitario de cada ítem no previsto, exigiendo la aplicación de los costos correspondientes a insumos y tarifas de la propuesta económica inicial cuando estén contemplados, cumpliendo con las especificaciones de construcción vigente para el proyecto.
E115: Firma
E116: Nombre:
E117: Representante Legal del Interventor o su Apoderado
E118: Matricula No. :
B120: Original: Archivo de Gestión del Contrato (Subdirección Administrativa).
B121: Copias: Unidad Ejecutora, Contratista, Interventor y Dirección Territorial.

Sheet 661.1
K1: CÓDIGO | L1: MINFRA-MN-IN-10-FR-1
C2: INSTITUTO NACIONAL DE VIAS
C3: PROCESO GESTIÓN DE LA INFRAESTRUCTURA VIAL | K3: VERSIÓN | L3: 1
C4: MANUAL DE INTERVENTORÍA OBRA PÚBLICA
C5: ANÁLISIS DE PRECIOS UNITARIOS | K5: PÁGINA | M5: DE
K8: FECHA
L9: (Día) | M9: (Mes) | N9: (Año)
B10: ITEMS DE LA PROPUESTA ECONÓMICA | F10: □ | I10: ITEMS NO PREVISTOS | K10: □
B11: UNIDAD EJECUTORA: | J11: DIRECCIÓN TERRITORIAL:
B14: CONTRATO No. | D14: DE
B15: OBJETO DEL CONTRATO:
C16: =+'PRESUPUESTO OBRA'!A5 -> ATENCION OBRAS DE EMERGENCIA POR EL SISTEMA DE MONTO AGOTABLE EN LAS VÍAS A CARGO DE LA DIRECCION TERRITORIAL CUNDINAMARCA DEL INVIAS, DEPARTAMENTO DE CUNDINAMARCA
B18: CARRETERA: | J18: SECTOR:
B20: CONTRATISTA:
B22: INTERVENTOR: | K22: CTO No.: | M22: DE
B24: FECHA CIERRE PROCESO DE SELECCIÓN CONTRATO DE OBRA:
F25: (Día) | I25: (Mes) | J25: (Año)
B27: DATOS ESPECÍFICOS
B29: ITEM | C29: DESCRIPCIÓN | K29: GRUPO DE AJUSTE | L29: UNIDAD | N29: CANTIDAD
B30: ITEM | C30: DESCRIPCIÓN | L30: UNIDAD | N30: CANTIDAD
A31: Unidad | B31: 661.1 | C31: Tubería de Concreto Reforzado 21 Mpa de 900 mm de diametro interior | L31: m
B33: I. EQUIPO
B35: DESCRIPCIÓN | I35: TIPO | K35: TARIFA/HORA | L35: RENDIMIENTO | N35: Vr. UNITARIO
A36: C0010780 | B36: =VLOOKUP(A36,[65]EQUIPOS!A6:D154,3,FALSE) -> Retroexcavadora A25C | K36: =VLOOKUP(A36,[65]EQUIPOS!A6:D163,4,FALSE) -> 192448.08 | M36: 3 | N36: =K36/M36 -> 64149.36
B41: HERRAMIENTA MENOR (%) | M41: 0.1 | N41: =N75*M41 -> 1137.3137
B43: SUBTOTAL $ | N43: =SUM(N36:N42) -> 65286.674
B45: II. MATERIALES
B47: DESCRIPCIÓN | J47: UNIDAD | K47: CANTIDAD | L47: PRECIO UNIT. | N47: Vr. UNITARIO
A48: B0014236 | B48: =VLOOKUP(A48,[65]MATERIALES!A5:D373,3,FALSE) -> Mortero 1:3 Para Anillos | J48: =VLOOKUP(A48,[65]MATERIALES!A4:D640,2,FALSE) -> m3 | K48: 0.02 | M48: =VLOOKUP(A48,[65]MATERIALES!A5:D396,4,FALSE) -> 382554.43 | N48: =K48*M48 -> 7651.0887
A49: B0014402 | B49: =VLOOKUP(A49,[65]MATERIALES!A6:D373,3,FALSE) -> Material para solado y atraque | J49: =VLOOKUP(A49,[65]MATERIALES!A5:D641,2,FALSE) -> m3 | K49: 0.46 | M49: =VLOOKUP(A49,[65]MATERIALES!A6:D397,4,FALSE) -> 30708.535 | N49: =K49*M49 -> 14125.926
A50: B0015240 | B50: =VLOOKUP(A50,[65]MATERIALES!A6:D373,3,FALSE) -> Tubo concreto reforzado 900mm (tipo 1) | J50: =VLOOKUP(A50,[65]MATERIALES!A6:D642,2,FALSE) -> m | K50: 1 | M50: =VLOOKUP(A50,[65]MATERIALES!A6:D398,4,FALSE) -> 305780.75 | N50: =K50*M50 -> 305780.75
B53: SUBTOTAL $ | N53: =SUM(N48:N52) -> 327557.76
B55: III. TRANSPORTES
B57: MATERIAL | H57: UNIDAD | I57: CANTIDAD (1) | J57: DISTANCIA (2) | K57: (1) * (2) | L57: TARIFA | N57: Vr. UNITARIO
A58: T0010115 | B58: =VLOOKUP(A58,[65]TRANSPORTE!A1:D117,3,FALSE) -> Transporte de Tubería de Concreto Reforzado | H58: kgk | I58: 0.28 | J58: 70 | K58: =I58*J58 -> 19.6 | L58: =VLOOKUP(A58,[65]TRANSPORTE!A1:D117,4,FALSE) -> 2.0064299 | N58: =K58*L58 -> 39.326025
A59: T0010141 | B59: =VLOOKUP(A59,[65]TRANSPORTE!A1:D117,3,FALSE) -> Transporte de Material de Solado y Atraque Tubería de Concreto Reforzado | H59: m3k | I59: 0.46 | J59: 70 | K59: =I59*J59 -> 32.2 | L59: =VLOOKUP(A59,[65]TRANSPORTE!A1:D117,4,FALSE) -> 881.02273 | N59: =K59*L59 -> 28368.932
B64: SUBTOTAL $ | N64: =N58+N59+N60+N61+N62 -> 28408.258
B66: IV. MANO DE OBRA
B68: TRABAJADOR | I68: JORNAL | J68: PRESTACIONES (%) | K68: JORNAL TOTAL | L68: RENDIMIENTO | N68: Vr. UNITARIO
A69: A0030040 | B69: =VLOOKUP(A69,'[65]MANO DE OBRA'!A8:D68,3,FALSE) -> Obrero (4) | I69: =K69/J69*100 -> 98362.267 | J69: 185 | K69: =VLOOKUP(A69,'[65]MANO DE OBRA'!A8:D99,4,FALSE) -> 181970.19 | M69: 24 | N69: =K69/M69 -> 7582.0914
A70: A0040010 | B70: =VLOOKUP(A70,'[65]MANO DE OBRA'!A8:D69,3,FALSE) -> Oficial | I70: =K70/J70*100 -> 49181.133 | J70: 185 | K70: =VLOOKUP(A70,'[65]MANO DE OBRA'!A8:D100,4,FALSE) -> 90985.097 | M70: 24 | N70: =K70/M70 -> 3791.0457
B75: SUBTOTAL $ | N75: =SUM(N69:N74) -> 11373.137
B77: TOTAL COSTO DIRECTO $ | N77: =N43+N53+N64+N75 -> 432625.83
B79: V. COSTOS INDIRECTOS
B81: Descripción | K81: Porcentaje | L81: Valor Total
B82: ADMINISTRACION | K82: 0.2 | L82: =N77*K82 -> 86525.166
B83: IMPREVISTOS | K83: 0.05 | L83: =N77*K83 -> 21631.291
B84: UTILIDAD | K84: 0.05 | L84: =N77*K84 -> 21631.291
B85: SUBTOTAL $ | N85: =L82+L83+L84 -> 129787.75
A87: PFinal01 | B87: Precio Unitario Total Aproximado al Peso $ | N87: =ROUND(N77+N85,0) -> 562414
E92: Firma
E93: Nombre:
E94: Representante Legal del Contratista o su Apoderado
E95: Matricula No. :
B97: OBSERVACIONES INTERVENTORÍA:
B103: APROBACIÓN POR INTERVENTORÍA
B104: Nota 1: Cuando se trate de Análisis de precios unitarios correspondientes a ítems de la propuesta económica aprobada, el Interventor aprueba el desglose de los componentes manteniendo el mismo precio unitario de cada ítem, cumpliendo con las especificaciones de construcción vigentes para el proyecto.
B106: Nota 2: Cuando se trate de Análisis de precios unitarios de ítems no previstos, el Interventor aprueba el desglose y precio unitario de cada ítem no previsto, exigiendo la aplicación de los costos correspondientes a insumos y tarifas de la propuesta económica inicial cuando estén contemplados, cumpliendo con las especificaciones de construcción vigente para el proyecto.
E112: Firma
E113: Nombre:
E114: Representante Legal del Interventor o su Apoderado
E115: Matricula No. :
B117: Original: Archivo de Gestión del Contrato (Subdirección Administrativa).
B118: Copias: Unidad Ejecutora, Contratista, Interventor y Dirección Territorial.

Sheet 671.3
K1: CÓDIGO | L1: MINFRA-MN-IN-10-FR-1
C2: INSTITUTO NACIONAL DE VIAS
C3: PROCESO GESTIÓN DE LA INFRAESTRUCTURA VIAL | K3: VERSIÓN | L3: 1
C4: MANUAL DE INTERVENTORÍA OBRA PÚBLICA
C5: ANÁLISIS DE PRECIOS UNITARIOS | K5: PÁGINA | M5: DE
K8: FECHA
L9: (Día) | M9: (Mes) | N9: (Año)
B10: ITEMS DE LA PROPUESTA ECONÓMICA | F10: □ | I10: ITEMS NO PREVISTOS | K10: □
B11: UNIDAD EJECUTORA: | J11: DIRECCIÓN TERRITORIAL:
B14: CONTRATO No. | D14: DE
B15: OBJETO DEL CONTRATO:
C16: =+'PRESUPUESTO OBRA'!A5 -> ATENCION OBRAS DE EMERGENCIA POR EL SISTEMA DE MONTO AGOTABLE EN LAS VÍAS A CARGO DE LA DIRECCION TERRITORIAL CUNDINAMARCA DEL INVIAS, DEPARTAMENTO DE CUNDINAMARCA
B18: CARRETERA: | J18: SECTOR:
B20: CONTRATISTA:
B22: INTERVENTOR: | K22: CTO No.: | M22: DE
B24: FECHA CIERRE PROCESO DE SELECCIÓN CONTRATO DE OBRA:
F25: (Día) | I25: (Mes) | J25: (Año)
B27: DATOS ESPECÍFICOS
B29: ITEM | C29: DESCRIPCIÓN | K29: GRUPO DE AJUSTE | L29: UNIDAD | N29: CANTIDAD
B30: ITEM | C30: DESCRIPCIÓN | L30: UNIDAD | N30: CANTIDAD
A31: Unidad | B31: 671.3 | C31: Cuneta de Concreto Vaciada In Situ; incluye la conformacion de la superficie de apoyo | L31: m3
B33: I. EQUIPO
B35: DESCRIPCIÓN | I35: TIPO | K35: TARIFA/HORA | L35: RENDIMIENTO | N35: Vr. UNITARIO
A36: C0010190 | B36: =VLOOKUP(A36,[65]EQUIPOS!A6:D154,3,FALSE) -> COMPACTADOR MANUAL VIBRATORIO (RANA) con motor de 6 HP | K36: =VLOOKUP(A36,[65]EQUIPOS!A6:D163,4,FALSE) -> 7787.5 | M36: 1.25 | N36: =K36/M36 -> 6230
B41: HERRAMIENTA MENOR (%) | M41: 0.05 | N41: =N75*M41 -> 1592.2392
B43: SUBTOTAL $ | N43: =SUM(N36:N42) -> 7822.2392
B45: II. MATERIALES
B47: DESCRIPCIÓN | J47: UNIDAD | K47: CANTIDAD | L47: PRECIO UNIT. | N47: Vr. UNITARIO
A48: B0014410 | B48: =VLOOKUP(A48,[65]MATERIALES!A5:D373,3,FALSE) -> Material seleccionado para Relleno | J48: =VLOOKUP(A48,[65]MATERIALES!A4:D640,2,FALSE) -> m3 | K48: 0.5 | M48: =VLOOKUP(A48,[65]MATERIALES!A5:D396,4,FALSE) -> 18876.844 | N48: =K48*M48 -> 9438.4222
A49: B0103490 | B49: =VLOOKUP(A49,[65]MATERIALES!A6:D373,3,FALSE) -> Cemento Asfaltico 60-70 | J49: =VLOOKUP(A49,[65]MATERIALES!A5:D641,2,FALSE) -> kg | K49: 0.5 | M49: =VLOOKUP(A49,[65]MATERIALES!A6:D397,4,FALSE) -> 1099.5297 | N49: =K49*M49 -> 549.76487
A50: B0123660 | B50: =VLOOKUP(A50,[65]MATERIALES!A6:D373,3,FALSE) -> Concreto Resistencia 14 (Mpa) | J50: =VLOOKUP(A50,[65]MATERIALES!A6:D642,2,FALSE) -> m3 | K50: 1.01 | M50: =VLOOKUP(A50,[65]MATERIALES!A6:D398,4,FALSE) -> 396762.67 | N50: =K50*M50 -> 400730.29
A51: B021001 | B51: =VLOOKUP(A51,[65]MATERIALES!A6:D373,3,FALSE) -> Formaleta (gaviones, juntas de bordillos, juntas de cunetas, muros, concretos clase D,E, F y G) | J51: =VLOOKUP(A51,[65]MATERIALES!A6:D643,2,FALSE) -> m2 | K51: 0.3 | M51: =VLOOKUP(A51,[65]MATERIALES!A6:D399,4,FALSE) -> 6095.7368 | N51: =K51*M51 -> 1828.721
B53: SUBTOTAL $ | N53: =SUM(N48:N52) -> 412547.2
B55: III. TRANSPORTES
B57: MATERIAL | H57: UNIDAD | I57: CANTIDAD (1) | J57: DISTANCIA (2) | K57: (1) * (2) | L57: TARIFA | N57: Vr. UNITARIO
A58: T0010009 | B58: =VLOOKUP(A58,[65]TRANSPORTE!A1:D117,3,FALSE) -> Transporte de concreto | H58: m3/km | I58: 1.01 | J58: 70 | K58: =I58*J58 -> 70.7 | L58: =VLOOKUP(A58,[65]TRANSPORTE!A1:D117,4,FALSE) -> 881.02273 | N58: =K58*L58 -> 62288.307
A59: T0010062 | B59: =VLOOKUP(A59,[65]TRANSPORTE!A1:D117,3,FALSE) -> Transporte de material seleccionado para relleno | H59: m3/km | I59: 0.5 | J59: 70 | K59: =I59*J59 -> 35 | L59: =VLOOKUP(A59,[65]TRANSPORTE!A1:D117,4,FALSE) -> 881.02273 | N59: =K59*L59 -> 30835.795
B64: SUBTOTAL $ | N64: =N58+N59+N60+N61+N62 -> 93124.102
B66: IV. MANO DE OBRA
B68: TRABAJADOR | I68: JORNAL | J68: PRESTACIONES (%) | K68: JORNAL TOTAL | L68: RENDIMIENTO | N68: Vr. UNITARIO
A69: A0030050 | B69: =VLOOKUP(A69,'[65]MANO DE OBRA'!A8:D68,3,FALSE) -> Obrero (5) | I69: =K69/J69*100 -> 122952.83 | J69: 185 | K69: =VLOOKUP(A69,'[65]MANO DE OBRA'!A8:D99,4,FALSE) -> 227462.74 | M69: 10 | N69: =K69/M69 -> 22746.274
A70: A0040010 | B70: =VLOOKUP(A70,'[65]MANO DE OBRA'!A8:D69,3,FALSE) -> Oficial | I70: =K70/J70*100 -> 49181.133 | J70: 185 | K70: =VLOOKUP(A70,'[65]MANO DE OBRA'!A8:D100,4,FALSE) -> 90985.097 | M70: 10 | N70: =K70/M70 -> 9098.5097
B75: SUBTOTAL $ | N75: =SUM(N69:N74) -> 31844.784
B77: TOTAL COSTO DIRECTO $ | N77: =N43+N53+N64+N75 -> 545338.33
B79: V. COSTOS INDIRECTOS
B81: Descripción | K81: Porcentaje | L81: Valor Total
B82: ADMINISTRACION | K82: 0.2 | L82: =N77*K82 -> 109067.67
B83: IMPREVISTOS | K83: 0.05 | L83: =N77*K83 -> 27266.916
B84: UTILIDAD | K84: 0.05 | L84: =N77*K84 -> 27266.916
B85: SUBTOTAL $ | N85: =L82+L83+L84 -> 163601.5
A87: PFinal01 | B87: Precio Unitario Total Aproximado al Peso $ | N87: =N77+N85 -> 708939.82
E92: Firma
E93: Nombre:
E94: Representante Legal del Contratista o su Apoderado
E95: Matricula No. :
B97: OBSERVACIONES INTERVENTORÍA:
B103: APROBACIÓN POR INTERVENTORÍA
B104: Nota 1: Cuando se trate de Análisis de precios unitarios correspondientes a ítems de la propuesta económica aprobada, el Interventor aprueba el desglose de los componentes manteniendo el mismo precio unitario de cada ítem, cumpliendo con las especificaciones de construcción vigentes para el proyecto.
B106: Nota 2: Cuando se trate de Análisis de precios unitarios de ítems no previstos, el Interventor aprueba el desglose y precio unitario de cada ítem no previsto, exigiendo la aplicación de los costos correspondientes a insumos y tarifas de la propuesta económica inicial cuando estén contemplados, cumpliendo con las especificaciones de construcción vigente para el proyecto.
E112: Firma
E113: Nombre:
E114: Representante Legal del Interventor o su Apoderado
E115: Matricula No. :
B117: Original: Archivo de Gestión del Contrato (Subdirección Administrativa).
B118: Copias: Unidad Ejecutora, Contratista, Interventor y Dirección Territorial.

Sheet 673.1.1
K1: CÓDIGO | L1: MINFRA-MN-IN-10-FR-1
C2: INSTITUTO NACIONAL DE VIAS
C3: PROCESO GESTIÓN DE LA INFRAESTRUCTURA VIAL | K3: VERSIÓN | L3: 1
C4: MANUAL DE INTERVENTORÍA OBRA PÚBLICA
C5: ANÁLISIS DE PRECIOS UNITARIOS | K5: PÁGINA | M5: DE
K8: FECHA
L9: (Día) | M9: (Mes) | N9: (Año)
B10: ITEMS DE LA PROPUESTA ECONÓMICA | F10: □ | I10: ITEMS NO PREVISTOS | K10: □
B11: UNIDAD EJECUTORA: | J11: DIRECCIÓN TERRITORIAL:
B14: CONTRATO No. | D14: DE
B15: OBJETO DEL CONTRATO:
C16: =+'PRESUPUESTO OBRA'!A5 -> ATENCION OBRAS DE EMERGENCIA POR EL SISTEMA DE MONTO AGOTABLE EN LAS VÍAS A CARGO DE LA DIRECCION TERRITORIAL CUNDINAMARCA DEL INVIAS, DEPARTAMENTO DE CUNDINAMARCA
B18: CARRETERA: | J18: SECTOR:
B20: CONTRATISTA:
B22: INTERVENTOR: | K22: CTO No.: | M22: DE
B24: FECHA CIERRE PROCESO DE SELECCIÓN CONTRATO DE OBRA:
F25: (Día) | I25: (Mes) | J25: (Año)
B27: DATOS ESPECÍFICOS
B29: ITEM | C29: DESCRIPCIÓN | K29: GRUPO DE AJUSTE | L29: UNIDAD | N29: CANTIDAD
B30: ITEM | C30: DESCRIPCIÓN | L30: UNIDAD | N30: CANTIDAD
A31: Unidad | B31: 673.1.1 | C31: Geotextil Tipo NT-2500 o similar no tejido | L31: m2
B33: I. EQUIPO
B35: DESCRIPCIÓN | I35: TIPO | K35: TARIFA/HORA | L35: RENDIMIENTO | N35: Vr. UNITARIO
B41: HERRAMIENTA MENOR (%) | M41: 0.05 | N41: =N75*M41 -> 18.955228
B43: SUBTOTAL $ | N43: =SUM(N36:N42) -> 18.955228
B45: II. MATERIALES
B47: DESCRIPCIÓN | J47: UNIDAD | K47: CANTIDAD | L47: PRECIO UNIT. | N47: Vr. UNITARIO
A48: B025005 | B48: =VLOOKUP(A48,[65]MATERIALES!A5:D373,3,FALSE) -> Geotextil Nt-2500 O Similar (Proveedores, Pavco, Geomatrix, Tensar, Omnes U Otros) | J48: =VLOOKUP(A48,[65]MATERIALES!A4:D640,2,FALSE) -> m2 | K48: 1.1 | M48: =VLOOKUP(A48,[65]MATERIALES!A5:D396,4,FALSE) -> 4675.0067 | N48: =K48*M48 -> 5142.5073
B53: SUBTOTAL $ | N53: =SUM(N48:N52) -> 5142.5073
B55: III. TRANSPORTES
B57: MATERIAL | H57: UNIDAD | I57: CANTIDAD (1) | J57: DISTANCIA (2) | K57: (1) * (2) | L57: TARIFA | N57: Vr. UNITARIO
B64: SUBTOTAL $
B66: IV. MANO DE OBRA
B68: TRABAJADOR | I68: JORNAL | J68: PRESTACIONES (%) | K68: JORNAL TOTAL | L68: RENDIMIENTO | N68: Vr. UNITARIO
A69: A0030020 | B69: =VLOOKUP(A69,'[65]MANO DE OBRA'!A8:D68,3,FALSE) -> Obrero (2) | I69: =K69/J69*100 -> 49181.133 | J69: 185 | K69: =VLOOKUP(A69,'[65]MANO DE OBRA'!A8:D99,4,FALSE) -> 90985.097 | M69: 240 | N69: =K69/M69 -> 379.10457
B75: SUBTOTAL $ | N75: =SUM(N69:N74) -> 379.10457
B77: TOTAL COSTO DIRECTO $ | N77: =N43+N53+N64+N75 -> 5540.5671
B79: V. COSTOS INDIRECTOS
B81: Descripción | K81: Porcentaje | L81: Valor Total
B82: ADMINISTRACION | K82: 0.2 | L82: =N77*K82 -> 1108.1134
B83: IMPREVISTOS | K83: 0.05 | L83: =N77*K83 -> 277.02836
B84: UTILIDAD | K84: 0.05 | L84: =N77*K84 -> 277.02836
B85: SUBTOTAL $ | N85: =L82+L83+L84 -> 1662.1701
A87: PFinal01 | B87: Precio Unitario Total Aproximado al Peso $ | N87: =ROUND(N77+N85,0) -> 7203
E92: Firma
E93: Nombre:
E94: Representante Legal del Contratista o su Apoderado
E95: Matricula No. :
B97: OBSERVACIONES INTERVENTORÍA:
B103: APROBACIÓN POR INTERVENTORÍA
B104: Nota 1: Cuando se trate de Análisis de precios unitarios correspondientes a ítems de la propuesta económica aprobada, el Interventor aprueba el desglose de los componentes manteniendo el mismo precio unitario de cada ítem, cumpliendo con las especificaciones de construcción vigentes para el proyecto.
B106: Nota 2: Cuando se trate de Análisis de precios unitarios de ítems no previstos, el Interventor aprueba el desglose y precio unitario de cada ítem no previsto, exigiendo la aplicación de los costos correspondientes a insumos y tarifas de la propuesta económica inicial cuando estén contemplados, cumpliendo con las especificaciones de construcción vigente para el proyecto.
E112: Firma
E113: Nombre:
E114: Representante Legal del Interventor o su Apoderado
E115: Matricula No. :
B117: Original: Archivo de Gestión del Contrato (Subdirección Administrativa).
B118: Copias: Unidad Ejecutora, Contratista, Interventor y Dirección Territorial.

Sheet 681.3
K1: CÓDIGO | L1: MINFRA-MN-IN-10-FR-1
C2: INSTITUTO NACIONAL DE VIAS
C3: PROCESO GESTIÓN DE LA INFRAESTRUCTURA VIAL | K3: VERSIÓN | L3: 1
C4: MANUAL DE INTERVENTORÍA OBRA PÚBLICA
C5: ANÁLISIS DE PRECIOS UNITARIOS | K5: PÁGINA | M5: DE
K8: FECHA
L9: (Día) | M9: (Mes) | N9: (Año)
B10: ITEMS DE LA PROPUESTA ECONÓMICA | F10: □ | I10: ITEMS NO PREVISTOS | K10: □
B11: UNIDAD EJECUTORA: | J11: DIRECCIÓN TERRITORIAL:
B14: CONTRATO No. | D14: DE
B15: OBJETO DEL CONTRATO:
C16: =+'PRESUPUESTO OBRA'!A5 -> ATENCION OBRAS DE EMERGENCIA POR EL SISTEMA DE MONTO AGOTABLE EN LAS VÍAS A CARGO DE LA DIRECCION TERRITORIAL CUNDINAMARCA DEL INVIAS, DEPARTAMENTO DE CUNDINAMARCA
B18: CARRETERA: | J18: SECTOR:
B20: CONTRATISTA:
B22: INTERVENTOR: | K22: CTO No.: | M22: DE
B24: FECHA CIERRE PROCESO DE SELECCIÓN CONTRATO DE OBRA:
F25: (Día) | I25: (Mes) | J25: (Año)
B27: DATOS ESPECÍFICOS
B29: ITEM | C29: DESCRIPCIÓN | K29: GRUPO DE AJUSTE | L29: UNIDAD | N29: CANTIDAD
B30: ITEM | C30: DESCRIPCIÓN | L30: UNIDAD | N30: CANTIDAD
A31: Unidad | B31: 681.3 | C31: Gavión de Malla de Alambre de Acero Entrelazado Clase 3; recubrimiento de Zinc (galvanizado) y PVC | L31: m3
B33: I. EQUIPO
B35: DESCRIPCIÓN | I35: TIPO | K35: TARIFA/HORA | L35: RENDIMIENTO | N35: Vr. UNITARIO
B41: HERRAMIENTA MENOR (%) | M41: 0.05 | N41: =N77*M41 -> 682.38823
B43: SUBTOTAL $ | N43: =SUM(N36:N42) -> 682.38823
B45: II. MATERIALES
B47: DESCRIPCIÓN | J47: UNIDAD | K47: CANTIDAD | L47: PRECIO UNIT. | N47: Vr. UNITARIO
A48: B0014710 | B48: =VLOOKUP(A48,[65]MATERIALES!A5:D373,3,FALSE) -> Piedra para gavión | J48: =VLOOKUP(A48,[65]MATERIALES!A4:D640,2,FALSE) -> m3 | K48: 1.1 | M48: =VLOOKUP(A48,[65]MATERIALES!A5:D396,4,FALSE) -> 40605.639 | N48: =K48*M48 -> 44666.203
A49: B0073220 | B49: =VLOOKUP(A49,[65]MATERIALES!A6:D373,3,FALSE) -> Alambre galvanizado No. 12 | J49: =VLOOKUP(A49,[65]MATERIALES!A5:D641,2,FALSE) -> kg | K49: 1.15 | M49: =VLOOKUP(A49,[65]MATERIALES!A6:D397,4,FALSE) -> 5341.5556 | N49: =K49*M49 -> 6142.7889
A50: B021001 | B50: =VLOOKUP(A50,[65]MATERIALES!A6:D373,3,FALSE) -> Formaleta (gaviones, juntas de bordillos, juntas de cunetas, muros, concretos clase D,E, F y G) | J50: =VLOOKUP(A50,[65]MATERIALES!A6:D642,2,FALSE) -> m2 | K50: 2 | M50: =VLOOKUP(A50,[65]MATERIALES!A6:D398,4,FALSE) -> 6095.7368 | N50: =K50*M50 -> 12191.474
A51: B033006 | B51: =VLOOKUP(A51,[65]MATERIALES!A6:D373,3,FALSE) -> Malla Ciclónica Para Gaviones Galvanizada Y Plastificada Con Pvc Cal 12 (2M3) | J51: =VLOOKUP(A51,[65]MATERIALES!A6:D643,2,FALSE) -> u | K51: 0.5 | M51: =VLOOKUP(A51,[65]MATERIALES!A6:D399,4,FALSE) -> 94279.207 | N51: =K51*M51 -> 47139.604
B55: SUBTOTAL $ | N55: =SUM(N48:N54) -> 110140.07
B57: III. TRANSPORTES
B59: MATERIAL | H59: UNIDAD | I59: CANTIDAD (1) | J59: DISTANCIA (2) | K59: (1) * (2) | L59: TARIFA | N59: Vr. UNITARIO
A60: T0010094 | B60: =VLOOKUP(A60,[65]TRANSPORTE!A1:D117,3,FALSE) -> Transporte de piedra para gaviones | H60: m3/km | I60: 1.1 | J60: 70 | K60: =I60*J60 -> 77 | L60: =VLOOKUP(A60,[65]TRANSPORTE!A1:D117,4,FALSE) -> 881.02273 | N60: =K60*L60 -> 67838.75
B66: SUBTOTAL $ | N66: =N60+N61+N62+N63+N64 -> 67838.75
B68: IV. MANO DE OBRA
B70: TRABAJADOR | I70: JORNAL | J70: PRESTACIONES (%) | K70: JORNAL TOTAL | L70: RENDIMIENTO | N70: Vr. UNITARIO
A71: A0030040 | B71: =VLOOKUP(A71,'[65]MANO DE OBRA'!A8:D68,3,FALSE) -> Obrero (4) | I71: =K71/J71*100 -> 98362.267 | J71: 185 | K71: =VLOOKUP(A71,'[65]MANO DE OBRA'!A8:D99,4,FALSE) -> 181970.19 | M71: 20 | N71: =K71/M71 -> 9098.5097
A72: A0040010 | B72: =VLOOKUP(A72,'[65]MANO DE OBRA'!A8:D69,3,FALSE) -> Oficial | I72: =K72/J72*100 -> 49181.133 | J72: 185 | K72: =VLOOKUP(A72,'[65]MANO DE OBRA'!A8:D100,4,FALSE) -> 90985.097 | M72: 20 | N72: =K72/M72 -> 4549.2548
B77: SUBTOTAL $ | N77: =SUM(N71:N76) -> 13647.765
B79: TOTAL COSTO DIRECTO $ | N79: =N43+N55+N66+N77 -> 192308.97
B81: V. COSTOS INDIRECTOS
B83: Descripción | K83: Porcentaje | L83: Valor Total
B84: ADMINISTRACION | K84: 0.2 | L84: =N79*K84 -> 38461.794
B85: IMPREVISTOS | K85: 0.05 | L85: =N79*K85 -> 9615.4486
B86: UTILIDAD | K86: 0.05 | L86: =N79*K86 -> 9615.4486
B87: SUBTOTAL $ | N87: =L84+L85+L86 -> 57692.692
A89: PFinal01 | B89: Precio Unitario Total Aproximado al Peso $ | N89: =ROUND(N79+N87,0) -> 250002
E94: Firma
E95: Nombre:
E96: Representante Legal del Contratista o su Apoderado
E97: Matricula No. :
B99: OBSERVACIONES INTERVENTORÍA:
B105: APROBACIÓN POR INTERVENTORÍA
B106: Nota 1: Cuando se trate de Análisis de precios unitarios correspondientes a ítems de la propuesta económica aprobada, el Interventor aprueba el desglose de los componentes manteniendo el mismo precio unitario de cada ítem, cumpliendo con las especificaciones de construcción vigentes para el proyecto.
B108: Nota 2: Cuando se trate de Análisis de precios unitarios de ítems no previstos, el Interventor aprueba el desglose y precio unitario de cada ítem no previsto, exigiendo la aplicación de los costos correspondientes a insumos y tarifas de la propuesta económica inicial cuando estén contemplados, cumpliendo con las especificaciones de construcción vigente para el proyecto.
E114: Firma
E115: Nombre:
E116: Representante Legal del Interventor o su Apoderado
E117: Matricula No. :
B119: Original: Archivo de Gestión del Contrato (Subdirección Administrativa).
B120: Copias: Unidad Ejecutora, Contratista, Interventor y Dirección Territorial.

Sheet 900.2
K1: CÓDIGO | L1: MINFRA-MN-IN-10-FR-1
C2: INSTITUTO NACIONAL DE VIAS
C3: PROCESO GESTIÓN DE LA INFRAESTRUCTURA VIAL | K3: VERSIÓN | L3: 1
C4: MANUAL DE INTERVENTORÍA OBRA PÚBLICA
C5: ANÁLISIS DE PRECIOS UNITARIOS | K5: PÁGINA | M5: DE
K8: FECHA
L9: (Día) | M9: (Mes) | N9: (Año)
B10: ITEMS DE LA PROPUESTA ECONÓMICA | F10: □ | I10: ITEMS NO PREVISTOS | K10: □
B11: UNIDAD EJECUTORA: | J11: DIRECCIÓN TERRITORIAL:
B14: CONTRATO No. | D14: DE
B15: OBJETO DEL CONTRATO:
C16: ATENCION OBRAS DE EMERGENCIA POR EL SISTEMA DE MONTO AGOTABLE EN LAS VÍAS A CARGO DE LA DIRECCION TERRITORIAL CUNDINAMARCA DEL INVIAS, DEPARTAMENTO DE CUNDINAMARCA
B18: CARRETERA: | J18: SECTOR:
B20: CONTRATISTA:
B22: INTERVENTOR: | K22: CTO No.: | M22: DE
B24: FECHA CIERRE PROCESO DE SELECCIÓN CONTRATO DE OBRA:
F25: (Día) | I25: (Mes) | J25: (Año)
B27: DATOS ESPECÍFICOS
B29: ITEM | C29: DESCRIPCIÓN | K29: GRUPO DE AJUSTE | L29: UNIDAD | N29: CANTIDAD
B30: ITEM | C30: DESCRIPCIÓN | L30: UNIDAD | N30: CANTIDAD
A31: Unidad | B31: 900.2 | C31: Transporte de Materiales Provenientes de la Excavación de la Explanación, Canales y Préstamos para distancias mayores de mil metros (1.000 m) Medidos a partir de cien metros (100 m). | L31: m3/km
B33: I. EQUIPO
B35: DESCRIPCIÓN | I35: TIPO | K35: TARIFA/HORA | L35: RENDIMIENTO | N35: Vr. UNITARIO
A36: C0010960 | B36: =VLOOKUP(A36,[65]EQUIPOS!A6:D154,3,FALSE) -> Volqueta 6 m3 | K36: =VLOOKUP(A36,[65]EQUIPOS!A6:D161,4,FALSE) -> 58147.5 | M36: 66 | N36: =K36/M36 -> 881.02273
B43: SUBTOTAL $ | N43: =SUM(N36:N42) -> 881.02273
B45: II. MATERIALES
B47: DESCRIPCIÓN | J47: UNIDAD | K47: CANTIDAD | L47: PRECIO UNIT. | N47: Vr. UNITARIO
B54: SUBTOTAL $
B56: III. TRANSPORTES
B58: MATERIAL | H58: UNIDAD | I58: CANTIDAD (1) | J58: DISTANCIA (2) | K58: (1) * (2) | L58: TARIFA | N58: Vr. UNITARIO
B65: SUBTOTAL $
B67: IV. MANO DE OBRA
B69: TRABAJADOR | I69: JORNAL | J69: PRESTACIONES (%) | K69: JORNAL TOTAL | L69: RENDIMIENTO | N69: Vr. UNITARIO
B76: SUBTOTAL $
B78: TOTAL COSTO DIRECTO $ | N78: =N43+N54+N65+N76 -> 881.02273
B80: V. COSTOS INDIRECTOS
B82: Descripción | K82: Porcentaje | L82: Valor Total
B83: ADMINISTRACION | K83: 0.2 | L83: =N78*K83 -> 176.20455
B84: IMPREVISTOS | K84: 0.05 | L84: =N78*K84 -> 44.051136
B85: UTILIDAD | K85: 0.05 | L85: =N78*K85 -> 44.051136
B86: SUBTOTAL $ | N86: =L83+L84+L85 -> 264.30682
A88: PFinal01 | B88: Precio Unitario Total Aproximado al Peso $ | N88: =ROUND(N78+N86,0) -> 1145
E93: Firma
E94: Nombre:
E95: Representante Legal del Contratista o su Apoderado
E96: Matricula No. :
B98: OBSERVACIONES INTERVENTORÍA:
B104: APROBACIÓN POR INTERVENTORÍA
B105: Nota 1: Cuando se trate de Análisis de precios unitarios correspondientes a ítems de la propuesta económica aprobada, el Interventor aprueba el desglose de los componentes manteniendo el mismo precio unitario de cada ítem, cumpliendo con las especificaciones de construcción vigentes para el proyecto.
B107: Nota 2: Cuando se trate de Análisis de precios unitarios de ítems no previstos, el Interventor aprueba el desglose y precio unitario de cada ítem no previsto, exigiendo la aplicación de los costos correspondientes a insumos y tarifas de la propuesta económica inicial cuando estén contemplados, cumpliendo con las especificaciones de construcción vigente para el proyecto.
E113: Firma
E114: Nombre:
E115: Representante Legal del Interventor o su Apoderado
E116: Matricula No. :
B118: Original: Archivo de Gestión del Contrato (Subdirección Administrativa).
B119: Copias: Unidad Ejecutora, Contratista, Interventor y Dirección Territorial.

Sheet 900.3
K1: CÓDIGO | L1: MINFRA-MN-IN-10-FR-1
C2: INSTITUTO NACIONAL DE VIAS
C3: PROCESO GESTIÓN DE LA INFRAESTRUCTURA VIAL | K3: VERSIÓN | L3: 1
C4: MANUAL DE INTERVENTORÍA OBRA PÚBLICA
C5: ANÁLISIS DE PRECIOS UNITARIOS | K5: PÁGINA | M5: DE
K8: FECHA
L9: (Día) | M9: (Mes) | N9: (Año)
B10: ITEMS DE LA PROPUESTA ECONÓMICA | F10: □ | I10: ITEMS NO PREVISTOS | K10: □
B11: UNIDAD EJECUTORA: | J11: DIRECCIÓN TERRITORIAL:
B14: CONTRATO No. | D14: DE
B15: OBJETO DEL CONTRATO:
C16: ATENCION OBRAS DE EMERGENCIA POR EL SISTEMA DE MONTO AGOTABLE EN LAS VÍAS A CARGO DE LA DIRECCION TERRITORIAL CUNDINAMARCA DEL INVIAS, DEPARTAMENTO DE CUNDINAMARCA
B18: CARRETERA: | J18: SECTOR:
B20: CONTRATISTA:
B22: INTERVENTOR: | K22: CTO No.: | M22: DE
B24: FECHA CIERRE PROCESO DE SELECCIÓN CONTRATO DE OBRA:
F25: (Día) | I25: (Mes) | J25: (Año)
B27: DATOS ESPECÍFICOS
B29: ITEM | C29: DESCRIPCIÓN | K29: GRUPO DE AJUSTE | L29: UNIDAD | N29: CANTIDAD
B30: ITEM | C30: DESCRIPCIÓN | L30: UNIDAD | N30: CANTIDAD
A31: Unidad | B31: 900.3 | C31: Transporte de Materiales Provenientes de Derrumbes, medido a partir de cien metros (100 m) | L31: m3/km
B33: I. EQUIPO
B35: DESCRIPCIÓN | I35: TIPO | K35: TARIFA/HORA | L35: RENDIMIENTO | N35: Vr. UNITARIO
A36: C0010960 | B36: =VLOOKUP(A36,[65]EQUIPOS!A6:D154,3,FALSE) -> Volqueta 6 m3 | K36: =VLOOKUP(A36,[65]EQUIPOS!A6:D161,4,FALSE) -> 58147.5 | M36: 66 | N36: =K36/M36 -> 881.02273
B43: SUBTOTAL $ | N43: =SUM(N36:N42) -> 881.02273
B45: II. MATERIALES
B47: DESCRIPCIÓN | J47: UNIDAD | K47: CANTIDAD | L47: PRECIO UNIT. | N47: Vr. UNITARIO
B54: SUBTOTAL $
B56: III. TRANSPORTES
B58: MATERIAL | H58: UNIDAD | I58: CANTIDAD (1) | J58: DISTANCIA (2) | K58: (1) * (2) | L58: TARIFA | N58: Vr. UNITARIO
B65: SUBTOTAL $
B67: IV. MANO DE OBRA
B69: TRABAJADOR | I69: JORNAL | J69: PRESTACIONES (%) | K69: JORNAL TOTAL | L69: RENDIMIENTO | N69: Vr. UNITARIO
B76: SUBTOTAL $
B78: TOTAL COSTO DIRECTO $ | N78: =N43+N54+N65+N76 -> 881.02273
B80: V. COSTOS INDIRECTOS
B82: Descripción | K82: Porcentaje | L82: Valor Total
B83: ADMINISTRACION | K83: 0.2 | L83: =N78*K83 -> 176.20455
B84: IMPREVISTOS | K84: 0.05 | L84: =N78*K84 -> 44.051136
B85: UTILIDAD | K85: 0.05 | L85: =N78*K85 -> 44.051136
B86: SUBTOTAL $ | N86: =L83+L84+L85 -> 264.30682
A88: PFinal01 | B88: Precio Unitario Total Aproximado al Peso $ | N88: =ROUND(N78+N86,0) -> 1145
E93: Firma
E94: Nombre:
E95: Representante Legal del Contratista o su Apoderado
E96: Matricula No. :
B98: OBSERVACIONES INTERVENTORÍA:
B104: APROBACIÓN POR INTERVENTORÍA
B105: Nota 1: Cuando se trate de Análisis de precios unitarios correspondientes a ítems de la propuesta económica aprobada, el Interventor aprueba el desglose de los componentes manteniendo el mismo precio unitario de cada ítem, cumpliendo con las especificaciones de construcción vigentes para el proyecto.
B107: Nota 2: Cuando se trate de Análisis de precios unitarios de ítems no previstos, el Interventor aprueba el desglose y precio unitario de cada ítem no previsto, exigiendo la aplicación de los costos correspondientes a insumos y tarifas de la propuesta económica inicial cuando estén contemplados, cumpliendo con las especificaciones de construcción vigente para el proyecto.
E113: Firma
E114: Nombre:
E115: Representante Legal del Interventor o su Apoderado
E116: Matricula No. :
B118: Original: Archivo de Gestión del Contrato (Subdirección Administrativa).
B119: Copias: Unidad Ejecutora, Contratista, Interventor y Dirección Territorial.

Sheet PRESUPUESTO OBRA
A1: INSTITUTO NACIONAL DE VIAS
A3: DIRECCIÓN TERRITORIAL CUNDINAMARCA
A5: ATENCION OBRAS DE EMERGENCIA POR EL SISTEMA DE MONTO AGOTABLE EN LAS VÍAS A CARGO DE LA DIRECCION TERRITORIAL CUNDINAMARCA DEL INVIAS, DEPARTAMENTO DE CUNDINAMARCA
A6: Formulario No. 1 Presupuesto Oficial SA-MC-DT-CUN-009-2018
A8: No | B8: ITEM DE PAGO | C8: ESPECIFICACIONES | F8: DESCRIPCION | G8: UNID | I8: VALOR UNITARIO | J8: VALOR TOTAL
C9: ESPECIFICACIÓN GENERAL 2013 | D9: ESPECIFICACIÓN PARTICULAR | E9: Código CIUU | H9: CANTIDAD
A11: I - EXPLANACIONES | J11: =ROUND((SUM(J12:J14)),0) -> 94147172
A12: 1 | B12: 201.7 | C12: 201-13 | F12: DEMOLICION DE ESTRUCTURAS | G12: M3 | H12: 10 | I12: =+'201.7'!N88 -> 104369 | J12: =+I12*H12 -> 1043690
A13: 2 | B13: 201.15 | C13: 201-13 | F13: REMOCION DE ALCANTARILLAS | G13: ML | H13: 24 | I13: =+'201.15'!N88 -> 72629 | J13: =+I13*H13 -> 1743096
A14: 3 | B14: 211.1 | C14: 201-13 | F14: REMOCION DE DERRUMBES INCLUYE DISPOSICION FINAL | G14: M3 | H14: 9126 | I14: =+'211.1'!N88 -> 10011 | J14: =+I14*H14 -> 91360386
A15: II - SUBBASES, BASES Y AFIRMADOS | J15: =ROUND((SUM(J16:J19)),0) -> 43292150
A16: 4 | B16: 310.1 | C16: 310-13 | F16: CONFORMACION DE LA CALZADA EXISTENTE | G16: M2 | H16: 4000 | I16: =+'310.1'!N87 -> 957 | J16: =+I16*H16 -> 3828000
A17: 5 | B17: 311.1 | C17: 311-13 | F17: AFIRMADO | G17: M3 | H17: 150 | I17: =+'311.1'!N87 -> 121979 | J17: =+I17*H17 -> 18296850
A18: 6 | B18: 320.1 | C18: 320-13 | F18: SUB-BASE GRANULAR CLASE A | G18: M3 | H18: 50 | I18: =+'320.1'!N88 -> 198578 | J18: =+I18*H18 -> 9928900
A19: 7 | B19: 330.1 | C19: 330-13 | F19: BASE GRANULAR CLASE A | G19: M3 | H19: 50 | I19: =+'330.1'!N88 -> 224768 | J19: =+I19*H19 -> 11238400
A20: III - PAVIMENTOS ASFALTICOS | J20: =ROUND((SUM(J21:J21)),0) -> 0
J21: =+I21*H21 -> 0
J22: =ROUND((SUM(J23:J37)),0) -> 239627219
A23: 8 | B23: 600.2.1 | C23: 600-13 | F23: EXCAVACIONES VARIAS EN ROCA EN SECO | G23: M3 | H23: 80 | I23: =+'600.2.1'!N88 -> 92837 | J23: =+I23*H23 -> 7426960
A24: 9 | B24: 600.2.2 | C24: 600-13 | F24: EXCAVACIONES VARIAS EN ROCA BAJO AGUA | G24: M3 | H24: 80 | I24: =+'600.2.2'!N90 -> 130107 | J24: =+I24*H24 -> 10408560
A25: 10 | B25: 600.2.3 | C25: 600-13 | F25: EXCAVACIONES VARIAS EN MATERIAL COMUN EN SECO | G25: M3 | H25: 300 | I25: =+'600.2.3'!N89 -> 29202 | J25: =+I25*H25 -> 8760600
A26: 11 | B26: 600.2.4 | C26: 600-13 | F26: EXCAVACIONES VARIAS EN MATERIAL COMUN BAJO AGUA | G26: M3 | H26: 50 | I26: =+'600.2.4'!N88 -> 34896 | J26: =+I26*H26 -> 1744800
A27: 12 | B27: 610.2 | C27: 610-13 | F27: RELLENO PARA ESTRUCTURAS CON RECEBO | G27: M3 | H27: 200 | I27: =+'610.2'!N89 -> 159565.48 | J27: =+I27*H27 -> 31913096
A28: 13 | B28: 610.5 | C28: 610-13 | F28: RELLENO PARA ESTRUCTURAS CON MATERIAL FILTRANTE | G28: M3 | H28: 50 | I28: =+'610.5'!N89 -> 198059.3 | J28: =+I28*H28 -> 9902964.9
A29: 14 | B29: 630.4 | C29: 630-13 | F29: CONCRETO CLASE D (210 K/cm2), 21 Mpa, 3000 PSI) | G29: M3 | H29: 75 | I29: =+'630.4'!N89 -> 712180 | J29: =+I29*H29 -> 53413500
A30: 15 | B30: 630.5 | C30: 630-13 | F30: CONCRETO CLASE E (175 K/cm2, 17,5 Mpa, 2500 PSI) | G30: M3 | H30: 10 | I30: =+'630.5'!N93 -> 554618.7 | J30: =+I30*H30 -> 5546187
A31: 16 | B31: 630.6 | C31: 630-13 | F31: CONCRETO CLASE F (140 k/cm2, 14 Mpa, 2000 PSI) | G31: M3 | H31: 10 | I31: =+'630.6'!N93 -> 490500 | J31: =+I31*H31 -> 4905000
A32: 17 | B32: 630.7 | C32: 630-13 | F32: CONCRETO CLASE G (140 k/cm2, 14 Mpa, 2000 PSI) | G32: M3 | H32: 10 | I32: =+'630.7'!N93 -> 362607.95 | J32: =+I32*H32 -> 3626079.5
A33: 18 | B33: 640.1 | C33: 640-13 | F33: ACERO REFUERZO FY 4200 MPA. | G33: KG | H33: =+H29*70 -> 5250 | I33: =+'640.1'!N90 -> 5646 | J33: =+I33*H33 -> 29641500
A34: 19 | B34: 661.1 | C34: 661-13 | F34: TUBERIA EN CONCRETO CLASE D REFORZADO DE DIAMETRO 90 CM | G34: M | H34: 24 | I34: =+'661.1'!N87 -> 562414 | J34: =+I34*H34 -> 13497936
A35: 20 | B35: 671.3 | C35: 671-13 | F35: CUNETAS DE CONCRETO VACIADA IN SITU; INCLUYE LA CONFORMACIÓN DE LA SUPERFICIE DE APOYO | G35: M3 | H35: 20 | I35: =+'671.3'!N87 -> 708939.82 | J35: =+I35*H35 -> 14178796
A36: 21 | B36: 673.1.1 | C36: 673-13 | F36: GEOTEXTIL NO TEJIDO TIPO NT-2500 o similar | G36: M2 | H36: 300 | I36: =+'673.1.1'!N87 -> 7203 | J36: =+I36*H36 -> 2160900
A37: 22 | B37: 681.1 | C37: 681-13 | F37: GAVIONES DE MALLA DE ALAMBRE DE ACERO ENTRELAZADO CLASE 1: RECUBRIMIENTO DE ZINC (GALVANIZADO) | G37: M3 | H37: 170 | I37: =+'681.3'!N89 -> 250002 | J37: =+I37*H37 -> 42500340
A38: VI- SEÑALIZACION Y SEGURIDAD | J38: =ROUND((SUM(J39:J39)),0) -> 0
J39: =+I39*H39 -> 0
A40: VIII - TRANSPORTE DE MATERIALES | J40: =ROUND((SUM(J41:J42)),0) -> 104847650
A41: 35 | B41: 900.2 | C41: 900-13 | F41: TRANSPORTE DE MATERIALES PROVENIENTES DE LA EXCAVACIÓN DE LA EXPLANACIÓN, CANALES Y PRÉSTAMOS PARA DISTANCIAS MAYORES DE MIL METROS (1.000 m) | G41: M3-KM | H41: 310 | I41: =+'900.2'!N88 -> 1145 | J41: =+I41*H41 -> 354950
A42: 36 | B42: 900.3 | C42: 900-13 | F42: TRANSPORTE DE MATERIALES PROVENIENTES DE DERRUMBES | G42: M3-KM | H42: =+H14*10 -> 91260 | I42: =+'900.3'!N88 -> 1145 | J42: =+I42*H42 -> 104492700
C44: SUBTOTAL OBRAS | J44: =ROUND((J40+J38+J22+J20+J15+J11),0) -> 481914191
A45: PROVISIÓN PARA AJUSTES, OBRAS COMPLEMENTARIAS Y/O ADICIONALES, (INCLUYE OBRAS AMBIENTALES DEL PAGA) | I45: NO MODIFICAR | J45: =ROUND(+J44*0.02,0) -> 9638284
A46: PROVISION PARA JORNADAS DE TRABAJO 24 HORAS DIARIAS 7 DIAS DE LA SEMANA | J46: 4819883
A47: VALOR TOTAL BÁSICO DE OBRAS | J47: =+J44+J45+J46 -> 496372358
A48: VALOR IVA (OBRA) | J48: =ROUND((+J47/(1+J59)*J58*0.19),0) -> 3627336
A49: SUBTOTAL OBRAS (INCLUYE IVA) | J49: =+J48+J47 -> 499999694
A50: 37 | B50: 6P | C50: ACTUALIZACION Y/O ELABORACIÓN DE CALCULOS ESTRUCTURALES PARA EL MEJORAMIENTO DE LA CARRETERA | I50: NO MODIFICAR | J50: 0
C51: IVA ACTUALIZACION Y/O ELABORACIÓN DE CALCULOS ESTRUCTURALES PARA EL MEJORAMIENTO DE LA CARRETERA | J51: =+J50*0.19 -> 0
C52: TOTAL ACTUALIZACION Y/O ELABORACIÓN DE CALCULOS ESTRUCTURALES PARA EL MEJORAMIENTO DE LA CARRETERA | J52: =+J50+J51 -> 0
A53: VALOR TOTAL DEL CONTRATO | J53: =+J52+J49 -> 499999694
G55: DESCRIPCION | J55: PORCENTAJE
G56: ADMINISTRACION | I56: A= | J56: 0.2
G57: IMPREVISTO | I57: I= | J57: 0.05
G58: UTILIDAD | I58: U= | J58: 0.05
G59: TOTAL A.I.U | I59: A.I.U.= | J59: =+SUM(J56:J58) -> 0.3

Sheet PROPUESTA ECONOMICA
A1: INSTITUTO NACIONAL DE VIAS
A3: DIRECCIÓN TERRITORIAL CUNDINAMARCA
A5: ATENCION OBRAS DE EMERGENCIA POR EL SISTEMA DE MONTO AGOTABLE EN LAS VÍAS A CARGO DE LA DIRECCION TERRITORIAL CUNDINAMARCA DEL INVIAS, DEPARTAMENTO DE CUNDINAMARCA
A6: PROPUESTA ECONOMICA SA-MC-DT-CUN-009-2018
A8: No | B8: ITEM DE PAGO | C8: ESPECIFICACIONES | F8: DESCRIPCION | G8: UNID | I8: VALOR UNITARIO | J8: VALOR TOTAL
C9: ESPECIFICACIÓN GENERAL 2013 | D9: ESPECIFICACIÓN PARTICULAR | E9: Código CIUU | H9: CANTIDAD
A11: I - EXPLANACIONES | J11: =ROUND((SUM(J12:J14)),0) -> 0
A12: 1 | B12: 201.7 | C12: 201-13 | F12: DEMOLICION DE ESTRUCTURAS | G12: M3 | H12: 10 | J12: =+I12*H12 -> 0
A13: 2 | B13: 201.15 | C13: 201-13 | F13: REMOCION DE ALCANTARILLAS | G13: ML | H13: 24 | J13: =+I13*H13 -> 0
A14: 3 | B14: 211.1 | C14: 201-13 | F14: REMOCION DE DERRUMBES INCLUYE DISPOSICION FINAL | G14: M3 | H14: 9126 | J14: =+I14*H14 -> 0
A15: II - SUBBASES, BASES Y AFIRMADOS | J15: =ROUND((SUM(J16:J19)),0) -> 0
A16: 4 | B16: 310.1 | C16: 310-13 | F16: CONFORMACION DE LA CALZADA EXISTENTE | G16: M2 | H16: 4000 | J16: =+I16*H16 -> 0
A17: 5 | B17: 311.1 | C17: 311-13 | F17: AFIRMADO | G17: M3 | H17: 150 | J17: =+I17*H17 -> 0
A18: 6 | B18: 320.1 | C18: 320-13 | F18: SUB-BASE GRANULAR CLASE A | G18: M3 | H18: 50 | J18: =+I18*H18 -> 0
A19: 7 | B19: 330.1 | C19: 330-13 | F19: BASE GRANULAR CLASE A | G19: M3 | H19: 50 | J19: =+I19*H19 -> 0
A20: III - PAVIMENTOS ASFALTICOS | J20: =ROUND((SUM(J21:J21)),0) -> 0
J21: =+I21*H21 -> 0
J22: =ROUND((SUM(J23:J37)),0) -> 0
A23: 8 | B23: 600.2.1 | C23: 600-13 | F23: EXCAVACIONES VARIAS EN ROCA EN SECO | G23: M3 | H23: 80 | J23: =+I23*H23 -> 0
A24: 9 | B24: 600.2.2 | C24: 600-13 | F24: EXCAVACIONES VARIAS EN ROCA BAJO AGUA | G24: M3 | H24: 80 | J24: =+I24*H24 -> 0
A25: 10 | B25: 600.2.3 | C25: 600-13 | F25: EXCAVACIONES VARIAS EN MATERIAL COMUN EN SECO | G25: M3 | H25: 300 | J25: =+I25*H25 -> 0
A26: 11 | B26: 600.2.4 | C26: 600-13 | F26: EXCAVACIONES VARIAS EN MATERIAL COMUN BAJO AGUA | G26: M3 | H26: 50 | J26: =+I26*H26 -> 0
A27: 12 | B27: 610.2 | C27: 610-13 | F27: RELLENO PARA ESTRUCTURAS CON RECEBO | G27: M3 | H27: 200 | J27: =+I27*H27 -> 0
A28: 13 | B28: 610.5 | C28: 610-13 | F28: RELLENO PARA ESTRUCTURAS CON MATERIAL FILTRANTE | G28: M3 | H28: 50 | J28: =+I28*H28 -> 0
A29: 14 | B29: 630.4 | C29: 630-13 | F29: CONCRETO CLASE D (210 K/cm2), 21 Mpa, 3000 PSI) | G29: M3 | H29: 75 | J29: =+I29*H29 -> 0
A30: 15 | B30: 630.5 | C30: 630-13 | F30: CONCRETO CLASE E (175 K/cm2, 17,5 Mpa, 2500 PSI) | G30: M3 | H30: 10 | J30: =+I30*H30 -> 0
A31: 16 | B31: 630.6 | C31: 630-13 | F31: CONCRETO CLASE F (140 k/cm2, 14 Mpa, 2000 PSI) | G31: M3 | H31: 10 | J31: =+I31*H31 -> 0
A32: 17 | B32: 630.7 | C32: 630-13 | F32: CONCRETO CLASE G (140 k/cm2, 14 Mpa, 2000 PSI) | G32: M3 | H32: 10 | J32: =+I32*H32 -> 0
A33: 18 | B33: 640.1 | C33: 640-13 | F33: ACERO REFUERZO FY 4200 MPA. | G33: KG | H33: =+H29*70 -> 5250 | J33: =+I33*H33 -> 0
A34: 19 | B34: 661.1 | C34: 661-13 | F34: TUBERIA EN CONCRETO CLASE D REFORZADO DE DIAMETRO 90 CM | G34: M | H34: 24 | J34: =+I34*H34 -> 0
A35: 20 | B35: 671.3 | C35: 671-13 | F35: CUNETAS DE CONCRETO VACIADA IN SITU; INCLUYE LA CONFORMACIÓN DE LA SUPERFICIE DE APOYO | G35: M3 | H35: 20 | J35: =+I35*H35 -> 0
A36: 21 | B36: 673.1.1 | C36: 673-13 | F36: GEOTEXTIL NO TEJIDO TIPO NT-2500 o similar | G36: M2 | H36: 300 | J36: =+I36*H36 -> 0
A37: 22 | B37: 681.1 | C37: 681-13 | F37: GAVIONES DE MALLA DE ALAMBRE DE ACERO ENTRELAZADO CLASE 1: RECUBRIMIENTO DE ZINC (GALVANIZADO) | G37: M3 | H37: 170 | J37: =+I37*H37 -> 0
A38: VI- SEÑALIZACION Y SEGURIDAD | J38: =ROUND((SUM(J39:J39)),0) -> 0
J39: =+I39*H39 -> 0
A40: VIII - TRANSPORTE DE MATERIALES | J40: =ROUND((SUM(J41:J42)),0) -> 0
A41: 35 | B41: 900.2 | C41: 900-13 | F41: TRANSPORTE DE MATERIALES PROVENIENTES DE LA EXCAVACIÓN DE LA EXPLANACIÓN, CANALES Y PRÉSTAMOS PARA DISTANCIAS MAYORES DE MIL METROS (1.000 m) | G41: M3-KM | H41: 310 | J41: =+I41*H41 -> 0
A42: 36 | B42: 900.3 | C42: 900-13 | F42: TRANSPORTE DE MATERIALES PROVENIENTES DE DERRUMBES | G42: M3-KM | H42: =+H14*10 -> 91260 | J42: =+I42*H42 -> 0
C44: SUBTOTAL OBRAS | J44: =ROUND((J40+J38+J22+J20+J15+J11),0) -> 0
A45: PROVISIÓN PARA AJUSTES, OBRAS COMPLEMENTARIAS Y/O ADICIONALES, (INCLUYE OBRAS AMBIENTALES DEL PAGA) | I45: NO MODIFICAR | J45: 9617410
A46: PROVISION PARA JORNADAS DE TRABAJO 24 HORAS DIARIAS 7 DIAS DE LA SEMANA | J46: 4819883
A47: VALOR TOTAL BÁSICO DE OBRAS | J47: =+J44+J45+J46 -> 14437293
A48: VALOR IVA (OBRA) | J48: =ROUND((+J47/(1+J59)*J58*0.19),0) -> 0
A49: SUBTOTAL OBRAS (INCLUYE IVA) | J49: =+J48+J47 -> 14437293
A50: 37 | B50: 6P | C50: ACTUALIZACION Y/O ELABORACIÓN DE CALCULOS ESTRUCTURALES PARA EL MEJORAMIENTO DE LA CARRETERA | I50: NO MODIFICAR | J50: 0
C51: IVA ACTUALIZACION Y/O ELABORACIÓN DE CALCULOS ESTRUCTURALES PARA EL MEJORAMIENTO DE LA CARRETERA | J51: =+J50*0.19 -> 0
C52: TOTAL ACTUALIZACION Y/O ELABORACIÓN DE CALCULOS ESTRUCTURALES PARA EL MEJORAMIENTO DE LA CARRETERA | J52: =+J50+J51 -> 0
A53: VALOR TOTAL DEL CONTRATO | J53: =+J52+J49 -> 14437293
G55: DESCRIPCION | J55: PORCENTAJE
G56: ADMINISTRACION | I56: A=
G57: IMPREVISTO | I57: I=
G58: UTILIDAD | I58: U=
G59: TOTAL A.I.U | I59: A.I.U.=
A61: VALOR TOTAL DE LA PROPUESTA | J61: $
A62: VALOR EN LETRAS:
A64: NOMBRE DEL PROPONENTE: ______________________________________ | E64: REPRESENTANTE LEGAL (nombre y firma):_________________________
A66: FECHA:
